Workbook
Name SAPCrosstab1: 'Überleitung SV Sonstige'!$I$7:$K$195
Name SAPCrosstab10: VMRD!$A$1:$AJ$971
Name SAPCrosstab11: MBLVJ!$A$1:$BP$971
Name SAPCrosstab12: VMBLVJ!$A$1:$BP$971
Name SAPCrosstab13: MRDVJ!$A$1:$AJ$971
Name SAPCrosstab14: VMRDVJ!$A$1:$AJ$971
Name SAPCrosstab2: 'Überleitung SV Sonstige'!$L$7:$N$195
Name SAPCrosstab3: 'HA&VS'!$A$1:$D$971
Name SAPCrosstab7: MBL!$A$1:$BP$971
Name SAPCrosstab8: VMBL!$A$1:$BP$971
Name SAPCrosstab9: MRD!$A$1:$AJ$971

Sheet _com.sap.ip.bi.xl.hiddensheet

Sheet ANBA-SGB III(Bildsch.optmiert)
A4: Finanzentwicklung im Beitragshaushalt SGB III
A5: in Euro (Einnahmen werden mit negativen Vorzeichen dargestellt)
A6: =VLOOKUP(Regionen_Steuerung!E1,Regionen_Steuerung!A1:B23,2,FALSE) -> Deutschland
A7: Berichtsmonat Februar 2026
A8: 46083
B10: Ist-Ergebnisse
A11: Haushaltspositionen | B11: Aktueller Monat | C11: Vorjahresmonat | D11: Jahresfort-schrittswert | E11: Jahresfort-schrittswert Vorjahr
A13: Einnahmen | B13: =IF($A$6="Deutschland",INDEX(Überleitung!$AE$8:$BF$106,MATCH(A13,Überleitung!$A$8:$A$106,0),MATCH($A$6,Überleitung!$AE$7:$BF$7,0)),"") -> -3.8623271e+09 | C13: =IF($A$6="Deutschland",INDEX(Überleitung!$CI$8:$DJ$106,MATCH(A13,Überleitung!$A$8:$A$106,0),MATCH($A$6,Überleitung!$CI$7:$DJ$7,0)),"") -> -3.7775052e+09 | D13: =IF($A$6="Deutschland",INDEX(Überleitung!$C$8:$AD$106,MATCH(A13,Überleitung!$A$8:$A$106,0),MATCH($A$6,Überleitung!$C$7:$AD$7,0)),"") -> -7.6932795e+09 | E13: =IF($A$6="Deutschland",INDEX(Überleitung!$BG$8:$CH$106,MATCH(A13,Überleitung!$A$8:$A$106,0),MATCH($A$6,Überleitung!$BG$7:$CH$7,0)),"") -> -7.4090904e+09
A14: Beiträge | B14: =IF($A$6="Deutschland",INDEX(Überleitung!$AE$8:$BF$106,MATCH(A14,Überleitung!$A$8:$A$106,0),MATCH($A$6,Überleitung!$AE$7:$BF$7,0)),"") -> -3.2231524e+09 | C14: =IF($A$6="Deutschland",INDEX(Überleitung!$CI$8:$DJ$106,MATCH(A14,Überleitung!$A$8:$A$106,0),MATCH($A$6,Überleitung!$CI$7:$DJ$7,0)),"") -> -3.1563703e+09 | D14: =IF($A$6="Deutschland",INDEX(Überleitung!$C$8:$AD$106,MATCH(A14,Überleitung!$A$8:$A$106,0),MATCH($A$6,Überleitung!$C$7:$AD$7,0)),"") -> -6.4709754e+09 | E14: =IF($A$6="Deutschland",INDEX(Überleitung!$BG$8:$CH$106,MATCH(A14,Überleitung!$A$8:$A$106,0),MATCH($A$6,Überleitung!$BG$7:$CH$7,0)),"") -> -6.2770681e+09
A15: Verwaltungskostenerstattungen SGB II | B15: =IF($A$6="Deutschland",INDEX(Überleitung!$AE$8:$BF$106,MATCH(A15,Überleitung!$A$8:$A$106,0),MATCH($A$6,Überleitung!$AE$7:$BF$7,0)),"") -> -3.3667814e+08 | C15: =IF($A$6="Deutschland",INDEX(Überleitung!$CI$8:$DJ$106,MATCH(A15,Überleitung!$A$8:$A$106,0),MATCH($A$6,Überleitung!$CI$7:$DJ$7,0)),"") -> -3.1603528e+08 | D15: =IF($A$6="Deutschland",INDEX(Überleitung!$C$8:$AD$106,MATCH(A15,Überleitung!$A$8:$A$106,0),MATCH($A$6,Überleitung!$C$7:$AD$7,0)),"") -> -6.3617718e+08 | E15: =IF($A$6="Deutschland",INDEX(Überleitung!$BG$8:$CH$106,MATCH(A15,Überleitung!$A$8:$A$106,0),MATCH($A$6,Überleitung!$BG$7:$CH$7,0)),"") -> -5.8836964e+08
A16: Erst. Vw.-kosten Kap. 6 vom Bund | B16: =IF($A$6="Deutschland",INDEX(Überleitung!$AE$8:$BF$106,MATCH(A16,Überleitung!$A$8:$A$106,0),MATCH($A$6,Überleitung!$AE$7:$BF$7,0)),"") -> -2.6595405e+08 | C16: =IF($A$6="Deutschland",INDEX(Überleitung!$CI$8:$DJ$106,MATCH(A16,Überleitung!$A$8:$A$106,0),MATCH($A$6,Überleitung!$CI$7:$DJ$7,0)),"") -> -2.5272668e+08 | D16: =IF($A$6="Deutschland",INDEX(Überleitung!$C$8:$AD$106,MATCH(A16,Überleitung!$A$8:$A$106,0),MATCH($A$6,Überleitung!$C$7:$AD$7,0)),"") -> -5.1900903e+08 | E16: =IF($A$6="Deutschland",INDEX(Überleitung!$BG$8:$CH$106,MATCH(A16,Überleitung!$A$8:$A$106,0),MATCH($A$6,Überleitung!$BG$7:$CH$7,0)),"") -> -4.8094036e+08
A17: Erst. Vw.-kosten Kap. 5 vom Bund und von den zkT | B17: =IF($A$6="Deutschland",INDEX(Überleitung!$AE$8:$BF$106,MATCH(A17,Überleitung!$A$8:$A$106,0),MATCH($A$6,Überleitung!$AE$7:$BF$7,0)),"") -> -70724092 | C17: =IF($A$6="Deutschland",INDEX(Überleitung!$CI$8:$DJ$106,MATCH(A17,Überleitung!$A$8:$A$106,0),MATCH($A$6,Überleitung!$CI$7:$DJ$7,0)),"") -> -63308595 | D17: =IF($A$6="Deutschland",INDEX(Überleitung!$C$8:$AD$106,MATCH(A17,Überleitung!$A$8:$A$106,0),MATCH($A$6,Überleitung!$C$7:$AD$7,0)),"") -> -1.1716815e+08 | E17: =IF($A$6="Deutschland",INDEX(Überleitung!$BG$8:$CH$106,MATCH(A17,Überleitung!$A$8:$A$106,0),MATCH($A$6,Überleitung!$BG$7:$CH$7,0)),"") -> -1.0742928e+08
A18: darunter: vom Bund | B18: =IF($A$6="Deutschland",INDEX(Überleitung!$AE$8:$BF$106,MATCH(A18,Überleitung!$A$8:$A$106,0),MATCH($A$6,Überleitung!$AE$7:$BF$7,0)),"") -> -70631425 | C18: =IF($A$6="Deutschland",INDEX(Überleitung!$CI$8:$DJ$106,MATCH(A18,Überleitung!$A$8:$A$106,0),MATCH($A$6,Überleitung!$CI$7:$DJ$7,0)),"") -> -63255358 | D18: =IF($A$6="Deutschland",INDEX(Überleitung!$C$8:$AD$106,MATCH(A18,Überleitung!$A$8:$A$106,0),MATCH($A$6,Überleitung!$C$7:$AD$7,0)),"") -> -1.1702632e+08 | E18: =IF($A$6="Deutschland",INDEX(Überleitung!$BG$8:$CH$106,MATCH(A18,Überleitung!$A$8:$A$106,0),MATCH($A$6,Überleitung!$BG$7:$CH$7,0)),"") -> -1.0731504e+08
A19: darunter: von den zkT | B19: =IF($A$6="Deutschland",INDEX(Überleitung!$AE$8:$BF$106,MATCH(A19,Überleitung!$A$8:$A$106,0),MATCH($A$6,Überleitung!$AE$7:$BF$7,0)),"") -> -92667.21 | C19: =IF($A$6="Deutschland",INDEX(Überleitung!$CI$8:$DJ$106,MATCH(A19,Überleitung!$A$8:$A$106,0),MATCH($A$6,Überleitung!$CI$7:$DJ$7,0)),"") -> -53237.63 | D19: =IF($A$6="Deutschland",INDEX(Überleitung!$C$8:$AD$106,MATCH(A19,Überleitung!$A$8:$A$106,0),MATCH($A$6,Überleitung!$C$7:$AD$7,0)),"") -> -141834.62 | E19: =IF($A$6="Deutschland",INDEX(Überleitung!$BG$8:$CH$106,MATCH(A19,Überleitung!$A$8:$A$106,0),MATCH($A$6,Überleitung!$BG$7:$CH$7,0)),"") -> -114238
A20: Winterbeschäftigungs-Umlage | B20: =IF($A$6="Deutschland",INDEX(Überleitung!$AE$8:$BF$106,MATCH(A20,Überleitung!$A$8:$A$106,0),MATCH($A$6,Überleitung!$AE$7:$BF$7,0)),"") -> -54772551 | C20: =IF($A$6="Deutschland",INDEX(Überleitung!$CI$8:$DJ$106,MATCH(A20,Überleitung!$A$8:$A$106,0),MATCH($A$6,Überleitung!$CI$7:$DJ$7,0)),"") -> -50106364 | D20: =IF($A$6="Deutschland",INDEX(Überleitung!$C$8:$AD$106,MATCH(A20,Überleitung!$A$8:$A$106,0),MATCH($A$6,Überleitung!$C$7:$AD$7,0)),"") -> -90298647 | E20: =IF($A$6="Deutschland",INDEX(Überleitung!$BG$8:$CH$106,MATCH(A20,Überleitung!$A$8:$A$106,0),MATCH($A$6,Überleitung!$BG$7:$CH$7,0)),"") -> -80877385
A21: Insolvenzgeld-Umlage | B21: =IF($A$6="Deutschland",INDEX(Überleitung!$AE$8:$BF$106,MATCH(A21,Überleitung!$A$8:$A$106,0),MATCH($A$6,Überleitung!$AE$7:$BF$7,0)),"") -> -1.6481662e+08 | C21: =IF($A$6="Deutschland",INDEX(Überleitung!$CI$8:$DJ$106,MATCH(A21,Überleitung!$A$8:$A$106,0),MATCH($A$6,Überleitung!$CI$7:$DJ$7,0)),"") -> -1.7102332e+08 | D21: =IF($A$6="Deutschland",INDEX(Überleitung!$C$8:$AD$106,MATCH(A21,Überleitung!$A$8:$A$106,0),MATCH($A$6,Überleitung!$C$7:$AD$7,0)),"") -> -3.3150524e+08 | E21: =IF($A$6="Deutschland",INDEX(Überleitung!$BG$8:$CH$106,MATCH(A21,Überleitung!$A$8:$A$106,0),MATCH($A$6,Überleitung!$BG$7:$CH$7,0)),"") -> -3.0547212e+08
A22: Erstattungen und Verwaltungseinnahmen | B22: =IF($A$6="Deutschland",INDEX(Überleitung!$AE$8:$BF$106,MATCH(A22,Überleitung!$A$8:$A$106,0),MATCH($A$6,Überleitung!$AE$7:$BF$7,0)),"") -> -82907368 | C22: =IF($A$6="Deutschland",INDEX(Überleitung!$CI$8:$DJ$106,MATCH(A22,Überleitung!$A$8:$A$106,0),MATCH($A$6,Überleitung!$CI$7:$DJ$7,0)),"") -> -83969988 | D22: =IF($A$6="Deutschland",INDEX(Überleitung!$C$8:$AD$106,MATCH(A22,Überleitung!$A$8:$A$106,0),MATCH($A$6,Überleitung!$C$7:$AD$7,0)),"") -> -1.6432303e+08 | E22: =IF($A$6="Deutschland",INDEX(Überleitung!$BG$8:$CH$106,MATCH(A22,Überleitung!$A$8:$A$106,0),MATCH($A$6,Überleitung!$BG$7:$CH$7,0)),"") -> -1.5730311e+08
A23: Verwaltungskostenerstattungen | B23: =IF($A$6="Deutschland",INDEX(Überleitung!$AE$8:$BF$106,MATCH(A23,Überleitung!$A$8:$A$106,0),MATCH($A$6,Überleitung!$AE$7:$BF$7,0)),"") -> -67741692 | C23: =IF($A$6="Deutschland",INDEX(Überleitung!$CI$8:$DJ$106,MATCH(A23,Überleitung!$A$8:$A$106,0),MATCH($A$6,Überleitung!$CI$7:$DJ$7,0)),"") -> -59432737 | D23: =IF($A$6="Deutschland",INDEX(Überleitung!$C$8:$AD$106,MATCH(A23,Überleitung!$A$8:$A$106,0),MATCH($A$6,Überleitung!$C$7:$AD$7,0)),"") -> -1.3175912e+08 | E23: =IF($A$6="Deutschland",INDEX(Überleitung!$BG$8:$CH$106,MATCH(A23,Überleitung!$A$8:$A$106,0),MATCH($A$6,Überleitung!$BG$7:$CH$7,0)),"") -> -1.1881646e+08
A24: Mittel aus der Ausgleichsabgabe | B24: =IF($A$6="Deutschland",INDEX(Überleitung!$AE$8:$BF$106,MATCH(A24,Überleitung!$A$8:$A$106,0),MATCH($A$6,Überleitung!$AE$7:$BF$7,0)),"") -> 0 | C24: =IF($A$6="Deutschland",INDEX(Überleitung!$CI$8:$DJ$106,MATCH(A24,Überleitung!$A$8:$A$106,0),MATCH($A$6,Überleitung!$CI$7:$DJ$7,0)),"") -> 0 | D24: =IF($A$6="Deutschland",INDEX(Überleitung!$C$8:$AD$106,MATCH(A24,Überleitung!$A$8:$A$106,0),MATCH($A$6,Überleitung!$C$7:$AD$7,0)),"") -> 0 | E24: =IF($A$6="Deutschland",INDEX(Überleitung!$BG$8:$CH$106,MATCH(A24,Überleitung!$A$8:$A$106,0),MATCH($A$6,Überleitung!$BG$7:$CH$7,0)),"") -> 0
... A26: Verwaltungseinnahmen und sonstige Erstattungen | B26: =IF($A$6="Deutschland",INDEX(Überleitung!$AE$8:$BF$106,MATCH(A26,Überleitung!$A$8:$A$106,0),MATCH($A$6,Überleitung!$AE$7:$BF$7,0)),"") -> -10757052 | C26: =IF($A$6="Deutschland",INDEX(Überleitung!$CI$8:$DJ$106,MATCH(A26,Überleitung!$A$8:$A$106,0),MATCH($A$6,Überleitung!$CI$7:$DJ$7,0)),"") -> -16118219 | D26: =IF($A$6="Deutschland",INDEX(Überleitung!$C$8:$AD$106,MATCH(A26,Überleitung!$A$8:$A$106,0),MATCH($A$6,Überleitung!$C$7:$AD$7,0)),"") -> -24942862 | E26: =IF($A$6="Deutschland",INDEX(Überleitung!$BG$8:$CH$106,MATCH(A26,Überleitung!$A$8:$A$106,0),MATCH($A$6,Überleitung!$BG$7:$CH$7,0)),"") -> -24971556
A27: Ausgaben | B27: =INDEX(Überleitung!$AE$8:$BF$106,MATCH(A27,Überleitung!$A$8:$A$106,0),MATCH($A$6,Überleitung!$AE$7:$BF$7,0)) -> 4.8457757e+09 | C27: =INDEX(Überleitung!$CI$8:$DJ$106,MATCH(A27,Überleitung!$A$8:$A$106,0),MATCH($A$6,Überleitung!$CI$7:$DJ$7,0)) -> 4.3034867e+09 | D27: =INDEX(Überleitung!$C$8:$AD$106,MATCH(A27,Überleitung!$A$8:$A$106,0),MATCH($A$6,Überleitung!$C$7:$AD$7,0)) -> 9.5643086e+09 | E27: =INDEX(Überleitung!$BG$8:$CH$106,MATCH(A27,Überleitung!$A$8:$A$106,0),MATCH($A$6,Überleitung!$BG$7:$CH$7,0)) -> 8.7986625e+09
A28: Kapitel 2 - Eingliederungstitel | B28: =INDEX(Überleitung!$AE$8:$BF$106,MATCH(A28,Überleitung!$A$8:$A$106,0),MATCH($A$6,Überleitung!$AE$7:$BF$7,0)) -> 3.2125809e+08 | C28: =INDEX(Überleitung!$CI$8:$DJ$106,MATCH(A28,Überleitung!$A$8:$A$106,0),MATCH($A$6,Überleitung!$CI$7:$DJ$7,0)) -> 2.9242937e+08 | D28: =INDEX(Überleitung!$C$8:$AD$106,MATCH(A28,Überleitung!$A$8:$A$106,0),MATCH($A$6,Überleitung!$C$7:$AD$7,0)) -> 6.3904559e+08 | E28: =INDEX(Überleitung!$BG$8:$CH$106,MATCH(A28,Überleitung!$A$8:$A$106,0),MATCH($A$6,Überleitung!$BG$7:$CH$7,0)) -> 5.7953369e+08
A29: Dezentral geplantes Budget | B29: =INDEX(Überleitung!$AE$8:$BF$106,MATCH(A29,Überleitung!$A$8:$A$106,0),MATCH($A$6,Überleitung!$AE$7:$BF$7,0)) -> 3.2125809e+08 | C29: =INDEX(Überleitung!$CI$8:$DJ$106,MATCH(A29,Überleitung!$A$8:$A$106,0),MATCH($A$6,Überleitung!$CI$7:$DJ$7,0)) -> 2.9233913e+08 | D29: =INDEX(Überleitung!$C$8:$AD$106,MATCH(A29,Überleitung!$A$8:$A$106,0),MATCH($A$6,Überleitung!$C$7:$AD$7,0)) -> 6.3904559e+08 | E29: =INDEX(Überleitung!$BG$8:$CH$106,MATCH(A29,Überleitung!$A$8:$A$106,0),MATCH($A$6,Überleitung!$BG$7:$CH$7,0)) -> 5.7944202e+08
A30: Integrationsorientierte Instrumente | B30: =INDEX(Überleitung!$AE$8:$BF$106,MATCH(A30,Überleitung!$A$8:$A$106,0),MATCH($A$6,Überleitung!$AE$7:$BF$7,0)) -> 2.7296875e+08 | C30: =INDEX(Überleitung!$CI$8:$DJ$106,MATCH(A30,Überleitung!$A$8:$A$106,0),MATCH($A$6,Überleitung!$CI$7:$DJ$7,0)) -> 2.4488336e+08 | D30: =INDEX(Überleitung!$C$8:$AD$106,MATCH(A30,Überleitung!$A$8:$A$106,0),MATCH($A$6,Überleitung!$C$7:$AD$7,0)) -> 5.4197478e+08 | E30: =INDEX(Überleitung!$BG$8:$CH$106,MATCH(A30,Überleitung!$A$8:$A$106,0),MATCH($A$6,Überleitung!$BG$7:$CH$7,0)) -> 4.8349659e+08
A31: Vermittlungsbudget nach § 44 SGB III | B31: =INDEX(Überleitung!$AE$8:$BF$106,MATCH(A31,Überleitung!$A$8:$A$106,0),MATCH($A$6,Überleitung!$AE$7:$BF$7,0)) -> 2294969.7 | C31: =INDEX(Überleitung!$CI$8:$DJ$106,MATCH(A31,Überleitung!$A$8:$A$106,0),MATCH($A$6,Überleitung!$CI$7:$DJ$7,0)) -> 2214641.3 | D31: =INDEX(Überleitung!$C$8:$AD$106,MATCH(A31,Überleitung!$A$8:$A$106,0),MATCH($A$6,Überleitung!$C$7:$AD$7,0)) -> 4335149.9 | E31: =INDEX(Überleitung!$BG$8:$CH$106,MATCH(A31,Überleitung!$A$8:$A$106,0),MATCH($A$6,Überleitung!$BG$7:$CH$7,0)) -> 4404581.5
A32: Aktivierung und berufliche Eingliederung | B32: =INDEX(Überleitung!$AE$8:$BF$106,MATCH(A32,Überleitung!$A$8:$A$106,0),MATCH($A$6,Überleitung!$AE$7:$BF$7,0)) -> 26501222 | C32: =INDEX(Überleitung!$CI$8:$DJ$106,MATCH(A32,Überleitung!$A$8:$A$106,0),MATCH($A$6,Überleitung!$CI$7:$DJ$7,0)) -> 26952229 | D32: =INDEX(Überleitung!$C$8:$AD$106,MATCH(A32,Überleitung!$A$8:$A$106,0),MATCH($A$6,Überleitung!$C$7:$AD$7,0)) -> 53225638 | E32: =INDEX(Überleitung!$BG$8:$CH$106,MATCH(A32,Überleitung!$A$8:$A$106,0),MATCH($A$6,Überleitung!$BG$7:$CH$7,0)) -> 55770857
A33: Reisekosten nach § 309 SGB III | B33: =INDEX(Überleitung!$AE$8:$BF$106,MATCH(A33,Überleitung!$A$8:$A$106,0),MATCH($A$6,Überleitung!$AE$7:$BF$7,0)) -> 54623.86 | C33: =INDEX(Überleitung!$CI$8:$DJ$106,MATCH(A33,Überleitung!$A$8:$A$106,0),MATCH($A$6,Überleitung!$CI$7:$DJ$7,0)) -> 63347.65 | D33: =INDEX(Überleitung!$C$8:$AD$106,MATCH(A33,Überleitung!$A$8:$A$106,0),MATCH($A$6,Überleitung!$C$7:$AD$7,0)) -> 107031.72 | E33: =INDEX(Überleitung!$BG$8:$CH$106,MATCH(A33,Überleitung!$A$8:$A$106,0),MATCH($A$6,Überleitung!$BG$7:$CH$7,0)) -> 117653.24
A34: Eingliederungszuschüsse (Egz) | B34: =INDEX(Überleitung!$AE$8:$BF$106,MATCH(A34,Überleitung!$A$8:$A$106,0),MATCH($A$6,Überleitung!$AE$7:$BF$7,0)) -> 14604121 | C34: =INDEX(Überleitung!$CI$8:$DJ$106,MATCH(A34,Überleitung!$A$8:$A$106,0),MATCH($A$6,Überleitung!$CI$7:$DJ$7,0)) -> 18710065 | D34: =INDEX(Überleitung!$C$8:$AD$106,MATCH(A34,Überleitung!$A$8:$A$106,0),MATCH($A$6,Überleitung!$C$7:$AD$7,0)) -> 29040170 | E34: =INDEX(Überleitung!$BG$8:$CH$106,MATCH(A34,Überleitung!$A$8:$A$106,0),MATCH($A$6,Überleitung!$BG$7:$CH$7,0)) -> 37189402
A35: Förderung der beruflichen Weiterbildung (FbW) | B35: =INDEX(Überleitung!$AE$8:$BF$106,MATCH(A35,Überleitung!$A$8:$A$106,0),MATCH($A$6,Überleitung!$AE$7:$BF$7,0)) -> 2.2951407e+08 | C35: =INDEX(Überleitung!$CI$8:$DJ$106,MATCH(A35,Überleitung!$A$8:$A$106,0),MATCH($A$6,Überleitung!$CI$7:$DJ$7,0)) -> 1.9694343e+08 | D35: =INDEX(Überleitung!$C$8:$AD$106,MATCH(A35,Überleitung!$A$8:$A$106,0),MATCH($A$6,Überleitung!$C$7:$AD$7,0)) -> 4.5526859e+08 | E35: =INDEX(Überleitung!$BG$8:$CH$106,MATCH(A35,Überleitung!$A$8:$A$106,0),MATCH($A$6,Überleitung!$BG$7:$CH$7,0)) -> 3.8601475e+08
A36: Freie Förderung | B36: =INDEX(Überleitung!$AE$8:$BF$106,MATCH(A36,Überleitung!$A$8:$A$106,0),MATCH($A$6,Überleitung!$AE$7:$BF$7,0)) -> -251.86 | C36: =INDEX(Überleitung!$CI$8:$DJ$106,MATCH(A36,Überleitung!$A$8:$A$106,0),MATCH($A$6,Überleitung!$CI$7:$DJ$7,0)) -> -351.86 | D36: =INDEX(Überleitung!$C$8:$AD$106,MATCH(A36,Überleitung!$A$8:$A$106,0),MATCH($A$6,Überleitung!$C$7:$AD$7,0)) -> -1791.27 | E36: =INDEX(Überleitung!$BG$8:$CH$106,MATCH(A36,Überleitung!$A$8:$A$106,0),MATCH($A$6,Überleitung!$BG$7:$CH$7,0)) -> -653.73
A37: Spezielle Maßnahmen für Jüngere | B37: =INDEX(Überleitung!$AE$8:$BF$106,MATCH(A37,Überleitung!$A$8:$A$106,0),MATCH($A$6,Überleitung!$AE$7:$BF$7,0)) -> 13582335 | C37: =INDEX(Überleitung!$CI$8:$DJ$106,MATCH(A37,Überleitung!$A$8:$A$106,0),MATCH($A$6,Überleitung!$CI$7:$DJ$7,0)) -> 16226375 | D37: =INDEX(Überleitung!$C$8:$AD$106,MATCH(A37,Überleitung!$A$8:$A$106,0),MATCH($A$6,Überleitung!$C$7:$AD$7,0)) -> 27495731 | E37: =INDEX(Überleitung!$BG$8:$CH$106,MATCH(A37,Überleitung!$A$8:$A$106,0),MATCH($A$6,Überleitung!$BG$7:$CH$7,0)) -> 33455565
A38: Berufsausbildung in außerbetrieblichen Einrichtungen (BaE) | B38: =INDEX(Überleitung!$AE$8:$BF$106,MATCH(A38,Überleitung!$A$8:$A$106,0),MATCH($A$6,Überleitung!$AE$7:$BF$7,0)) -> 2327827 | C38: =INDEX(Überleitung!$CI$8:$DJ$106,MATCH(A38,Überleitung!$A$8:$A$106,0),MATCH($A$6,Überleitung!$CI$7:$DJ$7,0)) -> 5662958 | D38: =INDEX(Überleitung!$C$8:$AD$106,MATCH(A38,Überleitung!$A$8:$A$106,0),MATCH($A$6,Überleitung!$C$7:$AD$7,0)) -> 5180936 | E38: =INDEX(Überleitung!$BG$8:$CH$106,MATCH(A38,Überleitung!$A$8:$A$106,0),MATCH($A$6,Überleitung!$BG$7:$CH$7,0)) -> 11600392
... A96: Ausgaben f. überörtliche Aufgaben SGB II (üKo - ohne Pers.) | B96: =INDEX(Überleitung!$AE$8:$BF$106,MATCH(A96,Überleitung!$A$8:$A$106,0),MATCH($A$6,Überleitung!$AE$7:$BF$7,0)) -> 373814.89 | C96: =INDEX(Überleitung!$CI$8:$DJ$106,MATCH(A96,Überleitung!$A$8:$A$106,0),MATCH($A$6,Überleitung!$CI$7:$DJ$7,0)) -> 529093.88 | D96: =INDEX(Überleitung!$C$8:$AD$106,MATCH(A96,Überleitung!$A$8:$A$106,0),MATCH($A$6,Überleitung!$C$7:$AD$7,0)) -> 411779.07 | E96: =INDEX(Überleitung!$BG$8:$CH$106,MATCH(A96,Überleitung!$A$8:$A$106,0),MATCH($A$6,Überleitung!$BG$7:$CH$7,0)) -> 745387.61
A97: Finanzierungssaldo (Überschuss (-) Defizit (+)) | B97: =IF($A$6="Deutschland",INDEX(Überleitung!$AE$8:$BF$106,MATCH(A97,Überleitung!$A$8:$A$106,0),MATCH($A$6,Überleitung!$AE$7:$BF$7,0)),"") -> 9.8344864e+08 | C97: =IF($A$6="Deutschland",INDEX(Überleitung!$CI$8:$DJ$106,MATCH(A97,Überleitung!$A$8:$A$106,0),MATCH($A$6,Überleitung!$CI$7:$DJ$7,0)),"") -> 5.2598149e+08 | D97: =IF($A$6="Deutschland",INDEX(Überleitung!$C$8:$AD$106,MATCH(A97,Überleitung!$A$8:$A$106,0),MATCH($A$6,Überleitung!$C$7:$AD$7,0)),"") -> 1.871029e+09 | E97: =IF($A$6="Deutschland",INDEX(Überleitung!$BG$8:$CH$106,MATCH(A97,Überleitung!$A$8:$A$106,0),MATCH($A$6,Überleitung!$BG$7:$CH$7,0)),"") -> 1.3895722e+09
A98: nachrichtlich: Zuführung (+) Entnahme (-)
A99: Bundesdarlehen | B99: =IF($A$6="Deutschland",INDEX(Überleitung!$AE$8:$BF$106,MATCH(A99,Überleitung!$A$8:$A$106,0),MATCH($A$6,Überleitung!$AE$7:$BF$7,0)),"") -> 0 | C99: =IF($A$6="Deutschland",INDEX(Überleitung!$CI$8:$DJ$106,MATCH(A99,Überleitung!$A$8:$A$106,0),MATCH($A$6,Überleitung!$CI$7:$DJ$7,0)),"") -> 0 | D99: =IF($A$6="Deutschland",INDEX(Überleitung!$C$8:$AD$106,MATCH(A99,Überleitung!$A$8:$A$106,0),MATCH($A$6,Überleitung!$C$7:$AD$7,0)),"") -> 0 | E99: =IF($A$6="Deutschland",INDEX(Überleitung!$BG$8:$CH$106,MATCH(A99,Überleitung!$A$8:$A$106,0),MATCH($A$6,Überleitung!$BG$7:$CH$7,0)),"") -> 0
A100: Darlehenstilgung | B100: =IF($A$6="Deutschland",INDEX(Überleitung!$AE$8:$BF$106,MATCH(A100,Überleitung!$A$8:$A$106,0),MATCH($A$6,Überleitung!$AE$7:$BF$7,0)),"") -> 0 | C100: =IF($A$6="Deutschland",INDEX(Überleitung!$CI$8:$DJ$106,MATCH(A100,Überleitung!$A$8:$A$106,0),MATCH($A$6,Überleitung!$CI$7:$DJ$7,0)),"") -> 0 | D100: =IF($A$6="Deutschland",INDEX(Überleitung!$C$8:$AD$106,MATCH(A100,Überleitung!$A$8:$A$106,0),MATCH($A$6,Überleitung!$C$7:$AD$7,0)),"") -> 0 | E100: =IF($A$6="Deutschland",INDEX(Überleitung!$BG$8:$CH$106,MATCH(A100,Überleitung!$A$8:$A$106,0),MATCH($A$6,Überleitung!$BG$7:$CH$7,0)),"") -> 0
A101: Insolvenzgeldrücklage | B101: =IF($A$6="Deutschland",INDEX(Überleitung!$AE$8:$BF$106,MATCH(A101,Überleitung!$A$8:$A$106,0),MATCH($A$6,Überleitung!$AE$7:$BF$7,0)),"") -> 0 | C101: =IF($A$6="Deutschland",INDEX(Überleitung!$CI$8:$DJ$106,MATCH(A101,Überleitung!$A$8:$A$106,0),MATCH($A$6,Überleitung!$CI$7:$DJ$7,0)),"") -> 0 | D101: =IF($A$6="Deutschland",INDEX(Überleitung!$C$8:$AD$106,MATCH(A101,Überleitung!$A$8:$A$106,0),MATCH($A$6,Überleitung!$C$7:$AD$7,0)),"") -> 0 | E101: =IF($A$6="Deutschland",INDEX(Überleitung!$BG$8:$CH$106,MATCH(A101,Überleitung!$A$8:$A$106,0),MATCH($A$6,Überleitung!$BG$7:$CH$7,0)),"") -> 0
A102: Winterbeschäftigungsrücklage | B102: =IF($A$6="Deutschland",INDEX(Überleitung!$AE$8:$BF$106,MATCH(A102,Überleitung!$A$8:$A$106,0),MATCH($A$6,Überleitung!$AE$7:$BF$7,0)),"") -> 0 | C102: =IF($A$6="Deutschland",INDEX(Überleitung!$CI$8:$DJ$106,MATCH(A102,Überleitung!$A$8:$A$106,0),MATCH($A$6,Überleitung!$CI$7:$DJ$7,0)),"") -> 0 | D102: =IF($A$6="Deutschland",INDEX(Überleitung!$C$8:$AD$106,MATCH(A102,Überleitung!$A$8:$A$106,0),MATCH($A$6,Überleitung!$C$7:$AD$7,0)),"") -> 0 | E102: =IF($A$6="Deutschland",INDEX(Überleitung!$BG$8:$CH$106,MATCH(A102,Überleitung!$A$8:$A$106,0),MATCH($A$6,Überleitung!$BG$7:$CH$7,0)),"") -> 0
A103: Allgemeine Rücklagen (inkl. Eingliederungsrücklage) | B103: =IF($A$6="Deutschland",INDEX(Überleitung!$AE$8:$BF$106,MATCH(A103,Überleitung!$A$8:$A$106,0),MATCH($A$6,Überleitung!$AE$7:$BF$7,0)),"") -> 0 | C103: =IF($A$6="Deutschland",INDEX(Überleitung!$CI$8:$DJ$106,MATCH(A103,Überleitung!$A$8:$A$106,0),MATCH($A$6,Überleitung!$CI$7:$DJ$7,0)),"") -> 0 | D103: =IF($A$6="Deutschland",INDEX(Überleitung!$C$8:$AD$106,MATCH(A103,Überleitung!$A$8:$A$106,0),MATCH($A$6,Überleitung!$C$7:$AD$7,0)),"") -> 0 | E103: =IF($A$6="Deutschland",INDEX(Überleitung!$BG$8:$CH$106,MATCH(A103,Überleitung!$A$8:$A$106,0),MATCH($A$6,Überleitung!$BG$7:$CH$7,0)),"") -> 0
A105: * Regionalisierung nach Gebietsstruktur der Bundesagentur für Arbeit
A106: Finanzsystem der BA | B106: 46084 | E106: Seite 1

Sheet ANBA-SGB III(Realisierungsgrad)
A4: Realisierungsgrad der Einnahmen und Ausgaben
A5: in Euro (Einnahmen werden mit negativen Vorzeichen dargestellt)
A6: Deutschland
A7: ='ANBA-SGB III(Bildsch.optmiert)'!A7 -> Berichtsmonat Februar 2026
A8: ='ANBA-SGB III(Bildsch.optmiert)'!A8 -> 46083
E10: Februar
A11: Haushaltspositionen | B11: =Regionen_Steuerung!I3 -> 2026 | C11: Haushaltsansatz (Bund) | D11: davon abweichend Verfügbares Soll | E11: zum Ansatz | F11: zum verf. Soll
A13: Einnahmen | B13: =INDEX(Überleitung!$C$8:$C$106,MATCH(A13,Überleitung!$A$8:$A$106,0),MATCH($A$6,Überleitung!$C$7,0)) -> -7.6932795e+09 | C13: =INDEX(Überleitung!$DK$8:$DK$106,MATCH(A13,Überleitung!$A$8:$A$106,0),MATCH($A$6,Überleitung!$DK$5,0)) -> -49226912000 | E13: =IF(C13=0,0,IF(B13*100/C13<-100,"<-100",IF(B13*100/C13>100,">100",B13*100/C13))) -> 15.628199 | G13: 1
A14: Beiträge | B14: =INDEX(Überleitung!$C$8:$C$106,MATCH(A14,Überleitung!$A$8:$A$106,0),MATCH($A$6,Überleitung!$C$7,0)) -> -6.4709754e+09 | C14: =INDEX(Überleitung!$DK$8:$DK$106,MATCH(A14,Überleitung!$A$8:$A$106,0),MATCH($A$6,Überleitung!$DK$5,0)) -> -41121000000 | E14: =IF(C14=0,0,IF(B14*100/C14<-100,"<-100",IF(B14*100/C14>100,">100",B14*100/C14))) -> 15.736425 | G14: 2
A15: Verwaltungskostenerstattungen SGB II | B15: =INDEX(Überleitung!$C$8:$C$106,MATCH(A15,Überleitung!$A$8:$A$106,0),MATCH($A$6,Überleitung!$C$7,0)) -> -6.3617718e+08 | C15: =INDEX(Überleitung!$DK$8:$DK$106,MATCH(A15,Überleitung!$A$8:$A$106,0),MATCH($A$6,Überleitung!$DK$5,0)) -> -4334684000 | E15: =IF(C15=0,0,IF(B15*100/C15<-100,"<-100",IF(B15*100/C15>100,">100",B15*100/C15))) -> 14.676437 | G15: 3
A16: Erst. Vw.-kosten Kap. 6 vom Bund | B16: =INDEX(Überleitung!$C$8:$C$106,MATCH(A16,Überleitung!$A$8:$A$106,0),MATCH($A$6,Überleitung!$C$7,0)) -> -5.1900903e+08 | C16: =INDEX(Überleitung!$DK$8:$DK$106,MATCH(A16,Überleitung!$A$8:$A$106,0),MATCH($A$6,Überleitung!$DK$5,0)) -> -3463784000 | E16: =IF(C16=0,0,IF(B16*100/C16<-100,"<-100",IF(B16*100/C16>100,">100",B16*100/C16))) -> 14.983874 | G16: 4
A17: Erst. Vw.-kosten Kap. 5 vom Bund und von den zkT | B17: =INDEX(Überleitung!$C$8:$C$106,MATCH(A17,Überleitung!$A$8:$A$106,0),MATCH($A$6,Überleitung!$C$7,0)) -> -1.1716815e+08 | C17: =INDEX(Überleitung!$DK$8:$DK$106,MATCH(A17,Überleitung!$A$8:$A$106,0),MATCH($A$6,Überleitung!$DK$5,0)) -> -870900000 | E17: =IF(C17=0,0,IF(B17*100/C17<-100,"<-100",IF(B17*100/C17>100,">100",B17*100/C17))) -> 13.453686 | G17: 4
A18: darunter: vom Bund | B18: =INDEX(Überleitung!$C$8:$C$106,MATCH(A18,Überleitung!$A$8:$A$106,0),MATCH($A$6,Überleitung!$C$7,0)) -> -1.1702632e+08 | C18: =INDEX(Überleitung!$DK$8:$DK$106,MATCH(A18,Überleitung!$A$8:$A$106,0),MATCH($A$6,Überleitung!$DK$5,0)) -> -870000000 | E18: =IF(C18=0,0,IF(B18*100/C18<-100,"<-100",IF(B18*100/C18>100,">100",B18*100/C18))) -> 13.451301 | G18: 18
A19: darunter: von den zkT | B19: =INDEX(Überleitung!$C$8:$C$106,MATCH(A19,Überleitung!$A$8:$A$106,0),MATCH($A$6,Überleitung!$C$7,0)) -> -141834.62 | C19: =INDEX(Überleitung!$DK$8:$DK$106,MATCH(A19,Überleitung!$A$8:$A$106,0),MATCH($A$6,Überleitung!$DK$5,0)) -> -900000 | E19: =IF(C19=0,0,IF(B19*100/C19<-100,"<-100",IF(B19*100/C19>100,">100",B19*100/C19))) -> 15.759402 | G19: 19
A20: Winterbeschäftigungs-Umlage | B20: =INDEX(Überleitung!$C$8:$C$106,MATCH(A20,Überleitung!$A$8:$A$106,0),MATCH($A$6,Überleitung!$C$7,0)) -> -90298647 | C20: =INDEX(Überleitung!$DK$8:$DK$106,MATCH(A20,Überleitung!$A$8:$A$106,0),MATCH($A$6,Überleitung!$DK$5,0)) -> -511000000 | E20: =IF(C20=0,0,IF(B20*100/C20<-100,"<-100",IF(B20*100/C20>100,">100",B20*100/C20))) -> 17.670968 | G20: 6
A21: Insolvenzgeld-Umlage | B21: =INDEX(Überleitung!$C$8:$C$106,MATCH(A21,Überleitung!$A$8:$A$106,0),MATCH($A$6,Überleitung!$C$7,0)) -> -3.3150524e+08 | C21: =INDEX(Überleitung!$DK$8:$DK$106,MATCH(A21,Überleitung!$A$8:$A$106,0),MATCH($A$6,Überleitung!$DK$5,0)) -> -2077000000 | E21: =IF(C21=0,0,IF(B21*100/C21<-100,"<-100",IF(B21*100/C21>100,">100",B21*100/C21))) -> 15.960772 | G21: 7
A22: Erstattungen und Verwaltungseinnahmen | B22: =INDEX(Überleitung!$C$8:$C$106,MATCH(A22,Überleitung!$A$8:$A$106,0),MATCH($A$6,Überleitung!$C$7,0)) -> -1.6432303e+08 | C22: =INDEX(Überleitung!$DK$8:$DK$106,MATCH(A22,Überleitung!$A$8:$A$106,0),MATCH($A$6,Überleitung!$DK$5,0)) -> -1183228000 | E22: =IF(C22=0,0,IF(B22*100/C22<-100,"<-100",IF(B22*100/C22>100,">100",B22*100/C22))) -> 13.887689 | G22: 5
A23: Verwaltungskostenerstattungen | B23: =INDEX(Überleitung!$C$8:$C$106,MATCH(A23,Überleitung!$A$8:$A$106,0),MATCH($A$6,Überleitung!$C$7,0)) -> -1.3175912e+08 | C23: =INDEX(Überleitung!$DK$8:$DK$106,MATCH(A23,Überleitung!$A$8:$A$106,0),MATCH($A$6,Überleitung!$DK$5,0)) -> -828063000 | E23: =IF(C23=0,0,IF(B23*100/C23<-100,"<-100",IF(B23*100/C23>100,">100",B23*100/C23))) -> 15.911727 | G23: 9
A24: Mittel aus der Ausgleichsabgabe | B24: =INDEX(Überleitung!$C$8:$C$106,MATCH(A24,Überleitung!$A$8:$A$106,0),MATCH($A$6,Überleitung!$C$7,0)) -> 0 | C24: =INDEX(Überleitung!$DK$8:$DK$106,MATCH(A24,Überleitung!$A$8:$A$106,0),MATCH($A$6,Überleitung!$DK$5,0)) -> -155000000 | E24: =IF(C24=0,0,IF(B24*100/C24<-100,"<-100",IF(B24*100/C24>100,">100",B24*100/C24))) -> 0 | G24: 10
... A26: Verwaltungseinnahmen und sonstige Erstattungen | B26: =INDEX(Überleitung!$C$8:$C$106,MATCH(A26,Überleitung!$A$8:$A$106,0),MATCH($A$6,Überleitung!$C$7,0)) -> -24942862 | C26: =INDEX(Überleitung!$DK$8:$DK$106,MATCH(A26,Überleitung!$A$8:$A$106,0),MATCH($A$6,Überleitung!$DK$5,0)) -> -160915000 | E26: =IF(C26=0,0,IF(B26*100/C26<-100,"<-100",IF(B26*100/C26>100,">100",B26*100/C26))) -> 15.500644 | G26: 13
A27: Ausgaben | B27: =INDEX(Überleitung!$C$8:$C$106,MATCH(A27,Überleitung!$A$8:$A$106,0),MATCH($A$6,Überleitung!$C$7,0)) -> 9.5643086e+09 | C27: =INDEX(Überleitung!$DK$8:$DK$106,MATCH(A27,Überleitung!$A$8:$A$106,0),MATCH($A$6,Überleitung!$DK$5,0)) -> 52600459000 | D27: =IF(INDEX(Überleitung!$DL$8:$DL$106,MATCH(A27,Überleitung!$A$8:$A$106,0),MATCH($A$6,Überleitung!$DL$5,0))=$C27,"",INDEX(Überleitung!$DL$8:$DL$106,MATCH(A27,Überleitung!$A$8:$A$106,0),MATCH($A$6,Überleitung!$DL$5,0))) -> 5.2581636e+10 | E27: =IF(C27=0,0,IF(B27*100/C27<-100,"<-100",IF(B27*100/C27>100,">100",B27*100/C27))) -> 18.182937 | F27: =IF(D27="",0,IF(B27*100/D27<-100,"<-100",IF(B27*100/D27>100,">100",B27*100/D27))) -> 18.189447 | G27: 14
A28: Kapitel 2 - Eingliederungstitel | B28: =INDEX(Überleitung!$C$8:$C$106,MATCH(A28,Überleitung!$A$8:$A$106,0),MATCH($A$6,Überleitung!$C$7,0)) -> 6.3904559e+08 | C28: =INDEX(Überleitung!$DK$8:$DK$106,MATCH(A28,Überleitung!$A$8:$A$106,0),MATCH($A$6,Überleitung!$DK$5,0)) -> 4495000000 | D28: =IF(INDEX(Überleitung!$DL$8:$DL$106,MATCH(A28,Überleitung!$A$8:$A$106,0),MATCH($A$6,Überleitung!$DL$5,0))=$C28,"",INDEX(Überleitung!$DL$8:$DL$106,MATCH(A28,Überleitung!$A$8:$A$106,0),MATCH($A$6,Überleitung!$DL$5,0))) | E28: =IF(C28=0,0,IF(B28*100/C28<-100,"<-100",IF(B28*100/C28>100,">100",B28*100/C28))) -> 14.21681 | F28: =IF(D28="",0,IF(B28*100/D28<-100,"<-100",IF(B28*100/D28>100,">100",B28*100/D28))) -> 0 | G28: 15
A29: Dezentral geplantes Budget | B29: =INDEX(Überleitung!$C$8:$C$106,MATCH(A29,Überleitung!$A$8:$A$106,0),MATCH($A$6,Überleitung!$C$7,0)) -> 6.3904559e+08 | C29: =INDEX(Überleitung!$DK$8:$DK$106,MATCH(A29,Überleitung!$A$8:$A$106,0),MATCH($A$6,Überleitung!$DK$5,0)) -> 4495000000 | D29: =IF(INDEX(Überleitung!$DL$8:$DL$106,MATCH(A29,Überleitung!$A$8:$A$106,0),MATCH($A$6,Überleitung!$DL$5,0))=$C29,"",INDEX(Überleitung!$DL$8:$DL$106,MATCH(A29,Überleitung!$A$8:$A$106,0),MATCH($A$6,Überleitung!$DL$5,0))) -> 4.4899989e+09 | E29: =IF(C29=0,0,IF(B29*100/C29<-100,"<-100",IF(B29*100/C29>100,">100",B29*100/C29))) -> 14.21681 | F29: =IF(D29="",0,IF(B29*100/D29<-100,"<-100",IF(B29*100/D29>100,">100",B29*100/D29))) -> 14.232645 | G29: 16
A30: Integrationsorientierte Instrumente | B30: =INDEX(Überleitung!$C$8:$C$106,MATCH(A30,Überleitung!$A$8:$A$106,0),MATCH($A$6,Überleitung!$C$7,0)) -> 5.4197478e+08 | C30: =INDEX(Überleitung!$DK$8:$DK$106,MATCH(A30,Überleitung!$A$8:$A$106,0),MATCH($A$6,Überleitung!$DK$5,0)) -> 0 | D30: =IF(INDEX(Überleitung!$DL$8:$DL$106,MATCH(A30,Überleitung!$A$8:$A$106,0),MATCH($A$6,Überleitung!$DL$5,0))=$C30,"",INDEX(Überleitung!$DL$8:$DL$106,MATCH(A30,Überleitung!$A$8:$A$106,0),MATCH($A$6,Überleitung!$DL$5,0))) -> 3.7203312e+09 | E30: =IF(C30=0,0,IF(B30*100/C30<-100,"<-100",IF(B30*100/C30>100,">100",B30*100/C30))) -> 0 | F30: =IF(D30="",0,IF(B30*100/D30<-100,"<-100",IF(B30*100/D30>100,">100",B30*100/D30))) -> 14.567918 | G30: 17
A31: Vermittlungsbudget nach § 44 SGB III | B31: =INDEX(Überleitung!$C$8:$C$106,MATCH(A31,Überleitung!$A$8:$A$106,0),MATCH($A$6,Überleitung!$C$7,0)) -> 4335149.9 | C31: =INDEX(Überleitung!$DK$8:$DK$106,MATCH(A31,Überleitung!$A$8:$A$106,0),MATCH($A$6,Überleitung!$DK$5,0)) -> 0 | D31: =IF(INDEX(Überleitung!$DL$8:$DL$106,MATCH(A31,Überleitung!$A$8:$A$106,0),MATCH($A$6,Überleitung!$DL$5,0))=$C31,"",INDEX(Überleitung!$DL$8:$DL$106,MATCH(A31,Überleitung!$A$8:$A$106,0),MATCH($A$6,Überleitung!$DL$5,0))) -> 36861410 | E31: =IF(C31=0,0,IF(B31*100/C31<-100,"<-100",IF(B31*100/C31>100,">100",B31*100/C31))) -> 0 | F31: =IF(D31="",0,IF(B31*100/D31<-100,"<-100",IF(B31*100/D31>100,">100",B31*100/D31))) -> 11.760673 | G31: 18
A32: Aktivierung und berufliche Eingliederung | B32: =INDEX(Überleitung!$C$8:$C$106,MATCH(A32,Überleitung!$A$8:$A$106,0),MATCH($A$6,Überleitung!$C$7,0)) -> 53225638 | C32: =INDEX(Überleitung!$DK$8:$DK$106,MATCH(A32,Überleitung!$A$8:$A$106,0),MATCH($A$6,Überleitung!$DK$5,0)) -> 0 | D32: =IF(INDEX(Überleitung!$DL$8:$DL$106,MATCH(A32,Überleitung!$A$8:$A$106,0),MATCH($A$6,Überleitung!$DL$5,0))=$C32,"",INDEX(Überleitung!$DL$8:$DL$106,MATCH(A32,Überleitung!$A$8:$A$106,0),MATCH($A$6,Überleitung!$DL$5,0))) -> 5.0675845e+08 | E32: =IF(C32=0,0,IF(B32*100/C32<-100,"<-100",IF(B32*100/C32>100,">100",B32*100/C32))) -> 0 | F32: =IF(D32="",0,IF(B32*100/D32<-100,"<-100",IF(B32*100/D32>100,">100",B32*100/D32))) -> 10.503157 | G32: 19
A33: Reisekosten nach § 309 SGB III | B33: =INDEX(Überleitung!$C$8:$C$106,MATCH(A33,Überleitung!$A$8:$A$106,0),MATCH($A$6,Überleitung!$C$7,0)) -> 107031.72 | C33: =INDEX(Überleitung!$DK$8:$DK$106,MATCH(A33,Überleitung!$A$8:$A$106,0),MATCH($A$6,Überleitung!$DK$5,0)) -> 0 | D33: =IF(INDEX(Überleitung!$DL$8:$DL$106,MATCH(A33,Überleitung!$A$8:$A$106,0),MATCH($A$6,Überleitung!$DL$5,0))=$C33,"",INDEX(Überleitung!$DL$8:$DL$106,MATCH(A33,Überleitung!$A$8:$A$106,0),MATCH($A$6,Überleitung!$DL$5,0))) -> 1253983.4 | E33: =IF(C33=0,0,IF(B33*100/C33<-100,"<-100",IF(B33*100/C33>100,">100",B33*100/C33))) -> 0 | F33: =IF(D33="",0,IF(B33*100/D33<-100,"<-100",IF(B33*100/D33>100,">100",B33*100/D33))) -> 8.5353377 | G33: 20
A34: Eingliederungszuschüsse (Egz) | B34: =INDEX(Überleitung!$C$8:$C$106,MATCH(A34,Überleitung!$A$8:$A$106,0),MATCH($A$6,Überleitung!$C$7,0)) -> 29040170 | C34: =INDEX(Überleitung!$DK$8:$DK$106,MATCH(A34,Überleitung!$A$8:$A$106,0),MATCH($A$6,Überleitung!$DK$5,0)) -> 0 | D34: =IF(INDEX(Überleitung!$DL$8:$DL$106,MATCH(A34,Überleitung!$A$8:$A$106,0),MATCH($A$6,Überleitung!$DL$5,0))=$C34,"",INDEX(Überleitung!$DL$8:$DL$106,MATCH(A34,Überleitung!$A$8:$A$106,0),MATCH($A$6,Überleitung!$DL$5,0))) -> 2.5819136e+08 | E34: =IF(C34=0,0,IF(B34*100/C34<-100,"<-100",IF(B34*100/C34>100,">100",B34*100/C34))) -> 0 | F34: =IF(D34="",0,IF(B34*100/D34<-100,"<-100",IF(B34*100/D34>100,">100",B34*100/D34))) -> 11.247537 | G34: 21
A35: Förderung der beruflichen Weiterbildung (FbW) | B35: =INDEX(Überleitung!$C$8:$C$106,MATCH(A35,Überleitung!$A$8:$A$106,0),MATCH($A$6,Überleitung!$C$7,0)) -> 4.5526859e+08 | C35: =INDEX(Überleitung!$DK$8:$DK$106,MATCH(A35,Überleitung!$A$8:$A$106,0),MATCH($A$6,Überleitung!$DK$5,0)) -> 0 | D35: =IF(INDEX(Überleitung!$DL$8:$DL$106,MATCH(A35,Überleitung!$A$8:$A$106,0),MATCH($A$6,Überleitung!$DL$5,0))=$C35,"",INDEX(Überleitung!$DL$8:$DL$106,MATCH(A35,Überleitung!$A$8:$A$106,0),MATCH($A$6,Überleitung!$DL$5,0))) -> 2.917266e+09 | E35: =IF(C35=0,0,IF(B35*100/C35<-100,"<-100",IF(B35*100/C35>100,">100",B35*100/C35))) -> 0 | F35: =IF(D35="",0,IF(B35*100/D35<-100,"<-100",IF(B35*100/D35>100,">100",B35*100/D35))) -> 15.606002 | G35: 22
A36: Freie Förderung | B36: =INDEX(Überleitung!$C$8:$C$106,MATCH(A36,Überleitung!$A$8:$A$106,0),MATCH($A$6,Überleitung!$C$7,0)) -> -1791.27 | C36: =INDEX(Überleitung!$DK$8:$DK$106,MATCH(A36,Überleitung!$A$8:$A$106,0),MATCH($A$6,Überleitung!$DK$5,0)) -> 0 | D36: =IF(INDEX(Überleitung!$DL$8:$DL$106,MATCH(A36,Überleitung!$A$8:$A$106,0),MATCH($A$6,Überleitung!$DL$5,0))=$C36,"",INDEX(Überleitung!$DL$8:$DL$106,MATCH(A36,Überleitung!$A$8:$A$106,0),MATCH($A$6,Überleitung!$DL$5,0))) | E36: =IF(C36=0,0,IF(B36*100/C36<-100,"<-100",IF(B36*100/C36>100,">100",B36*100/C36))) -> 0 | F36: =IF(D36="",0,IF(B36*100/D36<-100,"<-100",IF(B36*100/D36>100,">100",B36*100/D36))) -> 0 | G36: 23
A37: Spezielle Maßnahmen für Jüngere | B37: =INDEX(Überleitung!$C$8:$C$106,MATCH(A37,Überleitung!$A$8:$A$106,0),MATCH($A$6,Überleitung!$C$7,0)) -> 27495731 | C37: =INDEX(Überleitung!$DK$8:$DK$106,MATCH(A37,Überleitung!$A$8:$A$106,0),MATCH($A$6,Überleitung!$DK$5,0)) -> 0 | D37: =IF(INDEX(Überleitung!$DL$8:$DL$106,MATCH(A37,Überleitung!$A$8:$A$106,0),MATCH($A$6,Überleitung!$DL$5,0))=$C37,"",INDEX(Überleitung!$DL$8:$DL$106,MATCH(A37,Überleitung!$A$8:$A$106,0),MATCH($A$6,Überleitung!$DL$5,0))) -> 2.9993051e+08 | E37: =IF(C37=0,0,IF(B37*100/C37<-100,"<-100",IF(B37*100/C37>100,">100",B37*100/C37))) -> 0 | F37: =IF(D37="",0,IF(B37*100/D37<-100,"<-100",IF(B37*100/D37>100,">100",B37*100/D37))) -> 9.167367 | G37: 24
A38: Berufsausbildung in außerbetrieblichen Einrichtungen (BaE) | B38: =INDEX(Überleitung!$C$8:$C$106,MATCH(A38,Überleitung!$A$8:$A$106,0),MATCH($A$6,Überleitung!$C$7,0)) -> 5180936 | C38: =INDEX(Überleitung!$DK$8:$DK$106,MATCH(A38,Überleitung!$A$8:$A$106,0),MATCH($A$6,Überleitung!$DK$5,0)) -> 0 | D38: =IF(INDEX(Überleitung!$DL$8:$DL$106,MATCH(A38,Überleitung!$A$8:$A$106,0),MATCH($A$6,Überleitung!$DL$5,0))=$C38,"",INDEX(Überleitung!$DL$8:$DL$106,MATCH(A38,Überleitung!$A$8:$A$106,0),MATCH($A$6,Überleitung!$DL$5,0))) -> 49322615 | E38: =IF(C38=0,0,IF(B38*100/C38<-100,"<-100",IF(B38*100/C38>100,">100",B38*100/C38))) -> 0 | F38: =IF(D38="",0,IF(B38*100/D38<-100,"<-100",IF(B38*100/D38>100,">100",B38*100/D38))) -> 10.504179 | G38: 25
... A97: Finanzierungssaldo (Überschuss (-) Defizit (+)) | B97: =INDEX(Überleitung!$C$8:$C$106,MATCH(A97,Überleitung!$A$8:$A$106,0),MATCH($A$6,Überleitung!$C$7,0)) -> 1.871029e+09 | C97: =INDEX(Überleitung!$DK$8:$DK$106,MATCH(A97,Überleitung!$A$8:$A$106,0),MATCH($A$6,Überleitung!$DK$5,0)) -> 3373547000 | D97: =IF(INDEX(Überleitung!$DL$8:$DL$106,MATCH(A97,Überleitung!$A$8:$A$106,0),MATCH($A$6,Überleitung!$DL$5,0))=$C97,"",INDEX(Überleitung!$DL$8:$DL$106,MATCH(A97,Überleitung!$A$8:$A$106,0),MATCH($A$6,Überleitung!$DL$5,0))) -> 3.3547238e+09 | E97: =IF(C97=0,0,IF(B97*100/C97<-100,"<-100",IF(B97*100/C97>100,">100",B97*100/C97))) -> 55.461775 | F97: =IF(D97="",0,IF(B97*100/D97<-100,"<-100",IF(B97*100/D97>100,">100",B97*100/D97))) -> 55.772968 | G97: 78
A98: nachrichtlich: Zuführung (+) Entnahme (-)
A99: Bundesdarlehen | B99: =INDEX(Überleitung!$C$8:$C$106,MATCH(A99,Überleitung!$A$8:$A$106,0),MATCH($A$6,Überleitung!$C$7,0)) -> 0 | C99: =INDEX(Überleitung!$DK$8:$DK$106,MATCH(A99,Überleitung!$A$8:$A$106,0),MATCH($A$6,Überleitung!$DK$5,0)) -> -3970506000 | D99: =IF(INDEX(Überleitung!$DL$8:$DL$106,MATCH(A99,Überleitung!$A$8:$A$106,0),MATCH($A$6,Überleitung!$DL$5,0))=$C99,"",INDEX(Überleitung!$DL$8:$DL$106,MATCH(A99,Überleitung!$A$8:$A$106,0),MATCH($A$6,Überleitung!$DL$5,0))) | E99: =IF(C99=0,0,IF(B99*100/C99<-100,"<-100",IF(B99*100/C99>100,">100",B99*100/C99))) -> 0 | F99: =IF(D99="",0,IF(B99*100/D99<-100,"<-100",IF(B99*100/D99>100,">100",B99*100/D99))) -> 0
A100: Darlehenstilgung | B100: =INDEX(Überleitung!$C$8:$C$106,MATCH(A100,Überleitung!$A$8:$A$106,0),MATCH($A$6,Überleitung!$C$7,0)) -> 0 | C100: =INDEX(Überleitung!$DK$8:$DK$106,MATCH(A100,Überleitung!$A$8:$A$106,0),MATCH($A$6,Überleitung!$DK$5,0)) -> 0 | D100: =IF(INDEX(Überleitung!$DL$8:$DL$106,MATCH(A100,Überleitung!$A$8:$A$106,0),MATCH($A$6,Überleitung!$DL$5,0))=$C100,"",INDEX(Überleitung!$DL$8:$DL$106,MATCH(A100,Überleitung!$A$8:$A$106,0),MATCH($A$6,Überleitung!$DL$5,0))) | E100: =IF(C100=0,0,IF(B100*100/C100<-100,"<-100",IF(B100*100/C100>100,">100",B100*100/C100))) -> 0 | F100: =IF(D100="",0,IF(B100*100/D100<-100,"<-100",IF(B100*100/D100>100,">100",B100*100/D100))) -> 0
A101: Insolvenzgeldrücklage | B101: =INDEX(Überleitung!$C$8:$C$106,MATCH(A101,Überleitung!$A$8:$A$106,0),MATCH($A$6,Überleitung!$C$7,0)) -> 0 | C101: =INDEX(Überleitung!$DK$8:$DK$106,MATCH(A101,Überleitung!$A$8:$A$106,0),MATCH($A$6,Überleitung!$DK$5,0)) -> 555577000 | D101: =IF(INDEX(Überleitung!$DL$8:$DL$106,MATCH(A101,Überleitung!$A$8:$A$106,0),MATCH($A$6,Überleitung!$DL$5,0))=$C101,"",INDEX(Überleitung!$DL$8:$DL$106,MATCH(A101,Überleitung!$A$8:$A$106,0),MATCH($A$6,Überleitung!$DL$5,0))) | E101: =IF(C101=0,0,IF(B101*100/C101<-100,"<-100",IF(B101*100/C101>100,">100",B101*100/C101))) -> 0 | F101: =IF(D101="",0,IF(B101*100/D101<-100,"<-100",IF(B101*100/D101>100,">100",B101*100/D101))) -> 0
A102: Winterbeschäftigungsrücklage | B102: =INDEX(Überleitung!$C$8:$C$106,MATCH(A102,Überleitung!$A$8:$A$106,0),MATCH($A$6,Überleitung!$C$7,0)) -> 0 | C102: =INDEX(Überleitung!$DK$8:$DK$106,MATCH(A102,Überleitung!$A$8:$A$106,0),MATCH($A$6,Überleitung!$DK$5,0)) -> 41382000 | D102: =IF(INDEX(Überleitung!$DL$8:$DL$106,MATCH(A102,Überleitung!$A$8:$A$106,0),MATCH($A$6,Überleitung!$DL$5,0))=$C102,"",INDEX(Überleitung!$DL$8:$DL$106,MATCH(A102,Überleitung!$A$8:$A$106,0),MATCH($A$6,Überleitung!$DL$5,0))) | E102: =IF(C102=0,0,IF(B102*100/C102<-100,"<-100",IF(B102*100/C102>100,">100",B102*100/C102))) -> 0 | F102: =IF(D102="",0,IF(B102*100/D102<-100,"<-100",IF(B102*100/D102>100,">100",B102*100/D102))) -> 0
A103: Allgemeine Rücklagen (inkl. Eingliederungsrücklage) | B103: =INDEX(Überleitung!$C$8:$C$106,MATCH(A103,Überleitung!$A$8:$A$106,0),MATCH($A$6,Überleitung!$C$7,0)) -> 0 | C103: =INDEX(Überleitung!$DK$8:$DK$106,MATCH(A103,Überleitung!$A$8:$A$106,0),MATCH($A$6,Überleitung!$DK$5,0)) -> 0 | D103: =IF(INDEX(Überleitung!$DL$8:$DL$106,MATCH(A103,Überleitung!$A$8:$A$106,0),MATCH($A$6,Überleitung!$DL$5,0))=$C103,"",INDEX(Überleitung!$DL$8:$DL$106,MATCH(A103,Überleitung!$A$8:$A$106,0),MATCH($A$6,Überleitung!$DL$5,0))) | E103: =IF(C103=0,0,IF(B103*100/C103<-100,"<-100",IF(B103*100/C103>100,">100",B103*100/C103))) -> 0 | F103: =IF(D103="",0,IF(B103*100/D103<-100,"<-100",IF(B103*100/D103>100,">100",B103*100/D103))) -> 0
A105: Finanzsystem der BA | B105: ='ANBA-SGB III(Bildsch.optmiert)'!B106 -> 46084 | F105: Seite 1

Sheet ANBA - SGB III(barrierefrei)
A4: Finanzergebnisse der BA in regionaler Gliederung - (ANBA-Übersicht)
A5: Einnahmen und Ausgaben
A6: in Euro (Einnahmen werden mit negativen Vorzeichen dargestellt)
A7: Deutschland und Regionaldirektionsbezirke gemäß Gebietsstruktur der BA
A8: ='ANBA-SGB III(Bildsch.optmiert)'!A7 -> Berichtsmonat Februar 2026
A9: ='ANBA-SGB III(Bildsch.optmiert)'!A8 -> 46083
A11: Haushaltspositionen | B11: Deutschland | C11: RD-Bezirk Nord | D11: Schleswig-Holstein | E11: Hamburg | F11: Mecklenburg-Vorpommern | G11: RD-Bezirk Niedersachsen-Bremen | H11: Niedersachsen | I11: Bremen | J11: RD-Bezirk Nordrhein-Westfalen | K11: RD-Bezirk Hessen | L11: RD-Bezirk Rheinland-Pfalz-Saarland | M11: Rheinland-Pfalz | N11: Saarland | O11: RD-Bezirk Baden-Württemberg | P11: RD-Bezirk Bayern | Q11: RD-Bezirk Berlin-Brandenburg | R11: Berlin | S11: Brandenburg | T11: RD-Bezirk Sachsen-Anhalt-Thüringen | U11: Sachsen-Anhalt | V11: Thüringen | W11: RD-Bezirk Sachsen | X11: besondere Dienststellen und Zentrale
A13: Einnahmen | B13: =INDEX(Überleitung!$AE$8:$BF$106,MATCH($A13,Überleitung!$A$8:$A$106,0),MATCH(B$11,Überleitung!$AE$7:$BF$7,0)) -> -3.8623271e+09
A14: Beiträge | B14: =INDEX(Überleitung!$AE$8:$BF$106,MATCH($A14,Überleitung!$A$8:$A$106,0),MATCH(B$11,Überleitung!$AE$7:$BF$7,0)) -> -3.2231524e+09
A15: Verwaltungskostenerstattungen SGB II | B15: =INDEX(Überleitung!$AE$8:$BF$106,MATCH($A15,Überleitung!$A$8:$A$106,0),MATCH(B$11,Überleitung!$AE$7:$BF$7,0)) -> -3.3667814e+08
A16: Erst. Vw.-kosten Kap. 6 vom Bund | B16: =INDEX(Überleitung!$AE$8:$BF$106,MATCH($A16,Überleitung!$A$8:$A$106,0),MATCH(B$11,Überleitung!$AE$7:$BF$7,0)) -> -2.6595405e+08
A17: Erst. Vw.-kosten Kap. 5 vom Bund und von den zkT | B17: =INDEX(Überleitung!$AE$8:$BF$106,MATCH($A17,Überleitung!$A$8:$A$106,0),MATCH(B$11,Überleitung!$AE$7:$BF$7,0)) -> -70724092
A18: darunter: vom Bund | B18: =INDEX(Überleitung!$AE$8:$BF$106,MATCH($A18,Überleitung!$A$8:$A$106,0),MATCH(B$11,Überleitung!$AE$7:$BF$7,0)) -> -70631425
A19: darunter: von den zkT | B19: =INDEX(Überleitung!$AE$8:$BF$106,MATCH($A19,Überleitung!$A$8:$A$106,0),MATCH(B$11,Überleitung!$AE$7:$BF$7,0)) -> -92667.21
A20: Winterbeschäftigungs-Umlage | B20: =INDEX(Überleitung!$AE$8:$BF$106,MATCH($A20,Überleitung!$A$8:$A$106,0),MATCH(B$11,Überleitung!$AE$7:$BF$7,0)) -> -54772551
A21: Insolvenzgeld-Umlage | B21: =INDEX(Überleitung!$AE$8:$BF$106,MATCH($A21,Überleitung!$A$8:$A$106,0),MATCH(B$11,Überleitung!$AE$7:$BF$7,0)) -> -1.6481662e+08
A22: Erstattungen und Verwaltungseinnahmen | B22: =INDEX(Überleitung!$AE$8:$BF$106,MATCH($A22,Überleitung!$A$8:$A$106,0),MATCH(B$11,Überleitung!$AE$7:$BF$7,0)) -> -82907368
A23: Verwaltungskostenerstattungen | B23: =INDEX(Überleitung!$AE$8:$BF$106,MATCH($A23,Überleitung!$A$8:$A$106,0),MATCH(B$11,Überleitung!$AE$7:$BF$7,0)) -> -67741692
A24: Mittel aus der Ausgleichsabgabe | B24: =INDEX(Überleitung!$AE$8:$BF$106,MATCH($A24,Überleitung!$A$8:$A$106,0),MATCH(B$11,Überleitung!$AE$7:$BF$7,0)) -> 0
... A26: Verwaltungseinnahmen und sonstige Erstattungen | B26: =INDEX(Überleitung!$AE$8:$BF$106,MATCH($A26,Überleitung!$A$8:$A$106,0),MATCH(B$11,Überleitung!$AE$7:$BF$7,0)) -> -10757052
A27: Ausgaben | B27: =INDEX(Überleitung!$AE$8:$BF$106,MATCH($A27,Überleitung!$A$8:$A$106,0),MATCH(B$11,Überleitung!$AE$7:$BF$7,0)) -> 4.8457757e+09 | C27: =INDEX(Überleitung!$AE$8:$BF$106,MATCH($A27,Überleitung!$A$8:$A$106,0),MATCH(C$11,Überleitung!$AE$7:$BF$7,0)) -> 3.8432946e+08 | D27: =INDEX(Überleitung!$AE$8:$BF$106,MATCH($A27,Überleitung!$A$8:$A$106,0),MATCH(D$11,Überleitung!$AE$7:$BF$7,0)) -> 1.5849654e+08 | E27: =INDEX(Überleitung!$AE$8:$BF$106,MATCH($A27,Überleitung!$A$8:$A$106,0),MATCH(E$11,Überleitung!$AE$7:$BF$7,0)) -> 1.2889578e+08 | F27: =INDEX(Überleitung!$AE$8:$BF$106,MATCH($A27,Überleitung!$A$8:$A$106,0),MATCH(F$11,Überleitung!$AE$7:$BF$7,0)) -> 96043805 | G27: =INDEX(Überleitung!$AE$8:$BF$106,MATCH($A27,Überleitung!$A$8:$A$106,0),MATCH(G$11,Überleitung!$AE$7:$BF$7,0)) -> 4.8128111e+08 | H27: =INDEX(Überleitung!$AE$8:$BF$106,MATCH($A27,Überleitung!$A$8:$A$106,0),MATCH(H$11,Überleitung!$AE$7:$BF$7,0)) -> 4.2853559e+08 | I27: =INDEX(Überleitung!$AE$8:$BF$106,MATCH($A27,Überleitung!$A$8:$A$106,0),MATCH(I$11,Überleitung!$AE$7:$BF$7,0)) -> 51700603 | ... X27: =INDEX(Überleitung!$AE$8:$BF$106,MATCH($A27,Überleitung!$A$8:$A$106,0),MATCH(X$11,Überleitung!$AE$7:$BF$7,0)) -> 2.088724e+08
A28: Kapitel 2 - Eingliederungstitel | B28: =INDEX(Überleitung!$AE$8:$BF$106,MATCH($A28,Überleitung!$A$8:$A$106,0),MATCH(B$11,Überleitung!$AE$7:$BF$7,0)) -> 3.2125809e+08 | C28: =INDEX(Überleitung!$AE$8:$BF$106,MATCH($A28,Überleitung!$A$8:$A$106,0),MATCH(C$11,Überleitung!$AE$7:$BF$7,0)) -> 29302382 | D28: =INDEX(Überleitung!$AE$8:$BF$106,MATCH($A28,Überleitung!$A$8:$A$106,0),MATCH(D$11,Überleitung!$AE$7:$BF$7,0)) -> 11271399 | E28: =INDEX(Überleitung!$AE$8:$BF$106,MATCH($A28,Überleitung!$A$8:$A$106,0),MATCH(E$11,Überleitung!$AE$7:$BF$7,0)) -> 11161870 | F28: =INDEX(Überleitung!$AE$8:$BF$106,MATCH($A28,Überleitung!$A$8:$A$106,0),MATCH(F$11,Überleitung!$AE$7:$BF$7,0)) -> 6869112.9 | G28: =INDEX(Überleitung!$AE$8:$BF$106,MATCH($A28,Überleitung!$A$8:$A$106,0),MATCH(G$11,Überleitung!$AE$7:$BF$7,0)) -> 31299964 | H28: =INDEX(Überleitung!$AE$8:$BF$106,MATCH($A28,Überleitung!$A$8:$A$106,0),MATCH(H$11,Überleitung!$AE$7:$BF$7,0)) -> 27129324 | I28: =INDEX(Überleitung!$AE$8:$BF$106,MATCH($A28,Überleitung!$A$8:$A$106,0),MATCH(I$11,Überleitung!$AE$7:$BF$7,0)) -> 4170639.6 | ... X28: =INDEX(Überleitung!$AE$8:$BF$106,MATCH($A28,Überleitung!$A$8:$A$106,0),MATCH(X$11,Überleitung!$AE$7:$BF$7,0)) -> 33762.96
A29: Dezentral geplantes Budget | B29: =INDEX(Überleitung!$AE$8:$BF$106,MATCH($A29,Überleitung!$A$8:$A$106,0),MATCH(B$11,Überleitung!$AE$7:$BF$7,0)) -> 3.2125809e+08 | C29: =INDEX(Überleitung!$AE$8:$BF$106,MATCH($A29,Überleitung!$A$8:$A$106,0),MATCH(C$11,Überleitung!$AE$7:$BF$7,0)) -> 29302382 | D29: =INDEX(Überleitung!$AE$8:$BF$106,MATCH($A29,Überleitung!$A$8:$A$106,0),MATCH(D$11,Überleitung!$AE$7:$BF$7,0)) -> 11271399 | E29: =INDEX(Überleitung!$AE$8:$BF$106,MATCH($A29,Überleitung!$A$8:$A$106,0),MATCH(E$11,Überleitung!$AE$7:$BF$7,0)) -> 11161870 | F29: =INDEX(Überleitung!$AE$8:$BF$106,MATCH($A29,Überleitung!$A$8:$A$106,0),MATCH(F$11,Überleitung!$AE$7:$BF$7,0)) -> 6869112.9 | G29: =INDEX(Überleitung!$AE$8:$BF$106,MATCH($A29,Überleitung!$A$8:$A$106,0),MATCH(G$11,Überleitung!$AE$7:$BF$7,0)) -> 31299964 | H29: =INDEX(Überleitung!$AE$8:$BF$106,MATCH($A29,Überleitung!$A$8:$A$106,0),MATCH(H$11,Überleitung!$AE$7:$BF$7,0)) -> 27129324 | I29: =INDEX(Überleitung!$AE$8:$BF$106,MATCH($A29,Überleitung!$A$8:$A$106,0),MATCH(I$11,Überleitung!$AE$7:$BF$7,0)) -> 4170639.6 | ... X29: =INDEX(Überleitung!$AE$8:$BF$106,MATCH($A29,Überleitung!$A$8:$A$106,0),MATCH(X$11,Überleitung!$AE$7:$BF$7,0)) -> 33762.96
A30: Integrationsorientierte Instrumente | B30: =INDEX(Überleitung!$AE$8:$BF$106,MATCH($A30,Überleitung!$A$8:$A$106,0),MATCH(B$11,Überleitung!$AE$7:$BF$7,0)) -> 2.7296875e+08 | C30: =INDEX(Überleitung!$AE$8:$BF$106,MATCH($A30,Überleitung!$A$8:$A$106,0),MATCH(C$11,Überleitung!$AE$7:$BF$7,0)) -> 25247948 | D30: =INDEX(Überleitung!$AE$8:$BF$106,MATCH($A30,Überleitung!$A$8:$A$106,0),MATCH(D$11,Überleitung!$AE$7:$BF$7,0)) -> 9862938.1 | E30: =INDEX(Überleitung!$AE$8:$BF$106,MATCH($A30,Überleitung!$A$8:$A$106,0),MATCH(E$11,Überleitung!$AE$7:$BF$7,0)) -> 9466224.4 | F30: =INDEX(Überleitung!$AE$8:$BF$106,MATCH($A30,Überleitung!$A$8:$A$106,0),MATCH(F$11,Überleitung!$AE$7:$BF$7,0)) -> 5918785.1 | G30: =INDEX(Überleitung!$AE$8:$BF$106,MATCH($A30,Überleitung!$A$8:$A$106,0),MATCH(G$11,Überleitung!$AE$7:$BF$7,0)) -> 27117728 | H30: =INDEX(Überleitung!$AE$8:$BF$106,MATCH($A30,Überleitung!$A$8:$A$106,0),MATCH(H$11,Überleitung!$AE$7:$BF$7,0)) -> 23374794 | I30: =INDEX(Überleitung!$AE$8:$BF$106,MATCH($A30,Überleitung!$A$8:$A$106,0),MATCH(I$11,Überleitung!$AE$7:$BF$7,0)) -> 3742933.7 | ... X30: =INDEX(Überleitung!$AE$8:$BF$106,MATCH($A30,Überleitung!$A$8:$A$106,0),MATCH(X$11,Überleitung!$AE$7:$BF$7,0)) -> 33762.96
A31: Vermittlungsbudget nach § 44 SGB III | B31: =INDEX(Überleitung!$AE$8:$BF$106,MATCH($A31,Überleitung!$A$8:$A$106,0),MATCH(B$11,Überleitung!$AE$7:$BF$7,0)) -> 2294969.7 | C31: =INDEX(Überleitung!$AE$8:$BF$106,MATCH($A31,Überleitung!$A$8:$A$106,0),MATCH(C$11,Überleitung!$AE$7:$BF$7,0)) -> 278544.84 | D31: =INDEX(Überleitung!$AE$8:$BF$106,MATCH($A31,Überleitung!$A$8:$A$106,0),MATCH(D$11,Überleitung!$AE$7:$BF$7,0)) -> 144022.58 | E31: =INDEX(Überleitung!$AE$8:$BF$106,MATCH($A31,Überleitung!$A$8:$A$106,0),MATCH(E$11,Überleitung!$AE$7:$BF$7,0)) -> 55550.51 | F31: =INDEX(Überleitung!$AE$8:$BF$106,MATCH($A31,Überleitung!$A$8:$A$106,0),MATCH(F$11,Überleitung!$AE$7:$BF$7,0)) -> 78971.75 | G31: =INDEX(Überleitung!$AE$8:$BF$106,MATCH($A31,Überleitung!$A$8:$A$106,0),MATCH(G$11,Überleitung!$AE$7:$BF$7,0)) -> 273581.57 | H31: =INDEX(Überleitung!$AE$8:$BF$106,MATCH($A31,Überleitung!$A$8:$A$106,0),MATCH(H$11,Überleitung!$AE$7:$BF$7,0)) -> 244492.79 | I31: =INDEX(Überleitung!$AE$8:$BF$106,MATCH($A31,Überleitung!$A$8:$A$106,0),MATCH(I$11,Überleitung!$AE$7:$BF$7,0)) -> 29088.78 | ... X31: =INDEX(Überleitung!$AE$8:$BF$106,MATCH($A31,Überleitung!$A$8:$A$106,0),MATCH(X$11,Überleitung!$AE$7:$BF$7,0)) -> 33762.96
A32: Aktivierung und berufliche Eingliederung | B32: =INDEX(Überleitung!$AE$8:$BF$106,MATCH($A32,Überleitung!$A$8:$A$106,0),MATCH(B$11,Überleitung!$AE$7:$BF$7,0)) -> 26501222 | C32: =INDEX(Überleitung!$AE$8:$BF$106,MATCH($A32,Überleitung!$A$8:$A$106,0),MATCH(C$11,Überleitung!$AE$7:$BF$7,0)) -> 1618563.1 | D32: =INDEX(Überleitung!$AE$8:$BF$106,MATCH($A32,Überleitung!$A$8:$A$106,0),MATCH(D$11,Überleitung!$AE$7:$BF$7,0)) -> 877593.18 | E32: =INDEX(Überleitung!$AE$8:$BF$106,MATCH($A32,Überleitung!$A$8:$A$106,0),MATCH(E$11,Überleitung!$AE$7:$BF$7,0)) -> 318412.34 | F32: =INDEX(Überleitung!$AE$8:$BF$106,MATCH($A32,Überleitung!$A$8:$A$106,0),MATCH(F$11,Überleitung!$AE$7:$BF$7,0)) -> 422557.6 | G32: =INDEX(Überleitung!$AE$8:$BF$106,MATCH($A32,Überleitung!$A$8:$A$106,0),MATCH(G$11,Überleitung!$AE$7:$BF$7,0)) -> 2473877.5 | H32: =INDEX(Überleitung!$AE$8:$BF$106,MATCH($A32,Überleitung!$A$8:$A$106,0),MATCH(H$11,Überleitung!$AE$7:$BF$7,0)) -> 2272782.6 | I32: =INDEX(Überleitung!$AE$8:$BF$106,MATCH($A32,Überleitung!$A$8:$A$106,0),MATCH(I$11,Überleitung!$AE$7:$BF$7,0)) -> 201094.89 | ... X32: =INDEX(Überleitung!$AE$8:$BF$106,MATCH($A32,Überleitung!$A$8:$A$106,0),MATCH(X$11,Überleitung!$AE$7:$BF$7,0)) -> 0
A33: Reisekosten nach § 309 SGB III | B33: =INDEX(Überleitung!$AE$8:$BF$106,MATCH($A33,Überleitung!$A$8:$A$106,0),MATCH(B$11,Überleitung!$AE$7:$BF$7,0)) -> 54623.86 | C33: =INDEX(Überleitung!$AE$8:$BF$106,MATCH($A33,Überleitung!$A$8:$A$106,0),MATCH(C$11,Überleitung!$AE$7:$BF$7,0)) -> 6971.42 | D33: =INDEX(Überleitung!$AE$8:$BF$106,MATCH($A33,Überleitung!$A$8:$A$106,0),MATCH(D$11,Überleitung!$AE$7:$BF$7,0)) -> 1765.35 | E33: =INDEX(Überleitung!$AE$8:$BF$106,MATCH($A33,Überleitung!$A$8:$A$106,0),MATCH(E$11,Überleitung!$AE$7:$BF$7,0)) -> 88.85 | F33: =INDEX(Überleitung!$AE$8:$BF$106,MATCH($A33,Überleitung!$A$8:$A$106,0),MATCH(F$11,Überleitung!$AE$7:$BF$7,0)) -> 5117.22 | G33: =INDEX(Überleitung!$AE$8:$BF$106,MATCH($A33,Überleitung!$A$8:$A$106,0),MATCH(G$11,Überleitung!$AE$7:$BF$7,0)) -> 5488.53 | H33: =INDEX(Überleitung!$AE$8:$BF$106,MATCH($A33,Überleitung!$A$8:$A$106,0),MATCH(H$11,Überleitung!$AE$7:$BF$7,0)) -> 5410.65 | I33: =INDEX(Überleitung!$AE$8:$BF$106,MATCH($A33,Überleitung!$A$8:$A$106,0),MATCH(I$11,Überleitung!$AE$7:$BF$7,0)) -> 77.88 | ... X33: =INDEX(Überleitung!$AE$8:$BF$106,MATCH($A33,Überleitung!$A$8:$A$106,0),MATCH(X$11,Überleitung!$AE$7:$BF$7,0)) -> 0
A34: Eingliederungszuschüsse (Egz) | B34: =INDEX(Überleitung!$AE$8:$BF$106,MATCH($A34,Überleitung!$A$8:$A$106,0),MATCH(B$11,Überleitung!$AE$7:$BF$7,0)) -> 14604121 | C34: =INDEX(Überleitung!$AE$8:$BF$106,MATCH($A34,Überleitung!$A$8:$A$106,0),MATCH(C$11,Überleitung!$AE$7:$BF$7,0)) -> 871465.35 | D34: =INDEX(Überleitung!$AE$8:$BF$106,MATCH($A34,Überleitung!$A$8:$A$106,0),MATCH(D$11,Überleitung!$AE$7:$BF$7,0)) -> 271810.8 | E34: =INDEX(Überleitung!$AE$8:$BF$106,MATCH($A34,Überleitung!$A$8:$A$106,0),MATCH(E$11,Überleitung!$AE$7:$BF$7,0)) -> 157576.09 | F34: =INDEX(Überleitung!$AE$8:$BF$106,MATCH($A34,Überleitung!$A$8:$A$106,0),MATCH(F$11,Überleitung!$AE$7:$BF$7,0)) -> 442078.46 | G34: =INDEX(Überleitung!$AE$8:$BF$106,MATCH($A34,Überleitung!$A$8:$A$106,0),MATCH(G$11,Überleitung!$AE$7:$BF$7,0)) -> 1426653.9 | H34: =INDEX(Überleitung!$AE$8:$BF$106,MATCH($A34,Überleitung!$A$8:$A$106,0),MATCH(H$11,Überleitung!$AE$7:$BF$7,0)) -> 1311900.2 | I34: =INDEX(Überleitung!$AE$8:$BF$106,MATCH($A34,Überleitung!$A$8:$A$106,0),MATCH(I$11,Überleitung!$AE$7:$BF$7,0)) -> 114753.69 | ... X34: =INDEX(Überleitung!$AE$8:$BF$106,MATCH($A34,Überleitung!$A$8:$A$106,0),MATCH(X$11,Überleitung!$AE$7:$BF$7,0)) -> 0
A35: Förderung der beruflichen Weiterbildung (FbW) | B35: =INDEX(Überleitung!$AE$8:$BF$106,MATCH($A35,Überleitung!$A$8:$A$106,0),MATCH(B$11,Überleitung!$AE$7:$BF$7,0)) -> 2.2951407e+08 | C35: =INDEX(Überleitung!$AE$8:$BF$106,MATCH($A35,Überleitung!$A$8:$A$106,0),MATCH(C$11,Überleitung!$AE$7:$BF$7,0)) -> 22472415 | D35: =INDEX(Überleitung!$AE$8:$BF$106,MATCH($A35,Überleitung!$A$8:$A$106,0),MATCH(D$11,Überleitung!$AE$7:$BF$7,0)) -> 8567746.1 | E35: =INDEX(Überleitung!$AE$8:$BF$106,MATCH($A35,Überleitung!$A$8:$A$106,0),MATCH(E$11,Überleitung!$AE$7:$BF$7,0)) -> 8934596.6 | F35: =INDEX(Überleitung!$AE$8:$BF$106,MATCH($A35,Überleitung!$A$8:$A$106,0),MATCH(F$11,Überleitung!$AE$7:$BF$7,0)) -> 4970071.9 | G35: =INDEX(Überleitung!$AE$8:$BF$106,MATCH($A35,Überleitung!$A$8:$A$106,0),MATCH(G$11,Überleitung!$AE$7:$BF$7,0)) -> 22938157 | H35: =INDEX(Überleitung!$AE$8:$BF$106,MATCH($A35,Überleitung!$A$8:$A$106,0),MATCH(H$11,Überleitung!$AE$7:$BF$7,0)) -> 19540238 | I35: =INDEX(Überleitung!$AE$8:$BF$106,MATCH($A35,Überleitung!$A$8:$A$106,0),MATCH(I$11,Überleitung!$AE$7:$BF$7,0)) -> 3397918.5 | ... X35: =INDEX(Überleitung!$AE$8:$BF$106,MATCH($A35,Überleitung!$A$8:$A$106,0),MATCH(X$11,Überleitung!$AE$7:$BF$7,0)) -> 0
A36: Freie Förderung | B36: =INDEX(Überleitung!$AE$8:$BF$106,MATCH($A36,Überleitung!$A$8:$A$106,0),MATCH(B$11,Überleitung!$AE$7:$BF$7,0)) -> -251.86 | C36: =INDEX(Überleitung!$AE$8:$BF$106,MATCH($A36,Überleitung!$A$8:$A$106,0),MATCH(C$11,Überleitung!$AE$7:$BF$7,0)) -> -11.86 | D36: =INDEX(Überleitung!$AE$8:$BF$106,MATCH($A36,Überleitung!$A$8:$A$106,0),MATCH(D$11,Überleitung!$AE$7:$BF$7,0)) -> 0 | E36: =INDEX(Überleitung!$AE$8:$BF$106,MATCH($A36,Überleitung!$A$8:$A$106,0),MATCH(E$11,Überleitung!$AE$7:$BF$7,0)) -> 0 | F36: =INDEX(Überleitung!$AE$8:$BF$106,MATCH($A36,Überleitung!$A$8:$A$106,0),MATCH(F$11,Überleitung!$AE$7:$BF$7,0)) -> -11.86 | G36: =INDEX(Überleitung!$AE$8:$BF$106,MATCH($A36,Überleitung!$A$8:$A$106,0),MATCH(G$11,Überleitung!$AE$7:$BF$7,0)) -> -30 | H36: =INDEX(Überleitung!$AE$8:$BF$106,MATCH($A36,Überleitung!$A$8:$A$106,0),MATCH(H$11,Überleitung!$AE$7:$BF$7,0)) -> -30 | I36: =INDEX(Überleitung!$AE$8:$BF$106,MATCH($A36,Überleitung!$A$8:$A$106,0),MATCH(I$11,Überleitung!$AE$7:$BF$7,0)) -> 0 | ... X36: =INDEX(Überleitung!$AE$8:$BF$106,MATCH($A36,Überleitung!$A$8:$A$106,0),MATCH(X$11,Überleitung!$AE$7:$BF$7,0)) -> 0
A37: Spezielle Maßnahmen für Jüngere | B37: =INDEX(Überleitung!$AE$8:$BF$106,MATCH($A37,Überleitung!$A$8:$A$106,0),MATCH(B$11,Überleitung!$AE$7:$BF$7,0)) -> 13582335 | C37: =INDEX(Überleitung!$AE$8:$BF$106,MATCH($A37,Überleitung!$A$8:$A$106,0),MATCH(C$11,Überleitung!$AE$7:$BF$7,0)) -> 1063980.3 | D37: =INDEX(Überleitung!$AE$8:$BF$106,MATCH($A37,Überleitung!$A$8:$A$106,0),MATCH(D$11,Überleitung!$AE$7:$BF$7,0)) -> 404915.95 | E37: =INDEX(Überleitung!$AE$8:$BF$106,MATCH($A37,Überleitung!$A$8:$A$106,0),MATCH(E$11,Überleitung!$AE$7:$BF$7,0)) -> 129670.18 | F37: =INDEX(Überleitung!$AE$8:$BF$106,MATCH($A37,Überleitung!$A$8:$A$106,0),MATCH(F$11,Überleitung!$AE$7:$BF$7,0)) -> 529394.19 | G37: =INDEX(Überleitung!$AE$8:$BF$106,MATCH($A37,Überleitung!$A$8:$A$106,0),MATCH(G$11,Überleitung!$AE$7:$BF$7,0)) -> 1319196.3 | H37: =INDEX(Überleitung!$AE$8:$BF$106,MATCH($A37,Überleitung!$A$8:$A$106,0),MATCH(H$11,Überleitung!$AE$7:$BF$7,0)) -> 1192311.1 | I37: =INDEX(Überleitung!$AE$8:$BF$106,MATCH($A37,Überleitung!$A$8:$A$106,0),MATCH(I$11,Überleitung!$AE$7:$BF$7,0)) -> 126885.19 | ... X37: =INDEX(Überleitung!$AE$8:$BF$106,MATCH($A37,Überleitung!$A$8:$A$106,0),MATCH(X$11,Überleitung!$AE$7:$BF$7,0)) -> 0
A38: Berufsausbildung in außerbetrieblichen Einrichtungen (BaE) | B38: =INDEX(Überleitung!$AE$8:$BF$106,MATCH($A38,Überleitung!$A$8:$A$106,0),MATCH(B$11,Überleitung!$AE$7:$BF$7,0)) -> 2327827 | C38: =INDEX(Überleitung!$AE$8:$BF$106,MATCH($A38,Überleitung!$A$8:$A$106,0),MATCH(C$11,Überleitung!$AE$7:$BF$7,0)) -> 117176.3 | D38: =INDEX(Überleitung!$AE$8:$BF$106,MATCH($A38,Überleitung!$A$8:$A$106,0),MATCH(D$11,Überleitung!$AE$7:$BF$7,0)) -> 66453.81 | E38: =INDEX(Überleitung!$AE$8:$BF$106,MATCH($A38,Überleitung!$A$8:$A$106,0),MATCH(E$11,Überleitung!$AE$7:$BF$7,0)) -> 41087.79 | F38: =INDEX(Überleitung!$AE$8:$BF$106,MATCH($A38,Überleitung!$A$8:$A$106,0),MATCH(F$11,Überleitung!$AE$7:$BF$7,0)) -> 9634.7 | G38: =INDEX(Überleitung!$AE$8:$BF$106,MATCH($A38,Überleitung!$A$8:$A$106,0),MATCH(G$11,Überleitung!$AE$7:$BF$7,0)) -> 386823.39 | H38: =INDEX(Überleitung!$AE$8:$BF$106,MATCH($A38,Überleitung!$A$8:$A$106,0),MATCH(H$11,Überleitung!$AE$7:$BF$7,0)) -> 356766.84 | I38: =INDEX(Überleitung!$AE$8:$BF$106,MATCH($A38,Überleitung!$A$8:$A$106,0),MATCH(I$11,Überleitung!$AE$7:$BF$7,0)) -> 30056.55 | ... X38: =INDEX(Überleitung!$AE$8:$BF$106,MATCH($A38,Überleitung!$A$8:$A$106,0),MATCH(X$11,Überleitung!$AE$7:$BF$7,0)) -> 0
... A96: Ausgaben f. überörtliche Aufgaben SGB II (üKo - ohne Pers.) | B96: =INDEX(Überleitung!$AE$8:$BF$106,MATCH($A96,Überleitung!$A$8:$A$106,0),MATCH(B$11,Überleitung!$AE$7:$BF$7,0)) -> 373814.89 | C96: =INDEX(Überleitung!$AE$8:$BF$106,MATCH($A96,Überleitung!$A$8:$A$106,0),MATCH(C$11,Überleitung!$AE$7:$BF$7,0)) -> 0 | D96: =INDEX(Überleitung!$AE$8:$BF$106,MATCH($A96,Überleitung!$A$8:$A$106,0),MATCH(D$11,Überleitung!$AE$7:$BF$7,0)) -> 0 | E96: =INDEX(Überleitung!$AE$8:$BF$106,MATCH($A96,Überleitung!$A$8:$A$106,0),MATCH(E$11,Überleitung!$AE$7:$BF$7,0)) -> 0 | F96: =INDEX(Überleitung!$AE$8:$BF$106,MATCH($A96,Überleitung!$A$8:$A$106,0),MATCH(F$11,Überleitung!$AE$7:$BF$7,0)) -> 0 | G96: =INDEX(Überleitung!$AE$8:$BF$106,MATCH($A96,Überleitung!$A$8:$A$106,0),MATCH(G$11,Überleitung!$AE$7:$BF$7,0)) -> 0 | H96: =INDEX(Überleitung!$AE$8:$BF$106,MATCH($A96,Überleitung!$A$8:$A$106,0),MATCH(H$11,Überleitung!$AE$7:$BF$7,0)) -> 0 | I96: =INDEX(Überleitung!$AE$8:$BF$106,MATCH($A96,Überleitung!$A$8:$A$106,0),MATCH(I$11,Überleitung!$AE$7:$BF$7,0)) -> 0 | ... X96: =INDEX(Überleitung!$AE$8:$BF$106,MATCH($A96,Überleitung!$A$8:$A$106,0),MATCH(X$11,Überleitung!$AE$7:$BF$7,0)) -> 373531.9
A97: Finanzierungssaldo (Überschuss (-) Defizit (+)) | B97: =INDEX(Überleitung!$AE$8:$BF$106,MATCH($A97,Überleitung!$A$8:$A$106,0),MATCH(B$11,Überleitung!$AE$7:$BF$7,0)) -> 9.8344864e+08
A98: nachrichtlich: Zuführung (+) Entnahme (-)
A99: Bundesdarlehen | B99: =INDEX(Überleitung!$AE$8:$BF$106,MATCH($A99,Überleitung!$A$8:$A$106,0),MATCH(B$11,Überleitung!$AE$7:$BF$7,0)) -> 0
A100: Darlehenstilgung | B100: =INDEX(Überleitung!$AE$8:$BF$106,MATCH($A100,Überleitung!$A$8:$A$106,0),MATCH(B$11,Überleitung!$AE$7:$BF$7,0)) -> 0
A101: Insolvenzgeldrücklage | B101: =INDEX(Überleitung!$AE$8:$BF$106,MATCH($A101,Überleitung!$A$8:$A$106,0),MATCH(B$11,Überleitung!$AE$7:$BF$7,0)) -> 0
A102: Winterbeschäftigungsrücklage | B102: =INDEX(Überleitung!$AE$8:$BF$106,MATCH($A102,Überleitung!$A$8:$A$106,0),MATCH(B$11,Überleitung!$AE$7:$BF$7,0)) -> 0
A103: Allgemeine Rücklagen (inkl. Eingliederungsrücklage) | B103: =INDEX(Überleitung!$AE$8:$BF$106,MATCH($A103,Überleitung!$A$8:$A$106,0),MATCH(B$11,Überleitung!$AE$7:$BF$7,0)) -> 0
A105: Finanzsystem der BA | K105: ='ANBA-SGB III(Bildsch.optmiert)'!B106 -> 46084 | X105: Seite 1
A112: Finanzergebnisse der BA in regionaler Gliederung - (ANBA-Übersicht)
A113: Einnahmen und Ausgaben
A114: in Euro (Einnahmen werden mit negativen Vorzeichen dargestellt)
A115: Deutschland und Regionaldirektionsbezirke gemäß Gebietsstruktur der BA
A116: ='ANBA-SGB III(Bildsch.optmiert)'!A7 -> Berichtsmonat Februar 2026
A117: ='ANBA-SGB III(Bildsch.optmiert)'!A8 -> 46083
A119: Haushaltspositionen | B119: Deutschland | C119: RD-Bezirk Nord | D119: Schleswig-Holstein | E119: Hamburg | F119: Mecklenburg-Vorpommern | G119: RD-Bezirk Niedersachsen-Bremen | H119: Niedersachsen | I119: Bremen | J119: RD-Bezirk Nordrhein-Westfalen | K119: RD-Bezirk Hessen | L119: RD-Bezirk Rheinland-Pfalz-Saarland | M119: Rheinland-Pfalz | N119: Saarland | O119: RD-Bezirk Baden-Württemberg | P119: RD-Bezirk Bayern | Q119: RD-Bezirk Berlin-Brandenburg | R119: Berlin | S119: Brandenburg | T119: RD-Bezirk Sachsen-Anhalt-Thüringen | U119: Sachsen-Anhalt | V119: Thüringen | W119: RD-Bezirk Sachsen | X119: besondere Dienststellen und Zentrale
A121: Einnahmen | B121: =INDEX(Überleitung!$C$8:$AD$106,MATCH($A121,Überleitung!$A$8:$A$106,0),MATCH(B$11,Überleitung!$C$7:$AD$7,0)) -> -7.6932795e+09
A122: Beiträge | B122: =INDEX(Überleitung!$C$8:$AD$106,MATCH($A122,Überleitung!$A$8:$A$106,0),MATCH(B$11,Überleitung!$C$7:$AD$7,0)) -> -6.4709754e+09
A123: Verwaltungskostenerstattungen SGB II | B123: =INDEX(Überleitung!$C$8:$AD$106,MATCH($A123,Überleitung!$A$8:$A$106,0),MATCH(B$11,Überleitung!$C$7:$AD$7,0)) -> -6.3617718e+08
A124: Erst. Vw.-kosten Kap. 6 vom Bund | B124: =INDEX(Überleitung!$C$8:$AD$106,MATCH($A124,Überleitung!$A$8:$A$106,0),MATCH(B$11,Überleitung!$C$7:$AD$7,0)) -> -5.1900903e+08
A125: Erst. Vw.-kosten Kap. 5 vom Bund und von den zkT | B125: =INDEX(Überleitung!$C$8:$AD$106,MATCH($A125,Überleitung!$A$8:$A$106,0),MATCH(B$11,Überleitung!$C$7:$AD$7,0)) -> -1.1716815e+08
A126: darunter: vom Bund | B126: =INDEX(Überleitung!$C$8:$AD$106,MATCH($A126,Überleitung!$A$8:$A$106,0),MATCH(B$11,Überleitung!$C$7:$AD$7,0)) -> -1.1702632e+08
A127: darunter: von den zkT | B127: =INDEX(Überleitung!$C$8:$AD$106,MATCH($A127,Überleitung!$A$8:$A$106,0),MATCH(B$11,Überleitung!$C$7:$AD$7,0)) -> -141834.62
A128: Winterbeschäftigungs-Umlage | B128: =INDEX(Überleitung!$C$8:$AD$106,MATCH($A128,Überleitung!$A$8:$A$106,0),MATCH(B$11,Überleitung!$C$7:$AD$7,0)) -> -90298647
A129: Insolvenzgeld-Umlage | B129: =INDEX(Überleitung!$C$8:$AD$106,MATCH($A129,Überleitung!$A$8:$A$106,0),MATCH(B$11,Überleitung!$C$7:$AD$7,0)) -> -3.3150524e+08
A130: Erstattungen und Verwaltungseinnahmen | B130: =INDEX(Überleitung!$C$8:$AD$106,MATCH($A130,Überleitung!$A$8:$A$106,0),MATCH(B$11,Überleitung!$C$7:$AD$7,0)) -> -1.6432303e+08
A131: Verwaltungskostenerstattungen | B131: =INDEX(Überleitung!$C$8:$AD$106,MATCH($A131,Überleitung!$A$8:$A$106,0),MATCH(B$11,Überleitung!$C$7:$AD$7,0)) -> -1.3175912e+08
A132: Mittel aus der Ausgleichsabgabe | B132: =INDEX(Überleitung!$C$8:$AD$106,MATCH($A132,Überleitung!$A$8:$A$106,0),MATCH(B$11,Überleitung!$C$7:$AD$7,0)) -> 0
... A134: Verwaltungseinnahmen und sonstige Erstattungen | B134: =INDEX(Überleitung!$C$8:$AD$106,MATCH($A134,Überleitung!$A$8:$A$106,0),MATCH(B$11,Überleitung!$C$7:$AD$7,0)) -> -24942862
A135: Ausgaben | B135: =INDEX(Überleitung!$C$8:$AD$106,MATCH($A135,Überleitung!$A$8:$A$106,0),MATCH(B$11,Überleitung!$C$7:$AD$7,0)) -> 9.5643086e+09 | C135: =INDEX(Überleitung!$C$8:$AD$106,MATCH($A135,Überleitung!$A$8:$A$106,0),MATCH(C$11,Überleitung!$C$7:$AD$7,0)) -> 7.3417877e+08 | D135: =INDEX(Überleitung!$C$8:$AD$106,MATCH($A135,Überleitung!$A$8:$A$106,0),MATCH(D$11,Überleitung!$C$7:$AD$7,0)) -> 2.9644965e+08 | E135: =INDEX(Überleitung!$C$8:$AD$106,MATCH($A135,Überleitung!$A$8:$A$106,0),MATCH(E$11,Überleitung!$C$7:$AD$7,0)) -> 2.5359975e+08 | F135: =INDEX(Überleitung!$C$8:$AD$106,MATCH($A135,Überleitung!$A$8:$A$106,0),MATCH(F$11,Überleitung!$C$7:$AD$7,0)) -> 1.8239668e+08 | G135: =INDEX(Überleitung!$C$8:$AD$106,MATCH($A135,Überleitung!$A$8:$A$106,0),MATCH(G$11,Überleitung!$C$7:$AD$7,0)) -> 9.0077658e+08 | H135: =INDEX(Überleitung!$C$8:$AD$106,MATCH($A135,Überleitung!$A$8:$A$106,0),MATCH(H$11,Überleitung!$C$7:$AD$7,0)) -> 7.992554e+08 | I135: =INDEX(Überleitung!$C$8:$AD$106,MATCH($A135,Überleitung!$A$8:$A$106,0),MATCH(I$11,Überleitung!$C$7:$AD$7,0)) -> 99454870 | ... X135: =INDEX(Überleitung!$C$8:$AD$106,MATCH($A135,Überleitung!$A$8:$A$106,0),MATCH(X$11,Überleitung!$C$7:$AD$7,0)) -> 7.4209575e+08
A136: Kapitel 2 - Eingliederungstitel | B136: =INDEX(Überleitung!$C$8:$AD$106,MATCH($A136,Überleitung!$A$8:$A$106,0),MATCH(B$11,Überleitung!$C$7:$AD$7,0)) -> 6.3904559e+08 | C136: =INDEX(Überleitung!$C$8:$AD$106,MATCH($A136,Überleitung!$A$8:$A$106,0),MATCH(C$11,Überleitung!$C$7:$AD$7,0)) -> 58387966 | D136: =INDEX(Überleitung!$C$8:$AD$106,MATCH($A136,Überleitung!$A$8:$A$106,0),MATCH(D$11,Überleitung!$C$7:$AD$7,0)) -> 22209034 | E136: =INDEX(Überleitung!$C$8:$AD$106,MATCH($A136,Überleitung!$A$8:$A$106,0),MATCH(E$11,Überleitung!$C$7:$AD$7,0)) -> 22519859 | F136: =INDEX(Überleitung!$C$8:$AD$106,MATCH($A136,Überleitung!$A$8:$A$106,0),MATCH(F$11,Überleitung!$C$7:$AD$7,0)) -> 13659072 | G136: =INDEX(Überleitung!$C$8:$AD$106,MATCH($A136,Überleitung!$A$8:$A$106,0),MATCH(G$11,Überleitung!$C$7:$AD$7,0)) -> 61381744 | H136: =INDEX(Überleitung!$C$8:$AD$106,MATCH($A136,Überleitung!$A$8:$A$106,0),MATCH(H$11,Überleitung!$C$7:$AD$7,0)) -> 53178266 | I136: =INDEX(Überleitung!$C$8:$AD$106,MATCH($A136,Überleitung!$A$8:$A$106,0),MATCH(I$11,Überleitung!$C$7:$AD$7,0)) -> 8203478.2 | ... X136: =INDEX(Überleitung!$C$8:$AD$106,MATCH($A136,Überleitung!$A$8:$A$106,0),MATCH(X$11,Überleitung!$C$7:$AD$7,0)) -> 65483.19
A137: Dezentral geplantes Budget | B137: =INDEX(Überleitung!$C$8:$AD$106,MATCH($A137,Überleitung!$A$8:$A$106,0),MATCH(B$11,Überleitung!$C$7:$AD$7,0)) -> 6.3904559e+08 | C137: =INDEX(Überleitung!$C$8:$AD$106,MATCH($A137,Überleitung!$A$8:$A$106,0),MATCH(C$11,Überleitung!$C$7:$AD$7,0)) -> 58387966 | D137: =INDEX(Überleitung!$C$8:$AD$106,MATCH($A137,Überleitung!$A$8:$A$106,0),MATCH(D$11,Überleitung!$C$7:$AD$7,0)) -> 22209034 | E137: =INDEX(Überleitung!$C$8:$AD$106,MATCH($A137,Überleitung!$A$8:$A$106,0),MATCH(E$11,Überleitung!$C$7:$AD$7,0)) -> 22519859 | F137: =INDEX(Überleitung!$C$8:$AD$106,MATCH($A137,Überleitung!$A$8:$A$106,0),MATCH(F$11,Überleitung!$C$7:$AD$7,0)) -> 13659072 | G137: =INDEX(Überleitung!$C$8:$AD$106,MATCH($A137,Überleitung!$A$8:$A$106,0),MATCH(G$11,Überleitung!$C$7:$AD$7,0)) -> 61381744 | H137: =INDEX(Überleitung!$C$8:$AD$106,MATCH($A137,Überleitung!$A$8:$A$106,0),MATCH(H$11,Überleitung!$C$7:$AD$7,0)) -> 53178266 | I137: =INDEX(Überleitung!$C$8:$AD$106,MATCH($A137,Überleitung!$A$8:$A$106,0),MATCH(I$11,Überleitung!$C$7:$AD$7,0)) -> 8203478.2 | ... X137: =INDEX(Überleitung!$C$8:$AD$106,MATCH($A137,Überleitung!$A$8:$A$106,0),MATCH(X$11,Überleitung!$C$7:$AD$7,0)) -> 65483.19
A138: Integrationsorientierte Instrumente | B138: =INDEX(Überleitung!$C$8:$AD$106,MATCH($A138,Überleitung!$A$8:$A$106,0),MATCH(B$11,Überleitung!$C$7:$AD$7,0)) -> 5.4197478e+08 | C138: =INDEX(Überleitung!$C$8:$AD$106,MATCH($A138,Überleitung!$A$8:$A$106,0),MATCH(C$11,Überleitung!$C$7:$AD$7,0)) -> 50541928 | D138: =INDEX(Überleitung!$C$8:$AD$106,MATCH($A138,Überleitung!$A$8:$A$106,0),MATCH(D$11,Überleitung!$C$7:$AD$7,0)) -> 19442715 | E138: =INDEX(Überleitung!$C$8:$AD$106,MATCH($A138,Überleitung!$A$8:$A$106,0),MATCH(E$11,Überleitung!$C$7:$AD$7,0)) -> 19068388 | F138: =INDEX(Überleitung!$C$8:$AD$106,MATCH($A138,Überleitung!$A$8:$A$106,0),MATCH(F$11,Überleitung!$C$7:$AD$7,0)) -> 12030825 | G138: =INDEX(Überleitung!$C$8:$AD$106,MATCH($A138,Überleitung!$A$8:$A$106,0),MATCH(G$11,Überleitung!$C$7:$AD$7,0)) -> 52875585 | H138: =INDEX(Überleitung!$C$8:$AD$106,MATCH($A138,Überleitung!$A$8:$A$106,0),MATCH(H$11,Überleitung!$C$7:$AD$7,0)) -> 45537458 | I138: =INDEX(Überleitung!$C$8:$AD$106,MATCH($A138,Überleitung!$A$8:$A$106,0),MATCH(I$11,Überleitung!$C$7:$AD$7,0)) -> 7338126.6 | ... X138: =INDEX(Überleitung!$C$8:$AD$106,MATCH($A138,Überleitung!$A$8:$A$106,0),MATCH(X$11,Überleitung!$C$7:$AD$7,0)) -> 65483.19
A139: Vermittlungsbudget nach § 44 SGB III | B139: =INDEX(Überleitung!$C$8:$AD$106,MATCH($A139,Überleitung!$A$8:$A$106,0),MATCH(B$11,Überleitung!$C$7:$AD$7,0)) -> 4335149.9 | C139: =INDEX(Überleitung!$C$8:$AD$106,MATCH($A139,Überleitung!$A$8:$A$106,0),MATCH(C$11,Überleitung!$C$7:$AD$7,0)) -> 564621.02 | D139: =INDEX(Überleitung!$C$8:$AD$106,MATCH($A139,Überleitung!$A$8:$A$106,0),MATCH(D$11,Überleitung!$C$7:$AD$7,0)) -> 288362.84 | E139: =INDEX(Überleitung!$C$8:$AD$106,MATCH($A139,Überleitung!$A$8:$A$106,0),MATCH(E$11,Überleitung!$C$7:$AD$7,0)) -> 112487.27 | F139: =INDEX(Überleitung!$C$8:$AD$106,MATCH($A139,Überleitung!$A$8:$A$106,0),MATCH(F$11,Überleitung!$C$7:$AD$7,0)) -> 163770.91 | G139: =INDEX(Überleitung!$C$8:$AD$106,MATCH($A139,Überleitung!$A$8:$A$106,0),MATCH(G$11,Überleitung!$C$7:$AD$7,0)) -> 512386.24 | H139: =INDEX(Überleitung!$C$8:$AD$106,MATCH($A139,Überleitung!$A$8:$A$106,0),MATCH(H$11,Überleitung!$C$7:$AD$7,0)) -> 454491.31 | I139: =INDEX(Überleitung!$C$8:$AD$106,MATCH($A139,Überleitung!$A$8:$A$106,0),MATCH(I$11,Überleitung!$C$7:$AD$7,0)) -> 57894.93 | ... X139: =INDEX(Überleitung!$C$8:$AD$106,MATCH($A139,Überleitung!$A$8:$A$106,0),MATCH(X$11,Überleitung!$C$7:$AD$7,0)) -> 55519.88
A140: Aktivierung und berufliche Eingliederung | B140: =INDEX(Überleitung!$C$8:$AD$106,MATCH($A140,Überleitung!$A$8:$A$106,0),MATCH(B$11,Überleitung!$C$7:$AD$7,0)) -> 53225638 | C140: =INDEX(Überleitung!$C$8:$AD$106,MATCH($A140,Überleitung!$A$8:$A$106,0),MATCH(C$11,Überleitung!$C$7:$AD$7,0)) -> 3227043.6 | D140: =INDEX(Überleitung!$C$8:$AD$106,MATCH($A140,Überleitung!$A$8:$A$106,0),MATCH(D$11,Überleitung!$C$7:$AD$7,0)) -> 1749084 | E140: =INDEX(Überleitung!$C$8:$AD$106,MATCH($A140,Überleitung!$A$8:$A$106,0),MATCH(E$11,Überleitung!$C$7:$AD$7,0)) -> 650271.83 | F140: =INDEX(Überleitung!$C$8:$AD$106,MATCH($A140,Überleitung!$A$8:$A$106,0),MATCH(F$11,Überleitung!$C$7:$AD$7,0)) -> 827687.78 | G140: =INDEX(Überleitung!$C$8:$AD$106,MATCH($A140,Überleitung!$A$8:$A$106,0),MATCH(G$11,Überleitung!$C$7:$AD$7,0)) -> 4931209.4 | H140: =INDEX(Überleitung!$C$8:$AD$106,MATCH($A140,Überleitung!$A$8:$A$106,0),MATCH(H$11,Überleitung!$C$7:$AD$7,0)) -> 4527550.7 | I140: =INDEX(Überleitung!$C$8:$AD$106,MATCH($A140,Überleitung!$A$8:$A$106,0),MATCH(I$11,Überleitung!$C$7:$AD$7,0)) -> 403658.68 | ... X140: =INDEX(Überleitung!$C$8:$AD$106,MATCH($A140,Überleitung!$A$8:$A$106,0),MATCH(X$11,Überleitung!$C$7:$AD$7,0)) -> 9963.31
A141: Reisekosten nach § 309 SGB III | B141: =INDEX(Überleitung!$C$8:$AD$106,MATCH($A141,Überleitung!$A$8:$A$106,0),MATCH(B$11,Überleitung!$C$7:$AD$7,0)) -> 107031.72 | C141: =INDEX(Überleitung!$C$8:$AD$106,MATCH($A141,Überleitung!$A$8:$A$106,0),MATCH(C$11,Überleitung!$C$7:$AD$7,0)) -> 13818.11 | D141: =INDEX(Überleitung!$C$8:$AD$106,MATCH($A141,Überleitung!$A$8:$A$106,0),MATCH(D$11,Überleitung!$C$7:$AD$7,0)) -> 3375.59 | E141: =INDEX(Überleitung!$C$8:$AD$106,MATCH($A141,Überleitung!$A$8:$A$106,0),MATCH(E$11,Überleitung!$C$7:$AD$7,0)) -> 133.96 | F141: =INDEX(Überleitung!$C$8:$AD$106,MATCH($A141,Überleitung!$A$8:$A$106,0),MATCH(F$11,Überleitung!$C$7:$AD$7,0)) -> 10308.56 | G141: =INDEX(Überleitung!$C$8:$AD$106,MATCH($A141,Überleitung!$A$8:$A$106,0),MATCH(G$11,Überleitung!$C$7:$AD$7,0)) -> 12472.09 | H141: =INDEX(Überleitung!$C$8:$AD$106,MATCH($A141,Überleitung!$A$8:$A$106,0),MATCH(H$11,Überleitung!$C$7:$AD$7,0)) -> 12381.01 | I141: =INDEX(Überleitung!$C$8:$AD$106,MATCH($A141,Überleitung!$A$8:$A$106,0),MATCH(I$11,Überleitung!$C$7:$AD$7,0)) -> 91.08 | ... X141: =INDEX(Überleitung!$C$8:$AD$106,MATCH($A141,Überleitung!$A$8:$A$106,0),MATCH(X$11,Überleitung!$C$7:$AD$7,0)) -> 0
A142: Eingliederungszuschüsse (Egz) | B142: =INDEX(Überleitung!$C$8:$AD$106,MATCH($A142,Überleitung!$A$8:$A$106,0),MATCH(B$11,Überleitung!$C$7:$AD$7,0)) -> 29040170 | C142: =INDEX(Überleitung!$C$8:$AD$106,MATCH($A142,Überleitung!$A$8:$A$106,0),MATCH(C$11,Überleitung!$C$7:$AD$7,0)) -> 1815172.8 | D142: =INDEX(Überleitung!$C$8:$AD$106,MATCH($A142,Überleitung!$A$8:$A$106,0),MATCH(D$11,Überleitung!$C$7:$AD$7,0)) -> 573160.03 | E142: =INDEX(Überleitung!$C$8:$AD$106,MATCH($A142,Überleitung!$A$8:$A$106,0),MATCH(E$11,Überleitung!$C$7:$AD$7,0)) -> 318923.36 | F142: =INDEX(Überleitung!$C$8:$AD$106,MATCH($A142,Überleitung!$A$8:$A$106,0),MATCH(F$11,Überleitung!$C$7:$AD$7,0)) -> 923089.38 | G142: =INDEX(Überleitung!$C$8:$AD$106,MATCH($A142,Überleitung!$A$8:$A$106,0),MATCH(G$11,Überleitung!$C$7:$AD$7,0)) -> 2628210.8 | H142: =INDEX(Überleitung!$C$8:$AD$106,MATCH($A142,Überleitung!$A$8:$A$106,0),MATCH(H$11,Überleitung!$C$7:$AD$7,0)) -> 2415199.2 | I142: =INDEX(Überleitung!$C$8:$AD$106,MATCH($A142,Überleitung!$A$8:$A$106,0),MATCH(I$11,Überleitung!$C$7:$AD$7,0)) -> 213011.57 | ... X142: =INDEX(Überleitung!$C$8:$AD$106,MATCH($A142,Überleitung!$A$8:$A$106,0),MATCH(X$11,Überleitung!$C$7:$AD$7,0)) -> 0
A143: Förderung der beruflichen Weiterbildung (FbW) | B143: =INDEX(Überleitung!$C$8:$AD$106,MATCH($A143,Überleitung!$A$8:$A$106,0),MATCH(B$11,Überleitung!$C$7:$AD$7,0)) -> 4.5526859e+08 | C143: =INDEX(Überleitung!$C$8:$AD$106,MATCH($A143,Überleitung!$A$8:$A$106,0),MATCH(C$11,Überleitung!$C$7:$AD$7,0)) -> 44921296 | D143: =INDEX(Überleitung!$C$8:$AD$106,MATCH($A143,Überleitung!$A$8:$A$106,0),MATCH(D$11,Überleitung!$C$7:$AD$7,0)) -> 16828733 | E143: =INDEX(Überleitung!$C$8:$AD$106,MATCH($A143,Überleitung!$A$8:$A$106,0),MATCH(E$11,Überleitung!$C$7:$AD$7,0)) -> 17986572 | F143: =INDEX(Überleitung!$C$8:$AD$106,MATCH($A143,Überleitung!$A$8:$A$106,0),MATCH(F$11,Überleitung!$C$7:$AD$7,0)) -> 10105992 | G143: =INDEX(Überleitung!$C$8:$AD$106,MATCH($A143,Überleitung!$A$8:$A$106,0),MATCH(G$11,Überleitung!$C$7:$AD$7,0)) -> 44791366 | H143: =INDEX(Überleitung!$C$8:$AD$106,MATCH($A143,Überleitung!$A$8:$A$106,0),MATCH(H$11,Überleitung!$C$7:$AD$7,0)) -> 38127896 | I143: =INDEX(Überleitung!$C$8:$AD$106,MATCH($A143,Überleitung!$A$8:$A$106,0),MATCH(I$11,Überleitung!$C$7:$AD$7,0)) -> 6663470.4 | ... X143: =INDEX(Überleitung!$C$8:$AD$106,MATCH($A143,Überleitung!$A$8:$A$106,0),MATCH(X$11,Überleitung!$C$7:$AD$7,0)) -> 0
A144: Freie Förderung | B144: =INDEX(Überleitung!$C$8:$AD$106,MATCH($A144,Überleitung!$A$8:$A$106,0),MATCH(B$11,Überleitung!$C$7:$AD$7,0)) -> -1791.27 | C144: =INDEX(Überleitung!$C$8:$AD$106,MATCH($A144,Überleitung!$A$8:$A$106,0),MATCH(C$11,Überleitung!$C$7:$AD$7,0)) -> -23.73 | D144: =INDEX(Überleitung!$C$8:$AD$106,MATCH($A144,Überleitung!$A$8:$A$106,0),MATCH(D$11,Überleitung!$C$7:$AD$7,0)) -> 0 | E144: =INDEX(Überleitung!$C$8:$AD$106,MATCH($A144,Überleitung!$A$8:$A$106,0),MATCH(E$11,Überleitung!$C$7:$AD$7,0)) -> 0 | F144: =INDEX(Überleitung!$C$8:$AD$106,MATCH($A144,Überleitung!$A$8:$A$106,0),MATCH(F$11,Überleitung!$C$7:$AD$7,0)) -> -23.73 | G144: =INDEX(Überleitung!$C$8:$AD$106,MATCH($A144,Überleitung!$A$8:$A$106,0),MATCH(G$11,Überleitung!$C$7:$AD$7,0)) -> -60 | H144: =INDEX(Überleitung!$C$8:$AD$106,MATCH($A144,Überleitung!$A$8:$A$106,0),MATCH(H$11,Überleitung!$C$7:$AD$7,0)) -> -60 | I144: =INDEX(Überleitung!$C$8:$AD$106,MATCH($A144,Überleitung!$A$8:$A$106,0),MATCH(I$11,Überleitung!$C$7:$AD$7,0)) -> 0 | ... X144: =INDEX(Überleitung!$C$8:$AD$106,MATCH($A144,Überleitung!$A$8:$A$106,0),MATCH(X$11,Überleitung!$C$7:$AD$7,0)) -> 0
A145: Spezielle Maßnahmen für Jüngere | B145: =INDEX(Überleitung!$C$8:$AD$106,MATCH($A145,Überleitung!$A$8:$A$106,0),MATCH(B$11,Überleitung!$C$7:$AD$7,0)) -> 27495731 | C145: =INDEX(Überleitung!$C$8:$AD$106,MATCH($A145,Überleitung!$A$8:$A$106,0),MATCH(C$11,Überleitung!$C$7:$AD$7,0)) -> 1770555.6 | D145: =INDEX(Überleitung!$C$8:$AD$106,MATCH($A145,Überleitung!$A$8:$A$106,0),MATCH(D$11,Überleitung!$C$7:$AD$7,0)) -> 727198.28 | E145: =INDEX(Überleitung!$C$8:$AD$106,MATCH($A145,Überleitung!$A$8:$A$106,0),MATCH(E$11,Überleitung!$C$7:$AD$7,0)) -> 301058.54 | F145: =INDEX(Überleitung!$C$8:$AD$106,MATCH($A145,Überleitung!$A$8:$A$106,0),MATCH(F$11,Überleitung!$C$7:$AD$7,0)) -> 742298.79 | G145: =INDEX(Überleitung!$C$8:$AD$106,MATCH($A145,Überleitung!$A$8:$A$106,0),MATCH(G$11,Überleitung!$C$7:$AD$7,0)) -> 2695288.3 | H145: =INDEX(Überleitung!$C$8:$AD$106,MATCH($A145,Überleitung!$A$8:$A$106,0),MATCH(H$11,Überleitung!$C$7:$AD$7,0)) -> 2407997.2 | I145: =INDEX(Überleitung!$C$8:$AD$106,MATCH($A145,Überleitung!$A$8:$A$106,0),MATCH(I$11,Überleitung!$C$7:$AD$7,0)) -> 287291.07 | ... X145: =INDEX(Überleitung!$C$8:$AD$106,MATCH($A145,Überleitung!$A$8:$A$106,0),MATCH(X$11,Überleitung!$C$7:$AD$7,0)) -> 0
A146: Berufsausbildung in außerbetrieblichen Einrichtungen (BaE) | B146: =INDEX(Überleitung!$C$8:$AD$106,MATCH($A146,Überleitung!$A$8:$A$106,0),MATCH(B$11,Überleitung!$C$7:$AD$7,0)) -> 5180936 | C146: =INDEX(Überleitung!$C$8:$AD$106,MATCH($A146,Überleitung!$A$8:$A$106,0),MATCH(C$11,Überleitung!$C$7:$AD$7,0)) -> 326010.85 | D146: =INDEX(Überleitung!$C$8:$AD$106,MATCH($A146,Überleitung!$A$8:$A$106,0),MATCH(D$11,Überleitung!$C$7:$AD$7,0)) -> 145579.79 | E146: =INDEX(Überleitung!$C$8:$AD$106,MATCH($A146,Überleitung!$A$8:$A$106,0),MATCH(E$11,Überleitung!$C$7:$AD$7,0)) -> 124467.4 | F146: =INDEX(Überleitung!$C$8:$AD$106,MATCH($A146,Überleitung!$A$8:$A$106,0),MATCH(F$11,Überleitung!$C$7:$AD$7,0)) -> 55963.66 | G146: =INDEX(Überleitung!$C$8:$AD$106,MATCH($A146,Überleitung!$A$8:$A$106,0),MATCH(G$11,Überleitung!$C$7:$AD$7,0)) -> 860044.94 | H146: =INDEX(Überleitung!$C$8:$AD$106,MATCH($A146,Überleitung!$A$8:$A$106,0),MATCH(H$11,Überleitung!$C$7:$AD$7,0)) -> 766531.78 | I146: =INDEX(Überleitung!$C$8:$AD$106,MATCH($A146,Überleitung!$A$8:$A$106,0),MATCH(I$11,Überleitung!$C$7:$AD$7,0)) -> 93513.16 | ... X146: =INDEX(Überleitung!$C$8:$AD$106,MATCH($A146,Überleitung!$A$8:$A$106,0),MATCH(X$11,Überleitung!$C$7:$AD$7,0)) -> 0
... A204: Ausgaben f. überörtliche Aufgaben SGB II (üKo - ohne Pers.) | B204: =INDEX(Überleitung!$C$8:$AD$106,MATCH($A204,Überleitung!$A$8:$A$106,0),MATCH(B$11,Überleitung!$C$7:$AD$7,0)) -> 411779.07 | C204: =INDEX(Überleitung!$C$8:$AD$106,MATCH($A204,Überleitung!$A$8:$A$106,0),MATCH(C$11,Überleitung!$C$7:$AD$7,0)) -> 0 | D204: =INDEX(Überleitung!$C$8:$AD$106,MATCH($A204,Überleitung!$A$8:$A$106,0),MATCH(D$11,Überleitung!$C$7:$AD$7,0)) -> 0 | E204: =INDEX(Überleitung!$C$8:$AD$106,MATCH($A204,Überleitung!$A$8:$A$106,0),MATCH(E$11,Überleitung!$C$7:$AD$7,0)) -> 0 | F204: =INDEX(Überleitung!$C$8:$AD$106,MATCH($A204,Überleitung!$A$8:$A$106,0),MATCH(F$11,Überleitung!$C$7:$AD$7,0)) -> 0 | G204: =INDEX(Überleitung!$C$8:$AD$106,MATCH($A204,Überleitung!$A$8:$A$106,0),MATCH(G$11,Überleitung!$C$7:$AD$7,0)) -> 0 | H204: =INDEX(Überleitung!$C$8:$AD$106,MATCH($A204,Überleitung!$A$8:$A$106,0),MATCH(H$11,Überleitung!$C$7:$AD$7,0)) -> 0 | I204: =INDEX(Überleitung!$C$8:$AD$106,MATCH($A204,Überleitung!$A$8:$A$106,0),MATCH(I$11,Überleitung!$C$7:$AD$7,0)) -> 0 | ... X204: =INDEX(Überleitung!$C$8:$AD$106,MATCH($A204,Überleitung!$A$8:$A$106,0),MATCH(X$11,Überleitung!$C$7:$AD$7,0)) -> 410932.07
A205: Finanzierungssaldo (Überschuss (-) Defizit (+)) | B205: =INDEX(Überleitung!$C$8:$AD$106,MATCH($A205,Überleitung!$A$8:$A$106,0),MATCH(B$11,Überleitung!$C$7:$AD$7,0)) -> 1.871029e+09
A206: nachrichtlich: Zuführung (+) Entnahme (-)
A207: Bundesdarlehen | B207: =INDEX(Überleitung!$C$8:$AD$106,MATCH($A207,Überleitung!$A$8:$A$106,0),MATCH(B$11,Überleitung!$C$7:$AD$7,0)) -> 0
A208: Darlehenstilgung | B208: =INDEX(Überleitung!$C$8:$AD$106,MATCH($A208,Überleitung!$A$8:$A$106,0),MATCH(B$11,Überleitung!$C$7:$AD$7,0)) -> 0
A209: Insolvenzgeldrücklage | B209: =INDEX(Überleitung!$C$8:$AD$106,MATCH($A209,Überleitung!$A$8:$A$106,0),MATCH(B$11,Überleitung!$C$7:$AD$7,0)) -> 0
A210: Winterbeschäftigungsrücklage | B210: =INDEX(Überleitung!$C$8:$AD$106,MATCH($A210,Überleitung!$A$8:$A$106,0),MATCH(B$11,Überleitung!$C$7:$AD$7,0)) -> 0
A211: Allgemeine Rücklagen (inkl. Eingliederungsrücklage) | B211: =INDEX(Überleitung!$C$8:$AD$106,MATCH($A211,Überleitung!$A$8:$A$106,0),MATCH(B$11,Überleitung!$C$7:$AD$7,0)) -> 0
A213: Finanzsystem der BA | K213: ='ANBA-SGB III(Bildsch.optmiert)'!B106 -> 46084 | X213: Seite 1

Sheet Anlage_SV_Sonstige
D4: Monatsergebnisse sonstiger Auftragsangelegenheiten (außerhalb des Beitragshaushalts)
D5: in Euro (Einnahmen werden mit negativen Vorzeichen dargestellt)
D6: Deutschland
D7: ='ANBA-SGB III(Bildsch.optmiert)'!A7 -> Berichtsmonat Februar 2026
D8: ='ANBA-SGB III(Bildsch.optmiert)'!A8 -> 46083
G9: Einnahmen | I9: Ausgaben
D10: Mittelherkunft und Haushaltsposition | G10: im Berichtsmonat | H10: seit Jahresbeginn | I10: im Berichtsmonat | J10: seit Jahresbeginn
D12: A. Aus Mitteln des Bundeshaushalts | G12: =G13+G14+G15+G16+G17+G21+G22+G28+G29+G30 -> -1284824 | H12: =H13+H14+H15+H16+H17+H21+H22+H28+H29+H30 -> -2480476.4 | I12: =I13+I14+I15+I16+I17+I21+I22+I28+I29+I30 -> 4.9360868e+09 | J12: =J13+J14+J15+J16+J17+J21+J22+J28+J29+J30 -> 9.8902891e+09
B13: 0100F3AAB21 | D13: 1. | E13: Bundesministerium des Innern Bundesamt für Migration und Flüchtlinge | G13: =_xlfn.XLOOKUP(A13,'Überleitung SV Sonstige'!$A:$A,'Überleitung SV Sonstige'!$D:$D,"") -> 0 | H13: =_xlfn.XLOOKUP(A13,'Überleitung SV Sonstige'!$A:$A,'Überleitung SV Sonstige'!$E:$E,"") -> 0 | I13: =_xlfn.XLOOKUP(B13,'Überleitung SV Sonstige'!$A:$A,'Überleitung SV Sonstige'!$F:$F,"") -> -2.3 | J13: =_xlfn.XLOOKUP(B13,'Überleitung SV Sonstige'!$A:$A,'Überleitung SV Sonstige'!$G:$G,"") -> -4.6
A14: 0100F3AAB11 | D14: 2. | E14: Bundesministerium der Finanzen; Bundeszentralamt für Steuern | G14: =_xlfn.XLOOKUP(A14,'Überleitung SV Sonstige'!$A:$A,'Überleitung SV Sonstige'!$D:$D,"") -> -1035711.7 | H14: =_xlfn.XLOOKUP(A14,'Überleitung SV Sonstige'!$A:$A,'Überleitung SV Sonstige'!$E:$E,"") -> -2090344.2 | I14: =_xlfn.XLOOKUP(B14,'Überleitung SV Sonstige'!$A:$A,'Überleitung SV Sonstige'!$F:$F,"") -> 0 | J14: =_xlfn.XLOOKUP(B14,'Überleitung SV Sonstige'!$A:$A,'Überleitung SV Sonstige'!$G:$G,"") -> 0
A15: 0100F3AAB12 | D15: 3. | E15: Bundesministerium für Wirtschaft und Technologie; Allgemeine Bewilligungen | G15: =_xlfn.XLOOKUP(A15,'Überleitung SV Sonstige'!$A:$A,'Überleitung SV Sonstige'!$D:$D,"") -> 0 | H15: =_xlfn.XLOOKUP(A15,'Überleitung SV Sonstige'!$A:$A,'Überleitung SV Sonstige'!$E:$E,"") -> 0 | I15: =_xlfn.XLOOKUP(B15,'Überleitung SV Sonstige'!$A:$A,'Überleitung SV Sonstige'!$F:$F,"") -> 0 | J15: =_xlfn.XLOOKUP(B15,'Überleitung SV Sonstige'!$A:$A,'Überleitung SV Sonstige'!$G:$G,"") -> 0
A16: 0100F3AAB13 | B16: 0100F3AAB13 | D16: 4. | E16: Bundesministerium für Arbeit und Soziales | G16: =_xlfn.XLOOKUP(A16,'Überleitung SV Sonstige'!$A:$A,'Überleitung SV Sonstige'!$D:$D,"") -> -125039.46 | H16: =_xlfn.XLOOKUP(A16,'Überleitung SV Sonstige'!$A:$A,'Überleitung SV Sonstige'!$E:$E,"") -> -260105.22 | I16: =_xlfn.XLOOKUP(B16,'Überleitung SV Sonstige'!$A:$A,'Überleitung SV Sonstige'!$F:$F,"") -> 0 | J16: =_xlfn.XLOOKUP(B16,'Überleitung SV Sonstige'!$A:$A,'Überleitung SV Sonstige'!$G:$G,"") -> 0
B17: 0100F3AAB24 | D17: 5. | E17: Bundesministerium der Verteidigung; Allgemeine Bewilligungen, Fürsorgemaßnahmen für Soldatinnen und Soldaten u. a. | G17: =_xlfn.XLOOKUP(A17,'Überleitung SV Sonstige'!$A:$A,'Überleitung SV Sonstige'!$D:$D,"") -> 0 | H17: =_xlfn.XLOOKUP(A17,'Überleitung SV Sonstige'!$A:$A,'Überleitung SV Sonstige'!$E:$E,"") -> 0 | I17: =_xlfn.XLOOKUP(B17,'Überleitung SV Sonstige'!$A:$A,'Überleitung SV Sonstige'!$F:$F,"") -> 313162.65 | J17: =_xlfn.XLOOKUP(B17,'Überleitung SV Sonstige'!$A:$A,'Überleitung SV Sonstige'!$G:$G,"") -> 583255
B18: 898901010512 | C18: 898901010522 | D18: 51 | E18: darunter: | F18: Krankenversicherungsbeiträge | G18: =_xlfn.XLOOKUP(A18,'Überleitung SV Sonstige'!$A:$A,'Überleitung SV Sonstige'!$D:$D,"") -> 0 | H18: =_xlfn.XLOOKUP(A18,'Überleitung SV Sonstige'!$A:$A,'Überleitung SV Sonstige'!$E:$E,"") -> 0 | I18: =_xlfn.XLOOKUP(B18,'Überleitung SV Sonstige'!$A:$A,'Überleitung SV Sonstige'!$F:$F,"")+_xlfn.XLOOKUP(C18,'Überleitung SV Sonstige'!$A:$A,'Überleitung SV Sonstige'!$F:$F,"") -> 54712.29 | J18: =_xlfn.XLOOKUP(B18,'Überleitung SV Sonstige'!$A:$A,'Überleitung SV Sonstige'!$G:$G,"")+_xlfn.XLOOKUP(C18,'Überleitung SV Sonstige'!$A:$A,'Überleitung SV Sonstige'!$G:$G,"") -> 100414.11
B19: 898901010513 | C19: 898901010523 | D19: 52 | F19: Rentenversicherungsbeiträge | G19: =_xlfn.XLOOKUP(A19,'Überleitung SV Sonstige'!$A:$A,'Überleitung SV Sonstige'!$D:$D,"") -> 0 | H19: =_xlfn.XLOOKUP(A19,'Überleitung SV Sonstige'!$A:$A,'Überleitung SV Sonstige'!$E:$E,"") -> 0 | I19: =_xlfn.XLOOKUP(B19,'Überleitung SV Sonstige'!$A:$A,'Überleitung SV Sonstige'!$F:$F,"")+_xlfn.XLOOKUP(C19,'Überleitung SV Sonstige'!$A:$A,'Überleitung SV Sonstige'!$F:$F,"") -> 58928.85 | J19: =_xlfn.XLOOKUP(B19,'Überleitung SV Sonstige'!$A:$A,'Überleitung SV Sonstige'!$G:$G,"")+_xlfn.XLOOKUP(C19,'Überleitung SV Sonstige'!$A:$A,'Überleitung SV Sonstige'!$G:$G,"") -> 108309.3
B20: 898901010514 | C20: 898901010524 | D20: 53 | F20: Pflegeversicherungsbeiträge | G20: =_xlfn.XLOOKUP(A20,'Überleitung SV Sonstige'!$A:$A,'Überleitung SV Sonstige'!$D:$D,"") -> 0 | H20: =_xlfn.XLOOKUP(A20,'Überleitung SV Sonstige'!$A:$A,'Überleitung SV Sonstige'!$E:$E,"") -> 0 | I20: =_xlfn.XLOOKUP(B20,'Überleitung SV Sonstige'!$A:$A,'Überleitung SV Sonstige'!$F:$F,"")+_xlfn.XLOOKUP(C20,'Überleitung SV Sonstige'!$A:$A,'Überleitung SV Sonstige'!$F:$F,"") -> 11101.01 | J20: =_xlfn.XLOOKUP(B20,'Überleitung SV Sonstige'!$A:$A,'Überleitung SV Sonstige'!$G:$G,"")+_xlfn.XLOOKUP(C20,'Überleitung SV Sonstige'!$A:$A,'Überleitung SV Sonstige'!$G:$G,"") -> 20392.16
A21: 0100F3AAB14 | B21: 0100F3AAB25 | D21: 6. | E21: Bundesministerium für Familie, Senioren, Frauen und Jugend; Gesetzliche Leistungen für die Familie: | G21: =_xlfn.XLOOKUP(A21,'Überleitung SV Sonstige'!$A:$A,'Überleitung SV Sonstige'!$D:$D,"") -> -7715.92 | H21: =_xlfn.XLOOKUP(A21,'Überleitung SV Sonstige'!$A:$A,'Überleitung SV Sonstige'!$E:$E,"") -> -13613.73 | I21: =_xlfn.XLOOKUP(B21,'Überleitung SV Sonstige'!$A:$A,'Überleitung SV Sonstige'!$F:$F,"") -> 3.1613235e+08 | J21: =_xlfn.XLOOKUP(B21,'Überleitung SV Sonstige'!$A:$A,'Überleitung SV Sonstige'!$G:$G,"") -> 6.3034633e+08
A22: 0100F3AAB15 | B22: 0100F3AAB26 | D22: 7. | E22: Bundesministerium für wirtschaftliche Zusammenarbeit und Entwicklung; Allgemeine Bewilligungen | G22: =_xlfn.XLOOKUP(A22,'Überleitung SV Sonstige'!$A:$A,'Überleitung SV Sonstige'!$D:$D,"") -> -31.23 | H22: =_xlfn.XLOOKUP(A22,'Überleitung SV Sonstige'!$A:$A,'Überleitung SV Sonstige'!$E:$E,"") -> -87.46 | I22: =_xlfn.XLOOKUP(B22,'Überleitung SV Sonstige'!$A:$A,'Überleitung SV Sonstige'!$F:$F,"") -> 3222080.6 | J22: =_xlfn.XLOOKUP(B22,'Überleitung SV Sonstige'!$A:$A,'Überleitung SV Sonstige'!$G:$G,"") -> 5812122.8
B23: 0100F3AAB262 | D23: 71 | E23: a) Zuschüsse an integrierte und rückkehrende Fachkräfte, Vorbereitung und Ausbildung von Personal für Entwicklungszusammenarbeit | G23: =_xlfn.XLOOKUP(A23,'Überleitung SV Sonstige'!$A:$A,'Überleitung SV Sonstige'!$D:$D,"") -> 0 | H23: =_xlfn.XLOOKUP(A23,'Überleitung SV Sonstige'!$A:$A,'Überleitung SV Sonstige'!$E:$E,"") -> 0 | I23: =_xlfn.XLOOKUP(B23,'Überleitung SV Sonstige'!$A:$A,'Überleitung SV Sonstige'!$F:$F,"") -> 3040030.8 | J23: =_xlfn.XLOOKUP(B23,'Überleitung SV Sonstige'!$A:$A,'Überleitung SV Sonstige'!$G:$G,"") -> 5468288.8
B24: 0100F3AAB261 | D24: 72 | E24: b) Arbeitslosengeld bei Arbeitslosigkeit und beruflicher Weiterbildung, Unterhaltsgeld und Weiterbildungskosten für Entwicklungshelfer | G24: =_xlfn.XLOOKUP(A24,'Überleitung SV Sonstige'!$A:$A,'Überleitung SV Sonstige'!$D:$D,"") -> 0 | H24: =_xlfn.XLOOKUP(A24,'Überleitung SV Sonstige'!$A:$A,'Überleitung SV Sonstige'!$E:$E,"") -> 0 | I24: =_xlfn.XLOOKUP(B24,'Überleitung SV Sonstige'!$A:$A,'Überleitung SV Sonstige'!$F:$F,"") -> 182049.74 | J24: =_xlfn.XLOOKUP(B24,'Überleitung SV Sonstige'!$A:$A,'Überleitung SV Sonstige'!$G:$G,"") -> 343834.04
B25: 898901010712 | C25: 898901010722 | D25: 721 | E25: darunter: | F25: Krankenversicherungsbeiträge | G25: =_xlfn.XLOOKUP(A25,'Überleitung SV Sonstige'!$A:$A,'Überleitung SV Sonstige'!$D:$D,"") -> 0 | H25: =_xlfn.XLOOKUP(A25,'Überleitung SV Sonstige'!$A:$A,'Überleitung SV Sonstige'!$E:$E,"") -> 0 | I25: =_xlfn.XLOOKUP(B25,'Überleitung SV Sonstige'!$A:$A,'Überleitung SV Sonstige'!$F:$F,"")+_xlfn.XLOOKUP(C25,'Überleitung SV Sonstige'!$A:$A,'Überleitung SV Sonstige'!$F:$F,"") -> 34390.22 | J25: =_xlfn.XLOOKUP(B25,'Überleitung SV Sonstige'!$A:$A,'Überleitung SV Sonstige'!$G:$G,"")+_xlfn.XLOOKUP(C25,'Überleitung SV Sonstige'!$A:$A,'Überleitung SV Sonstige'!$G:$G,"") -> 63569.67
B26: 898901010713 | C26: 898901010723 | D26: 722 | F26: Rentenversicherungsbeiträge | G26: =_xlfn.XLOOKUP(A26,'Überleitung SV Sonstige'!$A:$A,'Überleitung SV Sonstige'!$D:$D,"") -> 0 | H26: =_xlfn.XLOOKUP(A26,'Überleitung SV Sonstige'!$A:$A,'Überleitung SV Sonstige'!$E:$E,"") -> 0 | I26: =_xlfn.XLOOKUP(B26,'Überleitung SV Sonstige'!$A:$A,'Überleitung SV Sonstige'!$F:$F,"")+_xlfn.XLOOKUP(C26,'Überleitung SV Sonstige'!$A:$A,'Überleitung SV Sonstige'!$F:$F,"") -> 36642.96 | J26: =_xlfn.XLOOKUP(B26,'Überleitung SV Sonstige'!$A:$A,'Überleitung SV Sonstige'!$G:$G,"")+_xlfn.XLOOKUP(C26,'Überleitung SV Sonstige'!$A:$A,'Überleitung SV Sonstige'!$G:$G,"") -> 68341.79
B27: 898901010714 | C27: 898901010724 | D27: 723 | F27: Pflegeversicherungsbeiträge | G27: =_xlfn.XLOOKUP(A27,'Überleitung SV Sonstige'!$A:$A,'Überleitung SV Sonstige'!$D:$D,"") -> 0 | H27: =_xlfn.XLOOKUP(A27,'Überleitung SV Sonstige'!$A:$A,'Überleitung SV Sonstige'!$E:$E,"") -> 0 | I27: =_xlfn.XLOOKUP(B27,'Überleitung SV Sonstige'!$A:$A,'Überleitung SV Sonstige'!$F:$F,"")+_xlfn.XLOOKUP(C27,'Überleitung SV Sonstige'!$A:$A,'Überleitung SV Sonstige'!$F:$F,"") -> 6981.17 | J27: =_xlfn.XLOOKUP(B27,'Überleitung SV Sonstige'!$A:$A,'Überleitung SV Sonstige'!$G:$G,"")+_xlfn.XLOOKUP(C27,'Überleitung SV Sonstige'!$A:$A,'Überleitung SV Sonstige'!$G:$G,"") -> 12948.78
B28: 0100F3AAB30 | D28: 8. | E28: Bundesministerium für Digitales und Staatsmodernisierung | G28: =_xlfn.XLOOKUP(A28,'Überleitung SV Sonstige'!$A:$A,'Überleitung SV Sonstige'!$D:$D,"") -> 0 | H28: =_xlfn.XLOOKUP(A28,'Überleitung SV Sonstige'!$A:$A,'Überleitung SV Sonstige'!$E:$E,"") -> 0 | I28: =_xlfn.XLOOKUP(B28,'Überleitung SV Sonstige'!$A:$A,'Überleitung SV Sonstige'!$F:$F,"") -> 0 | J28: =_xlfn.XLOOKUP(B28,'Überleitung SV Sonstige'!$A:$A,'Überleitung SV Sonstige'!$G:$G,"") -> 0
A29: 0100F3AAB16 | B29: 0100F3AAB29 | D29: 9. | E29: Bundesministerium für Bildung und Forschung; Leistungsfähigkeit des Bildungswesens, Nachwuchsförderung | G29: =_xlfn.XLOOKUP(A29,'Überleitung SV Sonstige'!$A:$A,'Überleitung SV Sonstige'!$D:$D,"") -> -116325.73 | H29: =_xlfn.XLOOKUP(A29,'Überleitung SV Sonstige'!$A:$A,'Überleitung SV Sonstige'!$E:$E,"") -> -116325.73 | I29: =_xlfn.XLOOKUP(B29,'Überleitung SV Sonstige'!$A:$A,'Überleitung SV Sonstige'!$F:$F,"") -> 3978.76 | J29: =_xlfn.XLOOKUP(B29,'Überleitung SV Sonstige'!$A:$A,'Überleitung SV Sonstige'!$G:$G,"") -> 3978.76
B30: 0100F3AAB28 | D30: 10. | E30: Allgemeine Finanzverwaltung - Kindergeld im Rahmen des Familienleistungsausgleichs nach dem Einkommensteuergesetz | G30: =_xlfn.XLOOKUP(A30,'Überleitung SV Sonstige'!$A:$A,'Überleitung SV Sonstige'!$D:$D,"") -> 0 | H30: =_xlfn.XLOOKUP(A30,'Überleitung SV Sonstige'!$A:$A,'Überleitung SV Sonstige'!$E:$E,"") -> 0 | I30: =_xlfn.XLOOKUP(B30,'Überleitung SV Sonstige'!$A:$A,'Überleitung SV Sonstige'!$F:$F,"") -> 4.6164153e+09 | J30: =_xlfn.XLOOKUP(B30,'Überleitung SV Sonstige'!$A:$A,'Überleitung SV Sonstige'!$G:$G,"") -> 9.2535434e+09
A31: Einnahmen Länder | B31: Ausgaben Länder | D31: B. Aus Mitteln einzelner Länder | G31: =_xlfn.XLOOKUP(A31,'Überleitung SV Sonstige'!$A:$A,'Überleitung SV Sonstige'!$D:$D,"") -> -2525555.6 | H31: =_xlfn.XLOOKUP(A31,'Überleitung SV Sonstige'!$A:$A,'Überleitung SV Sonstige'!$E:$E,"") -> -18516935 | I31: =_xlfn.XLOOKUP(B31,'Überleitung SV Sonstige'!$A:$A,'Überleitung SV Sonstige'!$F:$F,"") -> 1468784.6 | J31: =_xlfn.XLOOKUP(B31,'Überleitung SV Sonstige'!$A:$A,'Überleitung SV Sonstige'!$G:$G,"") -> 1690162.5
A32: Einnahmen Sonstige | B32: Ausgaben Sonstige | D32: C. Aus Mitteln sonstiger Stellen | G32: =_xlfn.XLOOKUP(A32,'Überleitung SV Sonstige'!$A:$A,'Überleitung SV Sonstige'!$D:$D,"") -> -153903.9 | H32: =_xlfn.XLOOKUP(A32,'Überleitung SV Sonstige'!$A:$A,'Überleitung SV Sonstige'!$E:$E,"") -> -1336057.5 | I32: =_xlfn.XLOOKUP(B32,'Überleitung SV Sonstige'!$A:$A,'Überleitung SV Sonstige'!$F:$F,"") -> 86989.34 | J32: =_xlfn.XLOOKUP(B32,'Überleitung SV Sonstige'!$A:$A,'Überleitung SV Sonstige'!$G:$G,"") -> 167121.86
D34: Finanzsystem der BA | H34: ='ANBA-SGB III(Bildsch.optmiert)'!B106 -> 46084 | L34: Seite 1
D38: Aufwendungen aus dem BA-Haushalt für Sozialversicherungsbeiträge
D39: in Euro (Einnahmen werden mit negativen Vorzeichen dargestellt)
D40: Deutschland
D41: ='ANBA-SGB III(Bildsch.optmiert)'!A7 -> Berichtsmonat Februar 2026
D42: ='ANBA-SGB III(Bildsch.optmiert)'!A8 -> 46083 | G42: Krankenversicherung | I42: Rentenversicherung | K42: Pflegeversicherung
D43: Leistung | G43: im Berichtsmonat | H43: seit Jahresbeginn | I43: im Berichtsmonat | J43: seit Jahresbeginn | K43: im Berichtsmonat | L43: seit Jahresbeginn
A45: 468101000012 | B45: 468101000013 | C45: 468101000014 | D45: Arbeitslosengeld bei Arbeitslosigkeit | G45: =_xlfn.XLOOKUP(A45,'Überleitung SV Sonstige'!$A:$A,'Überleitung SV Sonstige'!$F:$F,"") -> 4.8420115e+08 | H45: =_xlfn.XLOOKUP(A45,'Überleitung SV Sonstige'!$A:$A,'Überleitung SV Sonstige'!$G:$G,"") -> 9.2416284e+08 | I45: =_xlfn.XLOOKUP(B45,'Überleitung SV Sonstige'!$A:$A,'Überleitung SV Sonstige'!$F:$F,"") -> 5.2967588e+08 | J45: =_xlfn.XLOOKUP(B45,'Überleitung SV Sonstige'!$A:$A,'Überleitung SV Sonstige'!$G:$G,"") -> 1.0170402e+09 | K45: =_xlfn.XLOOKUP(C45,'Überleitung SV Sonstige'!$A:$A,'Überleitung SV Sonstige'!$F:$F,"") -> 97834278 | L45: =_xlfn.XLOOKUP(C45,'Überleitung SV Sonstige'!$A:$A,'Überleitung SV Sonstige'!$G:$G,"") -> 1.8762885e+08
A46: 368101000042 | B46: 368101000043 | C46: 368101000044 | D46: Arbeitslosengeld bei beruflicher Weiterbildung (AlgW) | G46: =_xlfn.XLOOKUP(A46,'Überleitung SV Sonstige'!$A:$A,'Überleitung SV Sonstige'!$F:$F,"") -> 27380464 | H46: =_xlfn.XLOOKUP(A46,'Überleitung SV Sonstige'!$A:$A,'Überleitung SV Sonstige'!$G:$G,"") -> 54482308 | I46: =_xlfn.XLOOKUP(B46,'Überleitung SV Sonstige'!$A:$A,'Überleitung SV Sonstige'!$F:$F,"") -> 29338585 | J46: =_xlfn.XLOOKUP(B46,'Überleitung SV Sonstige'!$A:$A,'Überleitung SV Sonstige'!$G:$G,"") -> 58850711 | K46: =_xlfn.XLOOKUP(C46,'Überleitung SV Sonstige'!$A:$A,'Überleitung SV Sonstige'!$F:$F,"") -> 5559170.6 | L46: =_xlfn.XLOOKUP(C46,'Überleitung SV Sonstige'!$A:$A,'Überleitung SV Sonstige'!$G:$G,"") -> 11122511
A47: 368101004742 | B47: 368101004743 | C47: 368101004744 | D47: AlgW für behinderte Menschen | G47: =_xlfn.XLOOKUP(A47,'Überleitung SV Sonstige'!$A:$A,'Überleitung SV Sonstige'!$F:$F,"") -> 718874.73 | H47: =_xlfn.XLOOKUP(A47,'Überleitung SV Sonstige'!$A:$A,'Überleitung SV Sonstige'!$G:$G,"") -> 1444300.1 | I47: =_xlfn.XLOOKUP(B47,'Überleitung SV Sonstige'!$A:$A,'Überleitung SV Sonstige'!$F:$F,"") -> 755784.29 | J47: =_xlfn.XLOOKUP(B47,'Überleitung SV Sonstige'!$A:$A,'Überleitung SV Sonstige'!$G:$G,"") -> 1524650.9 | K47: =_xlfn.XLOOKUP(C47,'Überleitung SV Sonstige'!$A:$A,'Überleitung SV Sonstige'!$F:$F,"") -> 146064.33 | L47: =_xlfn.XLOOKUP(C47,'Überleitung SV Sonstige'!$A:$A,'Überleitung SV Sonstige'!$G:$G,"") -> 295032.59
A48: 368112010022 | B48: 368112010023 | C48: 368112010024 | D48: AlgW nach § 6 Abs. 1 BerRehaG | G48: =_xlfn.XLOOKUP(A48,'Überleitung SV Sonstige'!$A:$A,'Überleitung SV Sonstige'!$F:$F,"") -> 0 | H48: =_xlfn.XLOOKUP(A48,'Überleitung SV Sonstige'!$A:$A,'Überleitung SV Sonstige'!$G:$G,"") -> 0 | I48: =_xlfn.XLOOKUP(B48,'Überleitung SV Sonstige'!$A:$A,'Überleitung SV Sonstige'!$F:$F,"") -> 0 | J48: =_xlfn.XLOOKUP(B48,'Überleitung SV Sonstige'!$A:$A,'Überleitung SV Sonstige'!$G:$G,"") -> 0 | K48: =_xlfn.XLOOKUP(C48,'Überleitung SV Sonstige'!$A:$A,'Überleitung SV Sonstige'!$F:$F,"") -> 0 | L48: =_xlfn.XLOOKUP(C48,'Überleitung SV Sonstige'!$A:$A,'Überleitung SV Sonstige'!$G:$G,"") -> 0
A49: 368101004862 | B49: 368101004863 | C49: 368101004864 | D49: Übergangsgeld | G49: =_xlfn.XLOOKUP(A49,'Überleitung SV Sonstige'!$A:$A,'Überleitung SV Sonstige'!$F:$F,"") -> 2529472.4 | H49: =_xlfn.XLOOKUP(A49,'Überleitung SV Sonstige'!$A:$A,'Überleitung SV Sonstige'!$G:$G,"") -> 5095140.8 | I49: =_xlfn.XLOOKUP(B49,'Überleitung SV Sonstige'!$A:$A,'Überleitung SV Sonstige'!$F:$F,"") -> 2330417.9 | J49: =_xlfn.XLOOKUP(B49,'Überleitung SV Sonstige'!$A:$A,'Überleitung SV Sonstige'!$G:$G,"") -> 4645405.9 | K49: =_xlfn.XLOOKUP(C49,'Überleitung SV Sonstige'!$A:$A,'Überleitung SV Sonstige'!$F:$F,"") -> 519811.8 | L49: =_xlfn.XLOOKUP(C49,'Überleitung SV Sonstige'!$A:$A,'Überleitung SV Sonstige'!$G:$G,"") -> 1059323.4
A50: 368101004852 | B50: 368101004853 | C50: 368101004854 | D50: Ausbildungsgeld | G50: =_xlfn.XLOOKUP(A50,'Überleitung SV Sonstige'!$A:$A,'Überleitung SV Sonstige'!$F:$F,"") -> 456947.16 | H50: =_xlfn.XLOOKUP(A50,'Überleitung SV Sonstige'!$A:$A,'Überleitung SV Sonstige'!$G:$G,"") -> 884009.57 | I50: =_xlfn.XLOOKUP(B50,'Überleitung SV Sonstige'!$A:$A,'Überleitung SV Sonstige'!$F:$F,"") -> 518165.31 | J50: =_xlfn.XLOOKUP(B50,'Überleitung SV Sonstige'!$A:$A,'Überleitung SV Sonstige'!$G:$G,"") -> 1038560.9 | K50: =_xlfn.XLOOKUP(C50,'Überleitung SV Sonstige'!$A:$A,'Überleitung SV Sonstige'!$F:$F,"") -> 94805.11 | L50: =_xlfn.XLOOKUP(C50,'Überleitung SV Sonstige'!$A:$A,'Überleitung SV Sonstige'!$G:$G,"") -> 184478.82
K52: im Berichtsmonat | L52: seit Jahresbeginn
A54: 368101004733 | B54: 0100F3K321B4 | C54: 368101004622 | D54: Erstattungen von Sozialversicherungsbeiträgen | H54: an Einrichtungen für behinderte Menschen: | K54: =_xlfn.XLOOKUP(A54,'Überleitung SV Sonstige'!$A:$A,'Überleitung SV Sonstige'!$F:$F,"")+_xlfn.XLOOKUP(B54,'Überleitung SV Sonstige'!$A:$A,'Überleitung SV Sonstige'!$F:$F,"")+_xlfn.XLOOKUP(C54,'Überleitung SV Sonstige'!$A:$A,'Überleitung SV Sonstige'!$F:$F,"") -> 27158275 | L54: =_xlfn.XLOOKUP(A54,'Überleitung SV Sonstige'!$A:$A,'Überleitung SV Sonstige'!$G:$G,"")+_xlfn.XLOOKUP(B54,'Überleitung SV Sonstige'!$A:$A,'Überleitung SV Sonstige'!$G:$G,"")+_xlfn.XLOOKUP(C54,'Überleitung SV Sonstige'!$A:$A,'Überleitung SV Sonstige'!$G:$G,"") -> 53871335
A55: 468102000012 | B55: 468102000014 | D55: Gesamtsozialversicherungsbeiträge | H55: im Kontext Insolvenzgeld abzgl. Erstattungen: | K55: =_xlfn.XLOOKUP(A55,'Überleitung SV Sonstige'!$A:$A,'Überleitung SV Sonstige'!$F:$F,"") -> 69601676 | L55: =_xlfn.XLOOKUP(A55,'Überleitung SV Sonstige'!$A:$A,'Überleitung SV Sonstige'!$G:$G,"")+_xlfn.XLOOKUP(B55,'Überleitung SV Sonstige'!$A:$A,'Überleitung SV Sonstige'!$G:$G,"") -> 1.0142556e+08
A56: 0100F3K351B | D56: SV-Erst. bei Saison-Kug (umlagefin.) | H56: SV-Erst. bei Saison-Kug (umlagefin.): | K56: =_xlfn.XLOOKUP(A56,'Überleitung SV Sonstige'!$A:$A,'Überleitung SV Sonstige'!$F:$F,"") -> 1.1445647e+08 | L56: =_xlfn.XLOOKUP(A56,'Überleitung SV Sonstige'!$A:$A,'Überleitung SV Sonstige'!$G:$G,"") -> 1.3327933e+08
A57: 0100F3K332 | D57: SV-Erstattung Kurzarbeitergeld | H57: SV-Erstattung Kurzarbeitergeld | K57: =_xlfn.XLOOKUP(A57,'Überleitung SV Sonstige'!$A:$A,'Überleitung SV Sonstige'!$F:$F,"") -> -378723.8 | L57: =_xlfn.XLOOKUP(A57,'Überleitung SV Sonstige'!$A:$A,'Überleitung SV Sonstige'!$G:$G,"") -> -690979.25
D59: Finanzsystem der BA | H59: ='ANBA-SGB III(Bildsch.optmiert)'!B106 -> 46084 | L59: Seite 2

Sheet Überleitung
C4: FiStl Bundesländer (BL) | D4: Schleswig-Holstein | E4: Hamburg | F4: Niedersachsen | G4: Bremen | H4: Nordrhein-Westfalen | I4: Hessen | J4: Rheinland-Pfalz | K4: Saarland | L4: Baden-Württemberg | M4: Bayern | N4: Berlin | O4: Brandenburg | P4: Mecklenburg-Vorpommern | Q4: Sachsen | R4: Sachsen-Anhalt | S4: Thüringen | T4: besondere Dienststellen und Zentrale | U4: RD-Bezirk Nord | V4: RD-Bezirk Niedersachsen-Bremen | W4: RD-Bezirk Nordrhein-Westfalen | X4: RD-Bezirk Hessen | Y4: RD-Bezirk Rheinland-Pfalz-Saarland | Z4: RD-Bezirk Baden-Württemberg | AA4: RD-Bezirk Bayern | AB4: RD-Bezirk Berlin-Brandenburg | AC4: RD-Bezirk Sachsen-Anhalt-Thüringen | AD4: RD-Bezirk Sachsen | AE4: FiStl Bundesländer (BL) | AF4: Schleswig-Holstein | AG4: Hamburg | AH4: Niedersachsen | AI4: Bremen | AJ4: Nordrhein-Westfalen | AK4: Hessen | AL4: Rheinland-Pfalz | AM4: Saarland | AN4: Baden-Württemberg | AO4: Bayern | AP4: Berlin | AQ4: Brandenburg | AR4: Mecklenburg-Vorpommern | AS4: Sachsen | AT4: Sachsen-Anhalt | AU4: Thüringen | AV4: besondere Dienststellen und Zentrale | AW4: RD-Bezirk Nord | AX4: RD-Bezirk Niedersachsen-Bremen | AY4: RD-Bezirk Nordrhein-Westfalen | AZ4: RD-Bezirk Hessen | BA4: RD-Bezirk Rheinland-Pfalz-Saarland | BB4: RD-Bezirk Baden-Württemberg | BC4: RD-Bezirk Bayern | BD4: RD-Bezirk Berlin-Brandenburg | BE4: RD-Bezirk Sachsen-Anhalt-Thüringen | BF4: RD-Bezirk Sachsen | BG4: FiStl Bundesländer (BL) | BH4: Schleswig-Holstein | BI4: Hamburg | BJ4: Niedersachsen | BK4: Bremen | BL4: Nordrhein-Westfalen | BM4: Hessen | BN4: Rheinland-Pfalz | BO4: Saarland | BP4: Baden-Württemberg | BQ4: Bayern | BR4: Berlin | BS4: Brandenburg | BT4: Mecklenburg-Vorpommern | BU4: Sachsen | BV4: Sachsen-Anhalt | BW4: Thüringen | BX4: besondere Dienststellen und Zentrale | BY4: RD-Bezirk Nord | BZ4: RD-Bezirk Niedersachsen-Bremen | CA4: RD-Bezirk Nordrhein-Westfalen | CB4: RD-Bezirk Hessen | CC4: RD-Bezirk Rheinland-Pfalz-Saarland | CD4: RD-Bezirk Baden-Württemberg | CE4: RD-Bezirk Bayern | CF4: RD-Bezirk Berlin-Brandenburg | CG4: RD-Bezirk Sachsen-Anhalt-Thüringen | CH4: RD-Bezirk Sachsen | CI4: FiStl Bundesländer (BL) | CJ4: Schleswig-Holstein | CK4: Hamburg | CL4: Niedersachsen | CM4: Bremen | CN4: Nordrhein-Westfalen | CO4: Hessen | CP4: Rheinland-Pfalz | CQ4: Saarland | CR4: Baden-Württemberg | CS4: Bayern | CT4: Berlin | CU4: Brandenburg | CV4: Mecklenburg-Vorpommern | CW4: Sachsen | CX4: Sachsen-Anhalt | CY4: Thüringen | CZ4: besondere Dienststellen und Zentrale | DA4: RD-Bezirk Nord | DB4: RD-Bezirk Niedersachsen-Bremen | DC4: RD-Bezirk Nordrhein-Westfalen | DD4: RD-Bezirk Hessen | DE4: RD-Bezirk Rheinland-Pfalz-Saarland | DF4: RD-Bezirk Baden-Württemberg | DG4: RD-Bezirk Bayern | DH4: RD-Bezirk Berlin-Brandenburg | DI4: RD-Bezirk Sachsen-Anhalt-Thüringen | DJ4: RD-Bezirk Sachsen | DK4: 2026 Haushaltsansatz | DL4: 2026 verfügbares Soll
DK5: Deutschland | DL5: Deutschland
C6: kum Monat | AE6: iso Monat | BG6: kum Vorjahresmonat | CI6: iso Vorjahresmonat
A7: Finanzposition | B7: techn. Bez. | C7: Deutschland | D7: Schleswig-Holstein | E7: Hamburg | F7: Niedersachsen | G7: Bremen | H7: Nordrhein-Westfalen | I7: Hessen | J7: Rheinland-Pfalz | K7: Saarland | L7: Baden-Württemberg | M7: Bayern | N7: Berlin | O7: Brandenburg | P7: Mecklenburg-Vorpommern | Q7: Sachsen | R7: Sachsen-Anhalt | S7: Thüringen | T7: besondere Dienststellen und Zentrale | U7: RD-Bezirk Nord | V7: RD-Bezirk Niedersachsen-Bremen | W7: RD-Bezirk Nordrhein-Westfalen | X7: RD-Bezirk Hessen | Y7: RD-Bezirk Rheinland-Pfalz-Saarland | Z7: RD-Bezirk Baden-Württemberg | AA7: RD-Bezirk Bayern | AB7: RD-Bezirk Berlin-Brandenburg | AC7: RD-Bezirk Sachsen-Anhalt-Thüringen | AD7: RD-Bezirk Sachsen | AE7: Deutschland | AF7: Schleswig-Holstein | AG7: Hamburg | AH7: Niedersachsen | AI7: Bremen | AJ7: Nordrhein-Westfalen | AK7: Hessen | AL7: Rheinland-Pfalz | AM7: Saarland | AN7: Baden-Württemberg | AO7: Bayern | AP7: Berlin | AQ7: Brandenburg | AR7: Mecklenburg-Vorpommern | AS7: Sachsen | AT7: Sachsen-Anhalt | AU7: Thüringen | AV7: besondere Dienststellen und Zentrale | AW7: RD-Bezirk Nord | AX7: RD-Bezirk Niedersachsen-Bremen | AY7: RD-Bezirk Nordrhein-Westfalen | AZ7: RD-Bezirk Hessen | BA7: RD-Bezirk Rheinland-Pfalz-Saarland | BB7: RD-Bezirk Baden-Württemberg | BC7: RD-Bezirk Bayern | BD7: RD-Bezirk Berlin-Brandenburg | BE7: RD-Bezirk Sachsen-Anhalt-Thüringen | BF7: RD-Bezirk Sachsen | BG7: Deutschland | BH7: Schleswig-Holstein | BI7: Hamburg | BJ7: Niedersachsen | BK7: Bremen | BL7: Nordrhein-Westfalen | BM7: Hessen | BN7: Rheinland-Pfalz | BO7: Saarland | BP7: Baden-Württemberg | BQ7: Bayern | BR7: Berlin | BS7: Brandenburg | BT7: Mecklenburg-Vorpommern | BU7: Sachsen | BV7: Sachsen-Anhalt | BW7: Thüringen | BX7: besondere Dienststellen und Zentrale | BY7: RD-Bezirk Nord | BZ7: RD-Bezirk Niedersachsen-Bremen | CA7: RD-Bezirk Nordrhein-Westfalen | CB7: RD-Bezirk Hessen | CC7: RD-Bezirk Rheinland-Pfalz-Saarland | CD7: RD-Bezirk Baden-Württemberg | CE7: RD-Bezirk Bayern | CF7: RD-Bezirk Berlin-Brandenburg | CG7: RD-Bezirk Sachsen-Anhalt-Thüringen | CH7: RD-Bezirk Sachsen | CI7: Deutschland | CJ7: Schleswig-Holstein | CK7: Hamburg | CL7: Niedersachsen | CM7: Bremen | CN7: Nordrhein-Westfalen | CO7: Hessen | CP7: Rheinland-Pfalz | CQ7: Saarland | CR7: Baden-Württemberg | CS7: Bayern | CT7: Berlin | CU7: Brandenburg | CV7: Mecklenburg-Vorpommern | CW7: Sachsen | CX7: Sachsen-Anhalt | CY7: Thüringen | CZ7: besondere Dienststellen und Zentrale | DA7: RD-Bezirk Nord | DB7: RD-Bezirk Niedersachsen-Bremen | DC7: RD-Bezirk Nordrhein-Westfalen | DD7: RD-Bezirk Hessen | DE7: RD-Bezirk Rheinland-Pfalz-Saarland | DF7: RD-Bezirk Baden-Württemberg | DG7: RD-Bezirk Bayern | DH7: RD-Bezirk Berlin-Brandenburg | DI7: RD-Bezirk Sachsen-Anhalt-Thüringen | DJ7: RD-Bezirk Sachsen | DK7: 2026 Haushaltsansatz | DL7: 2026 verfügbares Soll
A8: Einnahmen | B8: 0100F3EINN | C8: -7.6932795e+09 | D8: -1578771.6 | E8: -2332704.6 | F8: -3262193.7 | G8: -414397.87 | H8: -6679656.6 | I8: -86206583 | J8: -1389311.4 | K8: -481555.63 | L8: -4103931.8 | M8: -6354776.6 | N8: -2238360 | O8: -890296.07 | P8: -581657.01 | Q8: -3323432.5 | R8: -2502649.6 | S8: -1122923.8 | T8: -7.5689368e+09 | U8: -4478793.5 | V8: -3679501.2 | W8: -6679656.6 | X8: -86206583 | Y8: -1879593.2 | Z8: -4103931.8 | AA8: -6354776.6 | AB8: -3152311.8 | AC8: -4484185.7 | AD8: -3323432.5 | AE8: -3.8623271e+09 | AF8: -863732.35 | AG8: -1965159.7 | AH8: -1783233.3 | AI8: -163956.39 | AJ8: -3540785.1 | AK8: -51202353 | AL8: -734870.11 | AM8: -270714.52 | AN8: -2529545.3 | AO8: -3980436.5 | AP8: -1160026.1 | AQ8: -552959.57 | AR8: -336741.72 | AS8: -2585916.4 | AT8: -1311887.4 | AU8: -587583.4 | AV8: -3.7887527e+09 | AW8: -3166577.2 | AX8: -1947582 | AY8: -3540785.1 | AZ8: -51202353 | BA8: -1006370.8 | BB8: -2529545.3 | BC8: -3980436.5 | BD8: -1713897.4 | BE8: -1900892 | BF8: -2585916.4 | BG8: -7.4090904e+09 | BH8: -1554487.2 | BI8: -1072831.5 | BJ8: -3323635.7 | BK8: -490748.62 | BL8: -6399212.8 | BM8: -74804795 | BN8: -1125826.8 | BO8: -496733.51 | BP8: -3534693.4 | BQ8: -5900628.1 | BR8: -2170200.2 | BS8: -678588.02 | BT8: -592678.48 | BU8: -1527888.3 | BV8: -2849175.9 | BW8: -1171689.3 | BX8: -7.2999851e+09 | BY8: -3569196.6 | BZ8: -3817670.7 | CA8: -6399212.8 | CB8: -74804795 | CC8: -1848974.7 | CD8: -3534693.4 | CE8: -5900628.1 | CF8: -2835762 | CG8: -4866438.9 | CH8: -1527888.3 | CI8: -3.7775052e+09 | CJ8: -851889.73 | CK8: -505383.68 | CL8: -1496017.4 | CM8: -254939.64 | CN8: -3300665.4 | CO8: -46154030 | CP8: -586466.23 | CQ8: -234028.15 | CR8: -1752717.7 | CS8: -3340543.2 | CT8: -1109920.1 | CU8: -367157.43 | CV8: -298507.23 | CW8: -745738.38 | CX8: -1738136.6 | CY8: -547316.09 | CZ8: -3.7142138e+09 | DA8: -1657009.5 | DB8: -1751505.8 | DC8: -3300665.4 | DD8: -46154030 | DE8: -821222.17 | DF8: -1752717.7 | DG8: -3340543.2 | DH8: -1477088.1 | DI8: -2290870.6 | DJ8: -745738.38 | DK8: -49226912000 | DL8: -49226912000
A9: Beiträge | B9: 0100F3K101 | C9: -6.4709754e+09 | D9: -274342.51 | E9: -450329.95 | F9: -912126.95 | G9: -86287.49 | H9: -2068484.9 | I9: -639235.54 | J9: -371001.64 | K9: -101081.28 | L9: -1052885 | M9: -1814200.5 | N9: -742497.42 | O9: -402282.6 | P9: -284172.97 | Q9: -783504.33 | R9: -274831.24 | S9: -315318.15 | T9: -6.4604029e+09 | U9: -1008845.4 | V9: -998414.44 | W9: -2068484.9 | X9: -639235.54 | Y9: -472082.92 | Z9: -1052885 | AA9: -1814200.5 | AB9: -1144780 | AC9: -590149.39 | AD9: -783504.33 | AE9: -3.2231524e+09 | AF9: -126865.78 | AG9: -221679.51 | AH9: -393439.02 | AI9: -39693.85 | AJ9: -914424.81 | AK9: -270804.01 | AL9: -159170.09 | AM9: -54754.21 | AN9: -446002.79 | AO9: -812154.07 | AP9: -314707.85 | AQ9: -175050.04 | AR9: -129990.92 | AS9: -352048.86 | AT9: -112901.96 | AU9: -145675.71 | AV9: -3.2184831e+09 | AW9: -478536.21 | AX9: -433132.87 | AY9: -914424.81 | AZ9: -270804.01 | BA9: -213924.3 | BB9: -446002.79 | BC9: -812154.07 | BD9: -489757.89 | BE9: -258577.67 | BF9: -352048.86 | BG9: -6.2770681e+09 | BH9: -259026.22 | BI9: -507097.75 | BJ9: -930415.34 | BK9: -85852.52 | BL9: -2101138.5 | BM9: -677140.08 | BN9: -371303.31 | BO9: -130097.77 | BP9: -1048149.4 | BQ9: -1826956.8 | BR9: -759602.53 | BS9: -421092.04 | BT9: -316144.84 | BU9: -804537.46 | BV9: -300654.43 | BW9: -338469.56 | BX9: -6.2661904e+09 | BY9: -1082268.8 | BZ9: -1016267.9 | CA9: -2101138.5 | CB9: -677140.08 | CC9: -501401.08 | CD9: -1048149.4 | CE9: -1826956.8 | CF9: -1180694.6 | CG9: -639123.99 | CH9: -804537.46 | CI9: -3.1563703e+09 | CJ9: -127108.91 | CK9: -235960.89 | CL9: -397965.82 | CM9: -38818.27 | CN9: -954253.18 | CO9: -281348.07 | CP9: -159449.64 | CQ9: -59691.32 | CR9: -425456.14 | CS9: -808090.31 | CT9: -350339.44 | CU9: -189139.38 | CV9: -142472.7 | CW9: -356344.34 | CX9: -139675.9 | CY9: -148013.83 | CZ9: -3.1515561e+09 | DA9: -505542.5 | DB9: -436784.09 | DC9: -954253.18 | DD9: -281348.07 | DE9: -219140.96 | DF9: -425456.14 | DG9: -808090.31 | DH9: -539478.82 | DI9: -287689.73 | DJ9: -356344.34 | DK9: -41121000000 | DL9: -41121000000
A10: Verwaltungskostenerstattungen SGB II | B10: 0100F3K103 | C10: -6.3617718e+08 | D10: -54498.34 | E10: -320.85 | F10: -295436.27 | G10: -13720.14 | H10: -173117.6 | I10: -418063.08 | J10: -49747.54 | K10: -16191.2 | L10: -129345.01 | M10: -286981.97 | N10: -198829.41 | O10: -15461.78 | P10: -10586.04 | Q10: -109261.3 | R10: -8417.46 | S10: -194418.78 | T10: -6.3420278e+08 | U10: -65405.23 | V10: -309156.41 | W10: -173117.6 | X10: -418063.08 | Y10: -65938.74 | Z10: -129345.01 | AA10: -286981.97 | AB10: -214291.19 | AC10: -202836.24 | AD10: -109261.3 | AE10: -3.3667814e+08 | AF10: -35984.81 | AG10: -159 | AH10: -190529.63 | AI10: -6432.41 | AJ10: -91600.45 | AK10: -307859.01 | AL10: -14687.78 | AM10: -10704.71 | AN10: -51992.28 | AO10: -201351.08 | AP10: -120035.23 | AQ10: -12254.51 | AR10: -3555.05 | AS10: -82001.71 | AT10: -4959.46 | AU10: -110729.02 | AV10: -3.3543331e+08 | AW10: -39698.86 | AX10: -196962.04 | AY10: -91600.45 | AZ10: -307859.01 | BA10: -25392.49 | BB10: -51992.28 | BC10: -201351.08 | BD10: -132289.74 | BE10: -115688.48 | BF10: -82001.71 | BG10: -5.8836964e+08 | BH10: -40598.93 | BI10: -49014.64 | BJ10: -239222.39 | BK10: -16990.39 | BL10: -207581.88 | BM10: -208120.02 | BN10: -42666.23 | BO10: -26755.85 | BP10: -102352.46 | BQ10: -332468.28 | BR10: -115646.82 | BS10: -33492.45 | BT10: -3137.54 | BU10: -57897.35 | BV10: -1391.93 | BW10: -269357.85 | BX10: -5.8660615e+08 | BY10: -109651.11 | BZ10: -256212.78 | CA10: -207581.88 | CB10: -208120.02 | CC10: -69513.77 | CD10: -102352.46 | CE10: -332468.28 | CF10: -148945.27 | CG10: -270749.78 | CH10: -57897.35 | CI10: -3.1603528e+08 | CJ10: -33092.62 | CK10: -24624.46 | CL10: -64335.12 | CM10: -14995.53 | CN10: -107226.25 | CO10: -5995.32 | CP10: -18787.55 | CQ10: -7572.12 | CR10: -42049.5 | CS10: -204165.69 | CT10: -83202.36 | CU10: -17688.54 | CV10: -1968.36 | CW10: -27810.36 | CX10: -866.24 | CY10: -151897.93 | CZ10: -3.152291e+08 | DA10: -59685.44 | DB10: -79330.65 | DC10: -107226.25 | DD10: -5995.32 | DE10: -26451.36 | DF10: -42049.5 | DG10: -204165.69 | DH10: -100696.9 | DI10: -152764.17 | DJ10: -27810.36 | DK10: -4334684000 | DL10: -4334684000
A11: Erst. Vw.-kosten Kap. 6 vom Bund | B11: 0100F3K1031 | C11: -5.1900903e+08 | D11: 0 | E11: 0 | F11: 0 | G11: 0 | H11: 0 | I11: 0 | J11: 0 | K11: 0 | L11: 0 | M11: 0 | N11: 0 | O11: 0 | P11: 0 | Q11: 0 | R11: 0 | S11: 0 | T11: -5.1900903e+08 | U11: 0 | V11: 0 | W11: 0 | X11: 0 | Y11: 0 | Z11: 0 | AA11: 0 | AB11: 0 | AC11: 0 | AD11: 0 | AE11: -2.6595405e+08 | AF11: 0 | AG11: 0 | AH11: 0 | AI11: 0 | AJ11: 0 | AK11: 0 | AL11: 0 | AM11: 0 | AN11: 0 | AO11: 0 | AP11: 0 | AQ11: 0 | AR11: 0 | AS11: 0 | AT11: 0 | AU11: 0 | AV11: -2.6595405e+08 | AW11: 0 | AX11: 0 | AY11: 0 | AZ11: 0 | BA11: 0 | BB11: 0 | BC11: 0 | BD11: 0 | BE11: 0 | BF11: 0 | BG11: -4.8094036e+08 | BH11: 0 | BI11: 0 | BJ11: 0 | BK11: 0 | BL11: 0 | BM11: 0 | BN11: 0 | BO11: 0 | BP11: 0 | BQ11: 0 | BR11: 0 | BS11: 0 | BT11: 0 | BU11: 0 | BV11: 0 | BW11: 0 | BX11: -4.8094036e+08 | BY11: 0 | BZ11: 0 | CA11: 0 | CB11: 0 | CC11: 0 | CD11: 0 | CE11: 0 | CF11: 0 | CG11: 0 | CH11: 0 | CI11: -2.5272668e+08 | CJ11: 0 | CK11: 0 | CL11: 0 | CM11: 0 | CN11: 0 | CO11: 0 | CP11: 0 | CQ11: 0 | CR11: 0 | CS11: 0 | CT11: 0 | CU11: 0 | CV11: 0 | CW11: 0 | CX11: 0 | CY11: 0 | CZ11: -2.5272668e+08 | DA11: 0 | DB11: 0 | DC11: 0 | DD11: 0 | DE11: 0 | DF11: 0 | DG11: 0 | DH11: 0 | DI11: 0 | DJ11: 0 | DK11: -3463784000 | DL11: -3463784000
A12: Erst. Vw.-kosten Kap. 5 vom Bund und von den zkT | B12: 0100F3K1032 | C12: -1.1716815e+08 | D12: -54498.34 | E12: -320.85 | F12: -295436.27 | G12: -13720.14 | H12: -173117.6 | I12: -418063.08 | J12: -49747.54 | K12: -16191.2 | L12: -129345.01 | M12: -286981.97 | N12: -198829.41 | O12: -15461.78 | P12: -10586.04 | Q12: -109261.3 | R12: -8417.46 | S12: -194418.78 | T12: -1.1519375e+08 | U12: -65405.23 | V12: -309156.41 | W12: -173117.6 | X12: -418063.08 | Y12: -65938.74 | Z12: -129345.01 | AA12: -286981.97 | AB12: -214291.19 | AC12: -202836.24 | AD12: -109261.3 | AE12: -70724092 | AF12: -35984.81 | AG12: -159 | AH12: -190529.63 | AI12: -6432.41 | AJ12: -91600.45 | AK12: -307859.01 | AL12: -14687.78 | AM12: -10704.71 | AN12: -51992.28 | AO12: -201351.08 | AP12: -120035.23 | AQ12: -12254.51 | AR12: -3555.05 | AS12: -82001.71 | AT12: -4959.46 | AU12: -110729.02 | AV12: -69479256 | AW12: -39698.86 | AX12: -196962.04 | AY12: -91600.45 | AZ12: -307859.01 | BA12: -25392.49 | BB12: -51992.28 | BC12: -201351.08 | BD12: -132289.74 | BE12: -115688.48 | BF12: -82001.71 | BG12: -1.0742928e+08 | BH12: -40598.93 | BI12: -49014.64 | BJ12: -239222.39 | BK12: -16990.39 | BL12: -207581.88 | BM12: -208120.02 | BN12: -42666.23 | BO12: -26755.85 | BP12: -102352.46 | BQ12: -332468.28 | BR12: -115646.82 | BS12: -33492.45 | BT12: -3137.54 | BU12: -57897.35 | BV12: -1391.93 | BW12: -269357.85 | BX12: -1.0566579e+08 | BY12: -109651.11 | BZ12: -256212.78 | CA12: -207581.88 | CB12: -208120.02 | CC12: -69513.77 | CD12: -102352.46 | CE12: -332468.28 | CF12: -148945.27 | CG12: -270749.78 | CH12: -57897.35 | CI12: -63308595 | CJ12: -33092.62 | CK12: -24624.46 | CL12: -64335.12 | CM12: -14995.53 | CN12: -107226.25 | CO12: -5995.32 | CP12: -18787.55 | CQ12: -7572.12 | CR12: -42049.5 | CS12: -204165.69 | CT12: -83202.36 | CU12: -17688.54 | CV12: -1968.36 | CW12: -27810.36 | CX12: -866.24 | CY12: -151897.93 | CZ12: -62502420 | DA12: -59685.44 | DB12: -79330.65 | DC12: -107226.25 | DD12: -5995.32 | DE12: -26451.36 | DF12: -42049.5 | DG12: -204165.69 | DH12: -100696.9 | DI12: -152764.17 | DJ12: -27810.36 | DK12: -870900000 | DL12: -870900000
A13: darunter: vom Bund | B13: 0100F3K1032A | C13: -1.1702632e+08 | D13: -54498.34 | E13: -320.85 | F13: -295436.27 | G13: -13720.14 | H13: -173117.6 | I13: -418063.08 | J13: -49747.54 | K13: -16191.2 | L13: -129345.01 | M13: -286981.97 | N13: -198829.41 | O13: -15461.78 | P13: -10586.04 | Q13: -109261.3 | R13: -8417.46 | S13: -194418.78 | T13: -1.1505192e+08 | U13: -65405.23 | V13: -309156.41 | W13: -173117.6 | X13: -418063.08 | Y13: -65938.74 | Z13: -129345.01 | AA13: -286981.97 | AB13: -214291.19 | AC13: -202836.24 | AD13: -109261.3 | AE13: -70631425 | AF13: -35984.81 | AG13: -159 | AH13: -190529.63 | AI13: -6432.41 | AJ13: -91600.45 | AK13: -307859.01 | AL13: -14687.78 | AM13: -10704.71 | AN13: -51992.28 | AO13: -201351.08 | AP13: -120035.23 | AQ13: -12254.51 | AR13: -3555.05 | AS13: -82001.71 | AT13: -4959.46 | AU13: -110729.02 | AV13: -69386589 | AW13: -39698.86 | AX13: -196962.04 | AY13: -91600.45 | AZ13: -307859.01 | BA13: -25392.49 | BB13: -51992.28 | BC13: -201351.08 | BD13: -132289.74 | BE13: -115688.48 | BF13: -82001.71 | BG13: -1.0731504e+08 | BH13: -40598.93 | BI13: -49014.64 | BJ13: -239222.39 | BK13: -16990.39 | BL13: -207581.88 | BM13: -208120.02 | BN13: -42666.23 | BO13: -26755.85 | BP13: -102352.46 | BQ13: -332468.28 | BR13: -115646.82 | BS13: -33492.45 | BT13: -3137.54 | BU13: -57897.35 | BV13: -1391.93 | BW13: -269357.85 | BX13: -1.0555155e+08 | BY13: -109651.11 | BZ13: -256212.78 | CA13: -207581.88 | CB13: -208120.02 | CC13: -69513.77 | CD13: -102352.46 | CE13: -332468.28 | CF13: -148945.27 | CG13: -270749.78 | CH13: -57897.35 | CI13: -63255358 | CJ13: -33092.62 | CK13: -24624.46 | CL13: -64335.12 | CM13: -14995.53 | CN13: -107226.25 | CO13: -5995.32 | CP13: -18787.55 | CQ13: -7572.12 | CR13: -42049.5 | CS13: -204165.69 | CT13: -83202.36 | CU13: -17688.54 | CV13: -1968.36 | CW13: -27810.36 | CX13: -866.24 | CY13: -151897.93 | CZ13: -62449182 | DA13: -59685.44 | DB13: -79330.65 | DC13: -107226.25 | DD13: -5995.32 | DE13: -26451.36 | DF13: -42049.5 | DG13: -204165.69 | DH13: -100696.9 | DI13: -152764.17 | DJ13: -27810.36 | DK13: -870000000 | DL13: -870000000
A14: darunter: von den zkT | B14: 0100F3K1032B | C14: -141834.62 | D14: 0 | E14: 0 | F14: 0 | G14: 0 | H14: 0 | I14: 0 | J14: 0 | K14: 0 | L14: 0 | M14: 0 | N14: 0 | O14: 0 | P14: 0 | Q14: 0 | R14: 0 | S14: 0 | T14: -141834.62 | U14: 0 | V14: 0 | W14: 0 | X14: 0 | Y14: 0 | Z14: 0 | AA14: 0 | AB14: 0 | AC14: 0 | AD14: 0 | AE14: -92667.21 | AF14: 0 | AG14: 0 | AH14: 0 | AI14: 0 | AJ14: 0 | AK14: 0 | AL14: 0 | AM14: 0 | AN14: 0 | AO14: 0 | AP14: 0 | AQ14: 0 | AR14: 0 | AS14: 0 | AT14: 0 | AU14: 0 | AV14: -92667.21 | AW14: 0 | AX14: 0 | AY14: 0 | AZ14: 0 | BA14: 0 | BB14: 0 | BC14: 0 | BD14: 0 | BE14: 0 | BF14: 0 | BG14: -114238 | BH14: 0 | BI14: 0 | BJ14: 0 | BK14: 0 | BL14: 0 | BM14: 0 | BN14: 0 | BO14: 0 | BP14: 0 | BQ14: 0 | BR14: 0 | BS14: 0 | BT14: 0 | BU14: 0 | BV14: 0 | BW14: 0 | BX14: -114238 | BY14: 0 | BZ14: 0 | CA14: 0 | CB14: 0 | CC14: 0 | CD14: 0 | CE14: 0 | CF14: 0 | CG14: 0 | CH14: 0 | CI14: -53237.63 | CJ14: 0 | CK14: 0 | CL14: 0 | CM14: 0 | CN14: 0 | CO14: 0 | CP14: 0 | CQ14: 0 | CR14: 0 | CS14: 0 | CT14: 0 | CU14: 0 | CV14: 0 | CW14: 0 | CX14: 0 | CY14: 0 | CZ14: -53237.63 | DA14: 0 | DB14: 0 | DC14: 0 | DD14: 0 | DE14: 0 | DF14: 0 | DG14: 0 | DH14: 0 | DI14: 0 | DJ14: 0 | DK14: -900000 | DL14: -900000
A15: Winterbeschäftigungs-Umlage | B15: 0100F3K105 | C15: -90298647 | D15: -202348.28 | E15: -66408.41 | F15: -561987.24 | G15: -47892.04 | H15: -1232043.8 | I15: -84681091 | J15: -345674.06 | K15: -73758.63 | L15: -653124.06 | M15: -1057129.3 | N15: -181822.68 | O15: -305715.28 | P15: -177635 | Q15: -223214.68 | R15: -90995.7 | S15: -147618.96 | T15: -249662.32 | U15: -446505.52 | V15: -609879.28 | W15: -1232043.8 | X15: -84681091 | Y15: -419845.29 | Z15: -653124.06 | AA15: -1057129.3 | AB15: -487537.96 | AC15: -238614.66 | AD15: -223214.68 | AE15: -54772551 | AF15: -159509.5 | AG15: -54050.43 | AH15: -407602.28 | AI15: -33291.73 | AJ15: -1002078.7 | AK15: -50415549 | AL15: -284800.92 | AM15: -58139.78 | AN15: -500947.34 | AO15: -828196.82 | AP15: -138188.94 | AQ15: -259236.42 | AR15: -134713.73 | AS15: -166229.12 | AT15: -69270.45 | AU15: -107686.71 | AV15: -152769.39 | AW15: -348357.85 | AX15: -440894.01 | AY15: -1002078.7 | AZ15: -50415549 | BA15: -343147 | BB15: -500947.34 | BC15: -828196.82 | BD15: -397425.36 | BE15: -176957.16 | BF15: -166229.12 | BG15: -80877385 | BH15: -168240.16 | BI15: -41332.09 | BJ15: -393197.07 | BK15: -28788.71 | BL15: -1136747.1 | BM15: -73198817 | BN15: -261992.81 | BO15: -61896.47 | BP15: -808696.59 | BQ15: -972783.41 | BR15: -146774.27 | BS15: -67532.49 | BT15: -169424.94 | BU15: -177356.54 | BV15: -89621.08 | BW15: -145934.47 | BX15: -3007737.5 | BY15: -379289.7 | BZ15: -421985.78 | CA15: -1136747.1 | CB15: -73198817 | CC15: -324101.88 | CD15: -808696.59 | CE15: -972783.41 | CF15: -214306.76 | CG15: -235563.33 | CH15: -177356.54 | CI15: -50106364 | CJ15: -100889.07 | CK15: -23763.64 | CL15: -205580.87 | CM15: -18168.74 | CN15: -727271.55 | CO15: -45575055 | CP15: -171737.87 | CQ15: -29469.49 | CR15: -518206.14 | CS15: -666748.75 | CT15: -114730.26 | CU15: -38892.7 | CV15: -104372 | CW15: -109357.19 | CX15: -57041.57 | CY15: -86238.59 | CZ15: -1558585.6 | DA15: -229166.35 | DB15: -223749.61 | DC15: -727271.55 | DD15: -45575055 | DE15: -201313.66 | DF15: -518206.14 | DG15: -666748.75 | DH15: -153622.96 | DI15: -143287.94 | DJ15: -109357.19 | DK15: -511000000 | DL15: -511000000
A16: Insolvenzgeld-Umlage | B16: 0100F3K106 | C16: -3.3150524e+08 | D16: 0 | E16: 0 | F16: 0 | G16: 0 | H16: 0 | I16: 0 | J16: 0 | K16: 0 | L16: 0 | M16: 0 | N16: 0 | O16: 0 | P16: 0 | Q16: 0 | R16: 0 | S16: 0 | T16: -3.3150524e+08 | U16: 0 | V16: 0 | W16: 0 | X16: 0 | Y16: 0 | Z16: 0 | AA16: 0 | AB16: 0 | AC16: 0 | AD16: 0 | AE16: -1.6481662e+08 | AF16: 0 | AG16: 0 | AH16: 0 | AI16: 0 | AJ16: 0 | AK16: 0 | AL16: 0 | AM16: 0 | AN16: 0 | AO16: 0 | AP16: 0 | AQ16: 0 | AR16: 0 | AS16: 0 | AT16: 0 | AU16: 0 | AV16: -1.6481662e+08 | AW16: 0 | AX16: 0 | AY16: 0 | AZ16: 0 | BA16: 0 | BB16: 0 | BC16: 0 | BD16: 0 | BE16: 0 | BF16: 0 | BG16: -3.0547212e+08 | BH16: 0 | BI16: 0 | BJ16: 0 | BK16: 0 | BL16: 0 | BM16: 0 | BN16: 0 | BO16: 0 | BP16: 0 | BQ16: 0 | BR16: 0 | BS16: 0 | BT16: 0 | BU16: 0 | BV16: 0 | BW16: 0 | BX16: -3.0547212e+08 | BY16: 0 | BZ16: 0 | CA16: 0 | CB16: 0 | CC16: 0 | CD16: 0 | CE16: 0 | CF16: 0 | CG16: 0 | CH16: 0 | CI16: -1.7102332e+08 | CJ16: 0 | CK16: 0 | CL16: 0 | CM16: 0 | CN16: 0 | CO16: 0 | CP16: 0 | CQ16: 0 | CR16: 0 | CS16: 0 | CT16: 0 | CU16: 0 | CV16: 0 | CW16: 0 | CX16: 0 | CY16: 0 | CZ16: -1.7102332e+08 | DA16: 0 | DB16: 0 | DC16: 0 | DD16: 0 | DE16: 0 | DF16: 0 | DG16: 0 | DH16: 0 | DI16: 0 | DJ16: 0 | DK16: -2077000000 | DL16: -2077000000
A17: Erstattungen und Verwaltungseinnahmen | B17: 0100F3K104 | C17: -1.6432303e+08 | D17: -1047582.4 | E17: -1815645.4 | F17: -1492643.3 | G17: -266498.2 | H17: -3206010.4 | I17: -468193.47 | J17: -622888.13 | K17: -290524.52 | L17: -2268577.7 | M17: -3196464.9 | N17: -1115210.4 | O17: -166836.41 | P17: -109263 | Q17: -2207452.2 | R17: -2128405.2 | S17: -465567.89 | T17: -1.4257623e+08 | U17: -2958037.3 | V17: -1762051.1 | W17: -3206010.4 | X17: -468193.47 | Y17: -921726.24 | Z17: -2268577.7 | AA17: -3196464.9 | AB17: -1305702.6 | AC17: -3452585.4 | AD17: -2207452.2 | AE17: -82907368 | AF17: -541372.26 | AG17: -1689270.8 | AH17: -791662.33 | AI17: -84538.4 | AJ17: -1532681.2 | AK17: -208141.67 | AL17: -276211.32 | AM17: -147115.82 | AN17: -1530602.9 | AO17: -2138734.5 | AP17: -587094.11 | AQ17: -106418.6 | AR17: -68482.02 | AS17: -1985636.7 | AT17: -1124755.5 | AU17: -223491.96 | AV17: -69866994 | AW17: -2299984.3 | AX17: -876593.05 | AY17: -1532681.2 | AZ17: -208141.67 | BA17: -423907.03 | BB17: -1530602.9 | BC17: -2138734.5 | BD17: -694424.38 | BE17: -1349668.7 | BF17: -1985636.7 | BG17: -1.5730311e+08 | BH17: -1086621.9 | BI17: -475386.98 | BJ17: -1760800.8 | BK17: -359117 | BL17: -2953745.4 | BM17: -720718.74 | BN17: -449864.48 | BO17: -277983.42 | BP17: -1575494.9 | BQ17: -2768419.6 | BR17: -1148176.6 | BS17: -156471.04 | BT17: -103971.16 | BU17: -488096.99 | BV17: -2457508.5 | BW17: -417927.38 | BX17: -1.3870867e+08 | BY17: -1997986.9 | BZ17: -2123204.3 | CA17: -2953745.4 | CB17: -720718.74 | CC17: -953957.96 | CD17: -1575494.9 | CE17: -2768419.6 | CF17: -1291815.4 | CG17: -3721001.8 | CH17: -488096.99 | CI17: -83969988 | CJ17: -590799.13 | CK17: -221034.69 | CL17: -828135.63 | CM17: -182957.1 | CN17: -1511914.4 | CO17: -291631.79 | CP17: -236491.17 | CQ17: -137295.22 | CR17: -767005.88 | CS17: -1661538.4 | CT17: -561648.02 | CU17: -121436.81 | CV17: -49694.17 | CW17: -252226.49 | CX17: -1540552.9 | CY17: -161165.74 | CZ17: -74846680 | DA17: -862615.22 | DB17: -1011641.5 | DC17: -1511914.4 | DD17: -291631.79 | DE17: -374316.19 | DF17: -767005.88 | DG17: -1661538.4 | DH17: -683289.45 | DI17: -1707128.7 | DJ17: -252226.49 | DK17: -1183228000 | DL17: -1183228000
A18: Verwaltungskostenerstattungen | B18: 0100F3K1044 | C18: -1.3175912e+08 | D18: -47172.88 | E18: -1558435.1 | F18: 0 | G18: 0 | H18: -0.08 | I18: -195588.68 | J18: 0 | K18: 0 | L18: 0 | M18: -1180344.9 | N18: 0 | O18: 0 | P18: 0 | Q18: -1692281.9 | R18: 0 | S18: 0 | T18: -1.2623529e+08 | U18: -1605618.7 | V18: 0 | W18: -0.08 | X18: -195588.68 | Y18: 0 | Z18: 0 | AA18: -1180344.9 | AB18: 0 | AC18: -850000 | AD18: -1692281.9 | AE18: -67741692 | AF18: 0 | AG18: -1558435.1 | AH18: 0 | AI18: 0 | AJ18: -0.08 | AK18: -84694.34 | AL18: 0 | AM18: 0 | AN18: 0 | AO18: -1180344.9 | AP18: 0 | AQ18: 0 | AR18: 0 | AS18: -1692281.9 | AT18: 0 | AU18: 0 | AV18: -63225931 | AW18: -1558440.4 | AX18: 0 | AY18: -0.08 | AZ18: -84694.34 | BA18: 0 | BB18: 0 | BC18: -1180344.9 | BD18: 0 | BE18: 0 | BF18: -1692281.9 | BG18: -1.1881646e+08 | BH18: 0 | BI18: -228223.84 | BJ18: 0 | BK18: 0 | BL18: -1800 | BM18: -223854.7 | BN18: 0 | BO18: 0 | BP18: 0 | BQ18: -973817.95 | BR18: 0 | BS18: 0 | BT18: 0 | BU18: 0 | BV18: 0 | BW18: 0 | BX18: -1.1657175e+08 | BY18: -228234.56 | BZ18: 0 | CA18: -1800 | CB18: -223854.7 | CC18: 0 | CD18: 0 | CE18: -973817.95 | CF18: 0 | CG18: -817000 | CH18: 0 | CI18: -59432737 | CJ18: 0 | CK18: -96755.76 | CL18: 0 | CM18: 0 | CN18: -1800 | CO18: -13656.69 | CP18: 0 | CQ18: 0 | CR18: 0 | CS18: -897401.23 | CT18: 0 | CU18: 0 | CV18: 0 | CW18: 0 | CX18: 0 | CY18: 0 | CZ18: -58423118 | DA18: -96761.12 | DB18: 0 | DC18: -1800 | DD18: -13656.69 | DE18: 0 | DF18: 0 | DG18: -897401.23 | DH18: 0 | DI18: 0 | DJ18: 0 | DK18: -828063000 | DL18: -828063000
A19: Mittel aus der Ausgleichsabgabe | B19: 0100F3K1045 | C19: 0 | D19: 0 | E19: 0 | F19: 0 | G19: 0 | H19: 0 | I19: 0 | J19: 0 | K19: 0 | L19: 0 | M19: 0 | N19: 0 | O19: 0 | P19: 0 | Q19: 0 | R19: 0 | S19: 0 | T19: 0 | U19: 0 | V19: 0 | W19: 0 | X19: 0 | Y19: 0 | Z19: 0 | AA19: 0 | AB19: 0 | AC19: 0 | AD19: 0 | AE19: 0 | AF19: 0 | AG19: 0 | AH19: 0 | AI19: 0 | AJ19: 0 | AK19: 0 | AL19: 0 | AM19: 0 | AN19: 0 | AO19: 0 | AP19: 0 | AQ19: 0 | AR19: 0 | AS19: 0 | AT19: 0 | AU19: 0 | AV19: 0 | AW19: 0 | AX19: 0 | AY19: 0 | AZ19: 0 | BA19: 0 | BB19: 0 | BC19: 0 | BD19: 0 | BE19: 0 | BF19: 0 | BG19: 0 | BH19: 0 | BI19: 0 | BJ19: 0 | BK19: 0 | BL19: 0 | BM19: 0 | BN19: 0 | BO19: 0 | BP19: 0 | BQ19: 0 | BR19: 0 | BS19: 0 | BT19: 0 | BU19: 0 | BV19: 0 | BW19: 0 | BX19: 0 | BY19: 0 | BZ19: 0 | CA19: 0 | CB19: 0 | CC19: 0 | CD19: 0 | CE19: 0 | CF19: 0 | CG19: 0 | CH19: 0 | CI19: 0 | CJ19: 0 | CK19: 0 | CL19: 0 | CM19: 0 | CN19: 0 | CO19: 0 | CP19: 0 | CQ19: 0 | CR19: 0 | CS19: 0 | CT19: 0 | CU19: 0 | CV19: 0 | CW19: 0 | CX19: 0 | CY19: 0 | CZ19: 0 | DA19: 0 | DB19: 0 | DC19: 0 | DD19: 0 | DE19: 0 | DF19: 0 | DG19: 0 | DH19: 0 | DI19: 0 | DJ19: 0 | DK19: -155000000 | DL19: -155000000
... A102: Zuführung an WB-Rücklage | B102: 0100F3BES09 | C102: 0 | D102: 0 | E102: 0 | F102: 0 | G102: 0 | H102: 0 | I102: 0 | J102: 0 | K102: 0 | L102: 0 | M102: 0 | N102: 0 | O102: 0 | P102: 0 | Q102: 0 | R102: 0 | S102: 0 | T102: 0 | U102: 0 | V102: 0 | W102: 0 | X102: 0 | Y102: 0 | Z102: 0 | AA102: 0 | AB102: 0 | AC102: 0 | AD102: 0 | AE102: 0 | AF102: 0 | AG102: 0 | AH102: 0 | AI102: 0 | AJ102: 0 | AK102: 0 | AL102: 0 | AM102: 0 | AN102: 0 | AO102: 0 | AP102: 0 | AQ102: 0 | AR102: 0 | AS102: 0 | AT102: 0 | AU102: 0 | AV102: 0 | AW102: 0 | AX102: 0 | AY102: 0 | AZ102: 0 | BA102: 0 | BB102: 0 | BC102: 0 | BD102: 0 | BE102: 0 | BF102: 0 | BG102: 0 | BH102: 0 | BI102: 0 | BJ102: 0 | BK102: 0 | BL102: 0 | BM102: 0 | BN102: 0 | BO102: 0 | BP102: 0 | BQ102: 0 | BR102: 0 | BS102: 0 | BT102: 0 | BU102: 0 | BV102: 0 | BW102: 0 | BX102: 0 | BY102: 0 | BZ102: 0 | CA102: 0 | CB102: 0 | CC102: 0 | CD102: 0 | CE102: 0 | CF102: 0 | CG102: 0 | CH102: 0 | CI102: 0 | CJ102: 0 | CK102: 0 | CL102: 0 | CM102: 0 | CN102: 0 | CO102: 0 | CP102: 0 | CQ102: 0 | CR102: 0 | CS102: 0 | CT102: 0 | CU102: 0 | CV102: 0 | CW102: 0 | CX102: 0 | CY102: 0 | CZ102: 0 | DA102: 0 | DB102: 0 | DC102: 0 | DD102: 0 | DE102: 0 | DF102: 0 | DG102: 0 | DH102: 0 | DI102: 0 | DJ102: 0 | DK102: 41382000 | DL102: 41382000
A103: nachrichtlich: Zuführung (+) Entnahme (-)
A104: Insolvenzgeldrücklage | C104: 0 | AE104: 0 | BG104: 0 | CI104: 0 | DK104: 555577000 | DL104: 555577000
A105: Winterbeschäftigungsrücklage | C105: 0 | AE105: 0 | BG105: 0 | CI105: 0 | DK105: 41382000 | DL105: 41382000
A106: Allgemeine Rücklagen (inkl. Eingliederungsrücklage) | C106: 0 | AE106: 0 | BG106: 0 | CI106: 0 | DK106: 0 | DL106: 0

Sheet Überleitung SV Sonstige
D4: FiStl Bundesländer (BL) | E4: FiStl Bundesländer (BL) | F4: FiStl Bundesländer (BL) | G4: FiStl Bundesländer (BL)
D6: iso Monat | E6: kum Monat | F6: iso Monat | G6: kum Monat
B7: Finanzposition | C7: techn. Bez. | D7: Einahmen | F7: Ausgaben | I7: Finanzposition | K7: 2026 Zahlungen | L7: Finanzposition | N7: 2026 Zahlungen
A8: 368101004733 | B8: Reha Erst SV an E. | C8: 368101004733 | F8: 294893.4 | G8: 547490.76 | I8: Reha Erst SV an E. | J8: 368101004733 | K8: 547490.76 | L8: Reha Erst SV an E. | M8: 368101004733 | N8: 252597.36
A9: 0100F3K321A3 | B9: Alg bei FbW für Behinderte (AlgWB) | C9: 0100F3K321A3 | F9: 3806667.8 | G9: 7746108.7 | I9: Alg bei FbW für Behinderte (AlgWB) | J9: 0100F3K321A3 | K9: 7746108.7 | L9: Alg bei FbW für Behinderte (AlgWB) | M9: 0100F3K321A3 | N9: 3939440.9
A10: 368101004740 | B10: BUT AlgWB | C10: 368101004740 | F10: 0 | G10: 0 | I10: BUT AlgWB | J10: 368101004740 | K10: 0 | L10: BUT AlgWB | M10: 368101004740 | N10: 0
A11: 368101004741 | B11: AlgWB Nettoleistung | C11: 368101004741 | F11: 2185944.5 | G11: 4482125.1 | I11: AlgWB Nettoleistung | J11: 368101004741 | K11: 4482125.1 | L11: AlgWB Nettoleistung | M11: 368101004741 | N11: 2296180.7
A12: 368101004742 | B12: AlgWB KV | C12: 368101004742 | F12: 718874.73 | G12: 1444300.1 | I12: AlgWB KV | J12: 368101004742 | K12: 1444300.1 | L12: AlgWB KV | M12: 368101004742 | N12: 725425.38
A13: 368101004743 | B13: AlgWB RV | C13: 368101004743 | F13: 755784.29 | G13: 1524650.9 | I13: AlgWB RV | J13: 368101004743 | K13: 1524650.9 | L13: AlgWB RV | M13: 368101004743 | N13: 768866.61
A14: 368101004744 | B14: AlgWB PV | C14: 368101004744 | F14: 146064.33 | G14: 295032.59 | I14: AlgWB PV | J14: 368101004744 | K14: 295032.59 | L14: AlgWB PV | M14: 368101004744 | N14: 148968.26
A15: 0100F3K321B4 | B15: SV-Beiträge an Reha-Einricht. (Pflicht) | C15: 0100F3K321B4 | F15: 26863382 | G15: 53323844 | I15: SV-Beiträge an Reha-Einricht. (Pflicht) | J15: 0100F3K321B4 | K15: 53323844 | L15: SV-Beiträge an Reha-Einricht. (Pflicht) | M15: 0100F3K321B4 | N15: 26460463
A16: 0100F3K321B5 | B16: Ausbildungsgeld (Abg) | C16: 0100F3K321B5 | F16: 19770664 | G16: 39883672 | I16: Ausbildungsgeld (Abg) | J16: 0100F3K321B5 | K16: 39883672 | L16: Ausbildungsgeld (Abg) | M16: 0100F3K321B5 | N16: 20113009
A17: 368101004850 | B17: BUT Abg | C17: 368101004850 | F17: 0 | G17: 0 | I17: BUT Abg | J17: 368101004850 | K17: 0 | L17: BUT Abg | M17: 368101004850 | N17: 0
A18: 368101004851 | B18: Abg - Nettoleistung | C18: 368101004851 | F18: 18700746 | G18: 37776623 | I18: Abg - Nettoleistung | J18: 368101004851 | K18: 37776623 | L18: Abg - Nettoleistung | M18: 368101004851 | N18: 19075877
A19: 368101004852 | B19: Abg - KV | C19: 368101004852 | F19: 456947.16 | G19: 884009.57 | I19: Abg - KV | J19: 368101004852 | K19: 884009.57 | L19: Abg - KV | M19: 368101004852 | N19: 427062.41
... A27: 368101004864 | B27: Übg PV | C27: 368101004864 | F27: 519811.8 | G27: 1059323.4 | I27: Übg PV | J27: 368101004864 | K27: 1059323.4 | L27: Übg PV | M27: 368101004864 | N27: 539511.6
A28: 368101004622 | B28: Erst SV-Beitr. an E. | C28: 368101004622 | F28: 0 | G28: 0 | I28: Erst SV-Beitr. an E. | J28: 368101004622 | L28: Erst SV-Beitr. an E. | M28: 368101004622
A29: 0100F3K33 | B29: Arbeitslosengeld bei FbW (AlgW) | C29: 0100F3K33 | F29: 1.471374e+08 | G29: 2.9634954e+08 | I29: Arbeitslosengeld bei FbW (AlgW) | J29: 0100F3K33 | K29: 2.9634954e+08 | L29: Arbeitslosengeld bei FbW (AlgW) | M29: 0100F3K33 | N29: 1.4921214e+08
A30: 368101000040 | B30: BUT AlgW | C30: 368101000040 | F30: 0 | G30: 0 | I30: BUT AlgW | J30: 368101000040 | K30: 0 | L30: BUT AlgW | M30: 368101000040 | N30: 0
A31: 368101000041 | B31: AlgW Netto | C31: 368101000041 | F31: 84859179 | G31: 1.7189401e+08 | I31: AlgW Netto | J31: 368101000041 | K31: 1.7189401e+08 | L31: AlgW Netto | M31: 368101000041 | N31: 87034830
A32: 368101000042 | B32: AlgW KV | C32: 368101000042 | F32: 27380464 | G32: 54482308 | I32: AlgW KV | J32: 368101000042 | K32: 54482308 | L32: AlgW KV | M32: 368101000042 | N32: 27101844
A33: 368101000043 | B33: AlgW RV | C33: 368101000043 | F33: 29338585 | G33: 58850711 | I33: AlgW RV | J33: 368101000043 | K33: 58850711 | L33: AlgW RV | M33: 368101000043 | N33: 29512126
A34: 368101000044 | B34: AlgW PV | C34: 368101000044 | F34: 5559170.6 | G34: 11122511 | I34: AlgW PV | J34: 368101000044 | K34: 11122511 | L34: AlgW PV | M34: 368101000044 | N34: 5563340.7
A35: 0100F3K332 | B35: SV-Erstattung Kurzarbeitergeld | C35: 0100F3K332 | F35: -378723.8 | G35: -690979.25 | I35: SV-Erstattung Kurzarbeitergeld | J35: 0100F3K332 | K35: -690979.25 | L35: SV-Erstattung Kurzarbeitergeld | M35: 0100F3K332 | N35: -312255.45
A36: 0100F3K351B | B36: SV-Erst. bei Saison-Kug (umlagefin.) | C36: 0100F3K351B | F36: 1.1445647e+08 | G36: 1.3327933e+08 | I36: SV-Erst. bei Saison-Kug (umlagefin.) | J36: 0100F3K351B | K36: 1.3327933e+08 | L36: SV-Erst. bei Saison-Kug (umlagefin.) | M36: 0100F3K351B | N36: 18822859
A37: 0100F3K354 | B37: Ausgaben nach dem BerRehaG | C37: 0100F3K354 | F37: 0 | G37: 0 | I37: Ausgaben nach dem BerRehaG | J37: 0100F3K354 | K37: 0 | L37: Ausgaben nach dem BerRehaG | M37: 0100F3K354 | N37: 0
A38: 368112010020 | B38: BUT Leist. BerRehaG | C38: 368112010020 | F38: 0 | G38: 0 | I38: BUT Leist. BerRehaG | J38: 368112010020 | K38: 0 | L38: BUT Leist. BerRehaG | M38: 368112010020 | N38: 0
A39: 368112010021 | B39: BerRehaG AlgW Netto | C39: 368112010021 | F39: 0 | G39: 0 | I39: BerRehaG AlgW Netto | J39: 368112010021 | K39: 0 | L39: BerRehaG AlgW Netto | M39: 368112010021 | N39: 0
A40: 368112010022 | B40: BerRehaG AlgW KV | C40: 368112010022 | F40: 0 | G40: 0 | I40: BerRehaG AlgW KV | J40: 368112010022 | K40: 0 | L40: BerRehaG AlgW KV | M40: 368112010022 | N40: 0
A41: 368112010023 | B41: BerRehaG AlgW RV | C41: 368112010023 | F41: 0 | G41: 0 | I41: BerRehaG AlgW RV | J41: 368112010023 | L41: BerRehaG AlgW RV | M41: 368112010023
A42: 368112010024 | B42: BerRehaG AlgW PV | C42: 368112010024 | F42: 0 | G42: 0 | I42: BerRehaG AlgW PV | J42: 368112010024 | L42: BerRehaG AlgW PV | M42: 368112010024
A43: 368112010026 | B43: BerRehaG FbW | C43: 368112010026 | F43: 0 | G43: 0 | I43: BerRehaG FbW | J43: 368112010026 | K43: 0 | L43: BerRehaG FbW | M43: 368112010026 | N43: 0
A44: 0100F3K422 | B44: Arbeitslosengeld | C44: 0100F3K422 | F44: 2.5697711e+09 | G44: 4.9917559e+09 | I44: Arbeitslosengeld | J44: 0100F3K422 | K44: 4.9917559e+09 | L44: Arbeitslosengeld | M44: 0100F3K422 | N44: 2.4219848e+09
A45: 468101000010 | B45: BUT ALG | C45: 468101000010 | F45: 0 | G45: 0 | I45: BUT ALG | J45: 468101000010 | K45: 0 | L45: BUT ALG | M45: 468101000010 | N45: 0
A46: 468101000011 | B46: ALG netto | C46: 468101000011 | F46: 1.4580598e+09 | G46: 2.862924e+09 | I46: ALG netto | J46: 468101000011 | K46: 2.862924e+09 | L46: ALG netto | M46: 468101000011 | N46: 1.4048642e+09
A47: 468101000012 | B47: ALG SV KV | C47: 468101000012 | F47: 4.8420115e+08 | G47: 9.2416284e+08 | I47: ALG SV KV | J47: 468101000012 | K47: 9.2416284e+08 | L47: ALG SV KV | M47: 468101000012 | N47: 4.3996169e+08
A48: 468101000013 | B48: ALG SV RV | C48: 468101000013 | F48: 5.2967588e+08 | G48: 1.0170402e+09 | I48: ALG SV RV | J48: 468101000013 | K48: 1.0170402e+09 | L48: ALG SV RV | M48: 468101000013 | N48: 4.8736429e+08
A49: 468101000014 | B49: ALG SV PV | C49: 468101000014 | F49: 97834278 | G49: 1.8762885e+08 | I49: ALG SV PV | J49: 468101000014 | K49: 1.8762885e+08 | L49: ALG SV PV | M49: 468101000014 | N49: 89794573
A50: 0100F3K43 | B50: Insolvenzgeld | C50: 0100F3K43 | F50: 1.5733346e+08 | G50: 2.7866712e+08 | I50: Insolvenzgeld | J50: 0100F3K43 | K50: 2.7866712e+08 | L50: Insolvenzgeld | M50: 0100F3K43 | N50: 1.2133366e+08
A51: 468102000010 | B51: BUT Insolvenzgeld | C51: 468102000010 | F51: 0 | G51: 0 | I51: BUT Insolvenzgeld | J51: 468102000010 | K51: 0 | L51: BUT Insolvenzgeld | M51: 468102000010 | N51: 0
A52: 0100F3K43 | B52: Insolvenzgeld | C52: 468102000011 | F52: 97337506 | G52: 1.9427458e+08 | I52: Insolvenzgeld | J52: 468102000011 | K52: 1.9427458e+08 | L52: Insolvenzgeld | M52: 468102000011 | N52: 96937074
A53: 468102000012 | B53: Gesamt-SV- Beiträge | C53: 468102000012 | F53: 69601676 | G53: 1.1707205e+08 | I53: Gesamt-SV- Beiträge | J53: 468102000012 | K53: 1.1707205e+08 | L53: Gesamt-SV- Beiträge | M53: 468102000012 | N53: 47470376
A54: 468102000013 | B54: InsG-Erstattungen | C54: 468102000013 | F54: -3985722.5 | G54: -17033019 | I54: InsG-Erstattungen | J54: 468102000013 | K54: -17033019 | L54: InsG-Erstattungen | M54: 468102000013 | N54: -13047297
A55: 468102000014 | B55: Erst. GSV-Beiträge | C55: 468102000014 | F55: -5619994.8 | G55: -15646488 | I55: Erst. GSV-Beiträge | J55: 468102000014 | K55: -15646488 | L55: Erst. GSV-Beiträge | M55: 468102000014 | N55: -10026493
I56: Auftragsangelegenheiten Bund | J56: 0100F3AABUND | K56: 9.8878086e+09 | L56: Auftragsangelegenheiten Bund | M56: 0100F3AABUND | N56: 4.9530066e+09
B57: Einnahmen Bund | I57: Einnahmen | J57: 0100F3AAB1 | K57: -2480476.4 | L57: Einnahmen | M57: 0100F3AAB1 | N57: -1195652.4
A58: 0100F3AAB11 | B58: Epl. 08 - BMF | C58: 0100F3AAB11 | D58: -1035711.7 | E58: -2090344.2 | I58: Epl. 08 - BMF | J58: 0100F3AAB11 | K58: -2090344.2 | L58: Epl. 08 - BMF | M58: 0100F3AAB11 | N58: -1054632.6
A59: 0100F3AAB12 | B59: Epl. 09 - BMWi | C59: 0100F3AAB12 | D59: 0 | E59: 0 | I59: Epl. 09 - BMWi | J59: 0100F3AAB12 | K59: 0 | L59: Epl. 09 - BMWi | M59: 0100F3AAB12 | N59: 0
A60: 0100F3AAB13 | B60: Epl. 11 - BMAS | C60: 0100F3AAB13 | D60: -125039.46 | E60: -260105.22 | I60: Epl. 11 - BMAS | J60: 0100F3AAB13 | K60: -260105.22 | L60: Epl. 11 - BMAS | M60: 0100F3AAB13 | N60: -135065.76
A61: 0100F3AAB14 | B61: Epl. 17 - BMFSFJ | C61: 0100F3AAB14 | D61: -7715.92 | E61: -13613.73 | I61: Epl. 17 - BMFSFJ | J61: 0100F3AAB14 | K61: -13613.73 | L61: Epl. 17 - BMFSFJ | M61: 0100F3AAB14 | N61: -5897.81
A62: 0100F3AAB15 | B62: Epl.23 - BMZ | C62: 0100F3AAB15 | D62: -31.23 | E62: -87.46 | I62: Epl.23 - BMZ | J62: 0100F3AAB15 | K62: -87.46 | L62: Epl.23 - BMZ | M62: 0100F3AAB15 | N62: -56.23
A63: 0100F3AAB16 | B63: Epl.30 - BMBF | C63: 0100F3AAB16 | D63: -116325.73 | E63: -116325.73 | I63: Epl.30 - BMBF | J63: 0100F3AAB16 | K63: -116325.73 | L63: Epl.30 - BMBF | M63: 0100F3AAB16 | N63: 0
B64: Ausgaben Bund | I64: Ausgaben Aufträge Bund | J64: 0100F3AAB2 | K64: 9.8902891e+09 | L64: Ausgaben Aufträge Bund | M64: 0100F3AAB2 | N64: 4.9542022e+09
A65: 0100F3AAB21 | B65: Epl.06 - BMI | C65: 0100F3AAB21 | F65: -2.3 | G65: -4.6 | I65: Epl.06 - BMI | J65: 0100F3AAB21 | K65: -4.6 | L65: Epl.06 - BMI | M65: 0100F3AAB21 | N65: -2.3
A66: 0100F3AAB13 | B66: Epl. 11 - BMAS | C66: 0100F3AAB23 | F66: 0 | G66: 0 | I66: Epl. 11 - BMAS | J66: 0100F3AAB23 | K66: 0 | L66: Epl. 11 - BMAS | M66: 0100F3AAB23 | N66: 0
A67: 0100F3AAB24 | B67: Epl. 14 - BMVg | C67: 0100F3AAB24 | F67: 313162.65 | G67: 583255 | I67: Epl. 14 - BMVg | J67: 0100F3AAB24 | K67: 583255 | L67: Epl. 14 - BMVg | M67: 0100F3AAB24 | N67: 270092.35
A68: 0100F3AAB241 | B68: 1403/433 71 - Soldatenfürsorge | C68: 0100F3AAB241 | F68: 313162.65 | G68: 583255 | I68: 1403/433 71 - Soldatenfürsorge | J68: 0100F3AAB241 | K68: 583255 | L68: 1403/433 71 - Soldatenfürsorge | M68: 0100F3AAB241 | N68: 270092.35
A69: 898901010500 | B69: BUT Soldatenfö. BMVg | C69: 898901010500 | F69: 0 | G69: 0 | I69: BUT Soldatenfö. BMVg | J69: 898901010500 | L69: BUT Soldatenfö. BMVg | M69: 898901010500
A70: 898901010511 | B70: Alo.-beihilfe (Alb) | C70: 898901010511 | F70: 189070.62 | G70: 355439.69 | I70: Alo.-beihilfe (Alb) | J70: 898901010511 | K70: 355439.69 | L70: Alo.-beihilfe (Alb) | M70: 898901010511 | N70: 166369.07
A71: 898901010512 | B71: Alb - KV-Beiträge | C71: 898901010512 | F71: 54745.71 | G71: 100480.94 | I71: Alb - KV-Beiträge | J71: 898901010512 | K71: 100480.94 | L71: Alb - KV-Beiträge | M71: 898901010512 | N71: 45735.23
A72: 898901010513 | B72: Alb - RV-Beiträge | C72: 898901010513 | F72: 58928.85 | G72: 108309.3 | I72: Alb - RV-Beiträge | J72: 898901010513 | K72: 108309.3 | L72: Alb - RV-Beiträge | M72: 898901010513 | N72: 49380.45
A73: 898901010514 | B73: Alb - PV-Beiträge | C73: 898901010514 | F73: 11104.93 | G73: 20399.99 | I73: Alb - PV-Beiträge | J73: 898901010514 | K73: 20399.99 | L73: Alb - PV-Beiträge | M73: 898901010514 | N73: 9295.06
A74: 898901010521 | B74: Alo.-hilfe (Alhi) | C74: 898901010521 | F74: -650.12 | G74: -1300.26 | I74: Alo.-hilfe (Alhi) | J74: 898901010521 | K74: -1300.26 | L74: Alo.-hilfe (Alhi) | M74: 898901010521 | N74: -650.14
A75: 898901010522 | B75: Alhi - KV-Beiträge | C75: 898901010522 | F75: -33.42 | G75: -66.83 | I75: Alhi - KV-Beiträge | J75: 898901010522 | K75: -66.83 | L75: Alhi - KV-Beiträge | M75: 898901010522 | N75: -33.41
A76: 898901010523 | B76: Alhi - RV-Beiträge | C76: 898901010523 | F76: 0 | G76: 0 | I76: Alhi - RV-Beiträge | J76: 898901010523 | L76: Alhi - RV-Beiträge | M76: 898901010523
A77: 898901010524 | B77: Alhi - PV-Beiträge | C77: 898901010524 | F77: -3.92 | G77: -7.83 | I77: Alhi - PV-Beiträge | J77: 898901010524 | K77: -7.83 | L77: Alhi - PV-Beiträge | M77: 898901010524 | N77: -3.91
A78: 0100F3AAB25 | B78: Epl. 17 - BMBFSFJ | C78: 0100F3AAB25 | F78: 3.1613235e+08 | G78: 6.3034633e+08 | I78: Epl. 17 - BMBFSFJ | J78: 0100F3AAB25 | K78: 6.3034633e+08 | L78: Epl. 17 - BMBFSFJ | M78: 0100F3AAB25 | N78: 3.1421398e+08
A79: 0100F3AAB26 | B79: Epl. 23 - BMZ | C79: 0100F3AAB26 | F79: 3222080.6 | G79: 5812122.8 | I79: Epl. 23 - BMZ | J79: 0100F3AAB26 | K79: 5812122.8 | L79: Epl. 23 - BMZ | M79: 0100F3AAB26 | N79: 2590042.3
A80: 0100F3AAB261 | B80: 2301/681 02: Leistungen n. d. EhG | C80: 0100F3AAB261 | F80: 182049.74 | G80: 343834.04 | I80: 2301/681 02: Leistungen n. d. EhG | J80: 0100F3AAB261 | K80: 343834.04 | L80: 2301/681 02: Leistungen n. d. EhG | M80: 0100F3AAB261 | N80: 161784.3
A81: 898901010710 | B81: BUT Entw.helf.G BMZ | C81: 898901010710 | F81: 0 | G81: 0 | I81: BUT Entw.helf.G BMZ | J81: 898901010710 | K81: 0 | L81: BUT Entw.helf.G BMZ | M81: 898901010710 | N81: 0
A82: 898901010711 | B82: EhG-Alg, netto | C82: 898901010711 | F82: 95298.78 | G82: 182569.15 | I82: EhG-Alg, netto | J82: 898901010711 | K82: 182569.15 | L82: EhG-Alg, netto | M82: 898901010711 | N82: 87270.37
A83: 898901010712 | B83: Alg - KV-Beiträge | C83: 898901010712 | F83: 31429.02 | G83: 58521.55 | I83: Alg - KV-Beiträge | J83: 898901010712 | K83: 58521.55 | L83: Alg - KV-Beiträge | M83: 898901010712 | N83: 27092.53
A84: 898901010713 | B84: Alg - RV-Beiträge | C84: 898901010713 | F84: 33566.62 | G84: 63106.41 | I84: Alg - RV-Beiträge | J84: 898901010713 | K84: 63106.41 | L84: Alg - RV-Beiträge | M84: 898901010713 | N84: 29539.79
A85: 898901010714 | B85: Alg - PV-Beiträge | C85: 898901010714 | F85: 6385.75 | G85: 11935.48 | I85: Alg - PV-Beiträge | J85: 898901010714 | K85: 11935.48 | L85: Alg - PV-Beiträge | M85: 898901010714 | N85: 5549.73
A86: 898901010721 | B86: EhG-AlgW, netto | C86: 898901010721 | F86: 8736.61 | G86: 14591.55 | I86: EhG-AlgW, netto | J86: 898901010721 | K86: 14591.55 | L86: EhG-AlgW, netto | M86: 898901010721 | N86: 5854.94
A87: 898901010722 | B87: AlgW - KV-Beiträge | C87: 898901010722 | F87: 2961.2 | G87: 5048.12 | I87: AlgW - KV-Beiträge | J87: 898901010722 | K87: 5048.12 | L87: AlgW - KV-Beiträge | M87: 898901010722 | N87: 2086.92
A88: 898901010723 | B88: AlgW - RV-Beiträge | C88: 898901010723 | F88: 3076.34 | G88: 5235.38 | I88: AlgW - RV-Beiträge | J88: 898901010723 | K88: 5235.38 | L88: AlgW - RV-Beiträge | M88: 898901010723 | N88: 2159.04
... A91: 0100F3AAB262 | B91: 2305/686 03 1: BMZ - JPO-Programm | C91: 0100F3AAB262 | F91: 3040030.8 | G91: 5468288.8 | I91: 2305/686 03 1: BMZ - JPO-Programm | J91: 0100F3AAB262 | K91: 5468288.8 | L91: 2305/686 03 1: BMZ - JPO-Programm | M91: 0100F3AAB262 | N91: 2428258
A92: 0100F3AAB30 | B92: Epl. 24 - BMDS | C92: 0100F3AAB30 | F92: 0 | G92: 0 | I92: Epl. 24 - BMDS | J92: 0100F3AAB30 | L92: Epl. 24 - BMDS | M92: 0100F3AAB30
A93: 0100F3AAB29 | B93: Epl. 30 - BMBF | C93: 0100F3AAB29 | F93: 3978.76 | G93: 3978.76 | I93: Epl. 30 - BMBF | J93: 0100F3AAB29 | K93: 3978.76 | L93: Epl. 30 - BMBF | M93: 0100F3AAB29 | N93: 0
A94: 0100F3AAB28 | B94: Epl. 60 - Allgemeine Finanzverwaltung | C94: 0100F3AAB28 | F94: 4.6164153e+09 | G94: 9.2535434e+09 | I94: Epl. 60 - Allgemeine Finanzverwaltung | J94: 0100F3AAB28 | K94: 9.2535434e+09 | L94: Epl. 60 - Allgemeine Finanzverwaltung | M94: 0100F3AAB28 | N94: 4.6371281e+09
A95: Einnahmen Länder | B95: Einnahmen Länder | C95: Summe Einnahmen Länder | D95: -2525555.6 | E95: -18516935 | I95: Auftragsangelegenheiten der Länder | J95: 0100F3AALAEND | K95: -16826772 | L95: Auftragsangelegenheiten der Länder | M95: 0100F3AALAEND | N95: -15770001
A96: Ausgaben Länder | B96: Ausgaben Länder | C96: Summe Ausgaben Länder | F96: 1468784.6 | G96: 1690162.5 | I96: Summe Einnahmen Länder | J96: Summe Einnahmen Länder | K96: -18516935 | L96: Summe Einnahmen Länder | M96: Summe Einnahmen Länder | N96: -15991379
A97: Einnahmen Sonstige | B97: Einnahmen Sonstige | C97: Summe Einnahmen Sonstige | D97: -153903.9 | E97: -1336057.5 | I97: Summe Ausgaben Länder | J97: Summe Ausgaben Länder | K97: 1690162.5 | L97: Summe Ausgaben Länder | M97: Summe Ausgaben Länder | N97: 221377.88
A98: Ausgaben Sonstige | B98: Ausgaben Sonstige | C98: Summe Ausgaben Sonstige | F98: 86989.34 | G98: 167121.86 | I98: Schleswig-Holstein | J98: 0100F3AALA | L98: Schleswig-Holstein | M98: 0100F3AALA
I99: Einnahmen SH | J99: 0100F3AALA1 | L99: Einnahmen SH | M99: 0100F3AALA1
I100: Hamburg | J100: 0100F3AALB | L100: Hamburg | M100: 0100F3AALB
I101: Einnahmen HH | J101: 0100F3AALB1 | L101: Einnahmen HH | M101: 0100F3AALB1
I102: Niedersachsen | J102: 0100F3AALC | K102: 0 | L102: Niedersachsen | M102: 0100F3AALC | N102: 0
I103: Einnahmen NI | J103: 0100F3AALC1 | L103: Einnahmen NI | M103: 0100F3AALC1
I104: Ausgaben NI | J104: 0100F3AALC2 | K104: 0 | L104: Ausgaben NI | M104: 0100F3AALC2 | N104: 0
I105: Niedersachsen Kofi BOM | J105: 0100F3AALT | K105: -157404.24 | L105: Niedersachsen Kofi BOM | M105: 0100F3AALT | N105: -226821.01
I106: Betriebsmittel Kofinanzierung BOM | J106: 0100F3AALT1 | K106: -300000 | L106: Betriebsmittel Kofinanzierung BOM | M106: 0100F3AALT1 | N106: -300000
I107: Ausgaben Kofinanzierung BOM | J107: 0100F3AALT2 | K107: 142595.76 | L107: Ausgaben Kofinanzierung BOM | M107: 0100F3AALT2 | N107: 73178.99
I108: Bremen | J108: 0100F3AALD | L108: Bremen | M108: 0100F3AALD
I109: Ausgaben HB | J109: 0100F3AALD2 | L109: Ausgaben HB | M109: 0100F3AALD2
I110: Nordrhein-Westfalen | J110: 0100F3AALE | L110: Nordrhein-Westfalen | M110: 0100F3AALE
I111: Einnahmen NRW | J111: 0100F3AALE1 | L111: Einnahmen NRW | M111: 0100F3AALE1
I112: Hessen | J112: 0100F3AALF | K112: 0 | L112: Hessen | M112: 0100F3AALF | N112: 0
I113: Einnahmen H | J113: 0100F3AALF1 | K113: 0 | L113: Einnahmen H | M113: 0100F3AALF1 | N113: 0
...

Sheet Regionen_Steuerung
A1: 1 | B1: Deutschland | E1: 1 | H1: Datum_Steuerung:
A2: 2 | B2: RD-Bezirk Nord
A3: 3 | B3: Schleswig-Holstein | H3: act. Jahr: | I3: 2026
A4: 4 | B4: Hamburg | H4: vor. Jahr | I4: 2025
A5: 5 | B5: Mecklenburg-Vorpommern
A6: 6 | B6: RD-Bezirk Niedersachsen-Bremen
A7: 7 | B7: Niedersachsen
A8: 8 | B8: Bremen
A9: 9 | B9: RD-Bezirk Nordrhein-Westfalen
A10: 10 | B10: RD-Bezirk Hessen
A11: 11 | B11: RD-Bezirk Rheinland-Pfalz-Saarland
A12: 12 | B12: Rheinland-Pfalz
A13: 13 | B13: Saarland
A14: 14 | B14: RD-Bezirk Baden-Württemberg
A15: 15 | B15: RD-Bezirk Bayern
A16: 16 | B16: RD-Bezirk Berlin-Brandenburg
... A23: 23 | B23: besondere Dienststellen und Zentrale

Sheet MBL
A1: Finanzposition | B1: Finanzstelle | C1: FiStl Bundesländer (BL) | D1: Schleswig-Holstein | E1: Hamburg | F1: Niedersachsen | G1: Bremen | H1: Nordrhein-Westfalen | I1: Hessen | J1: Rheinland-Pfalz | K1: Saarland | L1: Baden-Württemberg | M1: Bayern | N1: Berlin | O1: Brandenburg | P1: Mecklenburg-Vorpommern | Q1: Sachsen | R1: Sachsen-Anhalt | S1: Thüringen | T1: Bundesländer (SGB III) | U1: Land Schleswig-Holstein (SGB III) | V1: Land Hamburg (SGB III) | W1: Land Niedersachsen (SGB III) | X1: Land Bremen (SGB III) | Y1: Land Nordrhein-Westfalen (SGB III) | Z1: Land Hessen (SGB III) | AA1: Land Rheinland-Pfalz (SGB III) | AB1: Land Saarland (SGB III) | AC1: Land Baden-Württemberg (SGB III) | AD1: Land Bayern (SGB III) | AE1: Land Berlin (SGB III) | AF1: Land Brandenburg (SGB III) | AG1: Land Mecklenburg-Vorpommern (SGB III) | AH1: Land Sachsen (SGB III) | AI1: Land Sachsen-Anhalt (SGB III) | AJ1: Land Thüringen (SGB III) | AK1: Bundesländer (SGB II) | AL1: Land Schleswig-Holstein (SGB II) | AM1: Land Hamburg (SGB II) | AN1: Land Niedersachsen (SGB II) | AO1: Land Bremen (SGB II) | AP1: Land Nordrhein-Westfalen (SGB II) | AQ1: Land Hessen (SGB II) | AR1: Land Rheinland-Pfalz (SGB II) | AS1: Land Saarland (SGB II) | AT1: Land Baden-Württemberg (SGB II) | AU1: Land Bayern (SGB II) | AV1: Land Berlin (SGB II) | AW1: Land Brandenburg (SGB II) | AX1: Land Mecklenburg-Vorpommern (SGB II) | AY1: Land Sachsen (SGB II) | AZ1: Land Sachsen-Anhalt (SGB II) | BA1: Land Thüringen (SGB II) | BB1: Bundesland-übergreifende DSt | BC1: besondere Dienststellen und Zentrale | BD1: Zentrale | BE1: besDSt - IAB | BF1: besDSt - ITSYS | BG1: besDSt - FamKa | BH1: besDSt - FBA | BI1: besDSt - HdBA | BJ1: besDSt - ZAV | BK1: RD Nord | BL1: RD Niedersachsen-Bremen | BM1: RD Rheinland-Pfalz-Saarland | BN1: RD Berlin-Brandenburg | BO1: RD Sachsen-Anhalt-Thüringen | BP1: BA-SH
A2: Haushalt der BA | B2: 0100F3GESAMT | C2: 1.871029e+09 | D2: 2.9487088e+08 | E2: 2.5126704e+08 | F2: 7.9599321e+08 | G2: 99040472 | H2: 1.95827e+09 | I2: 5.2294208e+08 | J2: 4.0357439e+08 | K2: 1.0347421e+08 | L2: 1.0984685e+09 | M2: 1.3659131e+09 | N2: 5.4012715e+08 | O2: 2.4883202e+08 | P2: 1.8181502e+08 | Q2: 4.0316734e+08 | R2: 2.1679717e+08 | S2: 2.0592952e+08 | T2: 8.1909676e+09 | U2: 2.7319615e+08 | V2: 2.3236351e+08 | W2: 7.4626711e+08 | X2: 89635105 | Y2: 1.8382518e+09 | Z2: 5.0338845e+08 | AA2: 3.7778109e+08 | AB2: 98192093 | AC2: 1.0588661e+09 | AD2: 1.3167679e+09 | AE2: 4.7836862e+08 | AF2: 2.3545746e+08 | AG2: 1.6666466e+08 | AH2: 3.8199059e+08 | AI2: 2.0345276e+08 | AJ2: 1.9032425e+08 | AK2: 4.9951445e+08 | AL2: 21674727 | AM2: 18903534 | AN2: 49726102 | AO2: 9405367 | AP2: 1.2001821e+08 | AQ2: 19553625 | AR2: 25793300 | AS2: 5282120.3 | AT2: 39602383 | AU2: 49145230 | AV2: 61758523 | AW2: 13374553 | AX2: 15150359 | AY2: 21176747 | AZ2: 13344405 | BA2: 15605270 | BB2: -6.819453e+09 | BC2: -6.826841e+09 | BD2: 43660744 | BE2: 4291225.6 | BF2: 1.8268155e+08 | BG2: 3336072.9 | BH2: 1583197 | BI2: 3571401.9 | BJ2: 12883463 | BK2: 1747031.2 | BL2: 2063401.5 | BM2: 1560385.3 | BN2: 1403429.2 | BO2: 613791.76 | BP2: -7.0788487e+09
A3: Bes. Finanzierungseinn. und -ausgaben | B3: 0100F3BESOND | C3: 0 | D3: 0 | E3: 0 | F3: 0 | G3: 0 | H3: 0 | I3: 0 | J3: 0 | K3: 0 | L3: 0 | M3: 0 | N3: 0 | O3: 0 | P3: 0 | Q3: 0 | R3: 0 | S3: 0 | BB3: 0 | BC3: 0 | BD3: 0
A4: Bundesdarlehen | B4: 0100F3BES02 | C4: 0 | D4: 0 | E4: 0 | F4: 0 | G4: 0 | H4: 0 | I4: 0 | J4: 0 | K4: 0 | L4: 0 | M4: 0 | N4: 0 | O4: 0 | P4: 0 | Q4: 0 | R4: 0 | S4: 0 | BB4: 0 | BC4: 0 | BD4: 0
A5: BUT Bundesdarlehen | B5: 131199000000 | C5: 0 | D5: 0 | E5: 0 | F5: 0 | G5: 0 | H5: 0 | I5: 0 | J5: 0 | K5: 0 | L5: 0 | M5: 0 | N5: 0 | O5: 0 | P5: 0 | Q5: 0 | R5: 0 | S5: 0 | BB5: 0 | BC5: 0 | BD5: 0
A6: Bundesdarlehen | B6: 131199000001 | D6: 0 | E6: 0 | F6: 0 | G6: 0 | H6: 0 | I6: 0 | J6: 0 | K6: 0 | L6: 0 | M6: 0 | N6: 0 | O6: 0 | P6: 0 | Q6: 0 | R6: 0 | S6: 0 | BC6: 0
A7: Entnahme aus Rücklage | B7: 0100F3BES03 | D7: 0 | E7: 0 | F7: 0 | G7: 0 | H7: 0 | I7: 0 | J7: 0 | K7: 0 | L7: 0 | M7: 0 | N7: 0 | O7: 0 | P7: 0 | Q7: 0 | R7: 0 | S7: 0 | BC7: 0
A8: BUT Entn. Rücklage | B8: 135901000000 | D8: 0 | E8: 0 | F8: 0 | G8: 0 | H8: 0 | I8: 0 | J8: 0 | K8: 0 | L8: 0 | M8: 0 | N8: 0 | O8: 0 | P8: 0 | Q8: 0 | R8: 0 | S8: 0 | BC8: 0
A9: Entnahme Rücklage | B9: 135901000001 | D9: 0 | E9: 0 | F9: 0 | G9: 0 | H9: 0 | I9: 0 | J9: 0 | K9: 0 | L9: 0 | M9: 0 | N9: 0 | O9: 0 | P9: 0 | Q9: 0 | R9: 0 | S9: 0 | BC9: 0
A10: Entnahme aus Eingl.-Rücklage | B10: 0100F3BES04 | D10: 0 | E10: 0 | F10: 0 | G10: 0 | H10: 0 | I10: 0 | J10: 0 | K10: 0 | L10: 0 | M10: 0 | N10: 0 | O10: 0 | P10: 0 | Q10: 0 | R10: 0 | S10: 0 | BC10: 0
A11: BUT Entn. Eingl.RL | B11: 135902000000 | D11: 0 | E11: 0 | F11: 0 | G11: 0 | H11: 0 | I11: 0 | J11: 0 | K11: 0 | L11: 0 | M11: 0 | N11: 0 | O11: 0 | P11: 0 | Q11: 0 | R11: 0 | S11: 0 | BC11: 0
A12: Entn Eingl.-RL | B12: 135902000001 | D12: 0 | E12: 0 | F12: 0 | G12: 0 | H12: 0 | I12: 0 | J12: 0 | K12: 0 | L12: 0 | M12: 0 | N12: 0 | O12: 0 | P12: 0 | Q12: 0 | R12: 0 | S12: 0 | BC12: 0
A13: Entnahme aus Insolvenzgeldrücklage | B13: 0100F3BES10 | D13: 0 | E13: 0 | F13: 0 | G13: 0 | H13: 0 | I13: 0 | J13: 0 | K13: 0 | L13: 0 | M13: 0 | N13: 0 | O13: 0 | P13: 0 | Q13: 0 | R13: 0 | S13: 0 | BC13: 0
A14: BUT Entn. InsG-RL | B14: 135903000000 | D14: 0 | E14: 0 | F14: 0 | G14: 0 | H14: 0 | I14: 0 | J14: 0 | K14: 0 | L14: 0 | M14: 0 | N14: 0 | O14: 0 | P14: 0 | Q14: 0 | R14: 0 | S14: 0 | BC14: 0
A15: Entnahme InsG-RL | B15: 135903000001 | D15: 0 | E15: 0 | F15: 0 | G15: 0 | H15: 0 | I15: 0 | J15: 0 | K15: 0 | L15: 0 | M15: 0 | N15: 0 | O15: 0 | P15: 0 | Q15: 0 | R15: 0 | S15: 0 | BC15: 0
A16: Entnahme aus Winterbesch.-Rücklage | B16: 0100F3BES11 | D16: 0 | E16: 0 | F16: 0 | G16: 0 | H16: 0 | I16: 0 | J16: 0 | K16: 0 | L16: 0 | M16: 0 | N16: 0 | O16: 0 | P16: 0 | Q16: 0 | R16: 0 | S16: 0 | BC16: 0
A17: BUT Entn. Winter-RL | B17: 135904000000 | D17: 0 | E17: 0 | F17: 0 | G17: 0 | H17: 0 | I17: 0 | J17: 0 | K17: 0 | L17: 0 | M17: 0 | N17: 0 | O17: 0 | P17: 0 | Q17: 0 | R17: 0 | S17: 0 | BC17: 0
... A27: Zuführung Eingl.-RL | B27: 191902000001 | D27: 0 | E27: 0 | F27: 0 | G27: 0 | H27: 0 | I27: 0 | J27: 0 | K27: 0 | L27: 0 | M27: 0 | N27: 0 | O27: 0 | P27: 0 | Q27: 0 | R27: 0 | S27: 0 | BC27: 0
A28: Zuführung an InsG-Rücklage | B28: 0100F3BES08 | C28: 0 | D28: 0 | E28: 0 | F28: 0 | G28: 0 | H28: 0 | I28: 0 | J28: 0 | K28: 0 | L28: 0 | M28: 0 | N28: 0 | O28: 0 | P28: 0 | Q28: 0 | R28: 0 | S28: 0 | BB28: 0 | BC28: 0 | BD28: 0
A29: BUT Zuf. InsG-RL | B29: 191903000000 | C29: 0 | D29: 0 | E29: 0 | F29: 0 | G29: 0 | H29: 0 | I29: 0 | J29: 0 | K29: 0 | L29: 0 | M29: 0 | N29: 0 | O29: 0 | P29: 0 | Q29: 0 | R29: 0 | S29: 0 | BB29: 0 | BC29: 0 | BD29: 0
A30: Zuführung InsG-RL | B30: 191903000001 | D30: 0 | E30: 0 | F30: 0 | G30: 0 | H30: 0 | I30: 0 | J30: 0 | K30: 0 | L30: 0 | M30: 0 | N30: 0 | O30: 0 | P30: 0 | Q30: 0 | R30: 0 | S30: 0 | BC30: 0
A31: Zuführung an WB-Rücklage | B31: 0100F3BES09 | C31: 0 | D31: 0 | E31: 0 | F31: 0 | G31: 0 | H31: 0 | I31: 0 | J31: 0 | K31: 0 | L31: 0 | M31: 0 | N31: 0 | O31: 0 | P31: 0 | Q31: 0 | R31: 0 | S31: 0 | BB31: 0 | BC31: 0 | BD31: 0
A32: BUT Zuf. WB-RL | B32: 191904000000 | C32: 0 | D32: 0 | E32: 0 | F32: 0 | G32: 0 | H32: 0 | I32: 0 | J32: 0 | K32: 0 | L32: 0 | M32: 0 | N32: 0 | O32: 0 | P32: 0 | Q32: 0 | R32: 0 | S32: 0 | BB32: 0 | BC32: 0 | BD32: 0
A33: Zuführung WB-RL | B33: 191904000001 | D33: 0 | E33: 0 | F33: 0 | G33: 0 | H33: 0 | I33: 0 | J33: 0 | K33: 0 | L33: 0 | M33: 0 | N33: 0 | O33: 0 | P33: 0 | Q33: 0 | R33: 0 | S33: 0 | BC33: 0
A34: Saldo BA-Haushalt | B34: 0100F3SALDO | C34: 1.871029e+09 | D34: 2.9487088e+08 | E34: 2.5126704e+08 | F34: 7.9599321e+08 | G34: 99040472 | H34: 1.95827e+09 | I34: 5.2294208e+08 | J34: 4.0357439e+08 | K34: 1.0347421e+08 | L34: 1.0984685e+09 | M34: 1.3659131e+09 | N34: 5.4012715e+08 | O34: 2.4883202e+08 | P34: 1.8181502e+08 | Q34: 4.0316734e+08 | R34: 2.1679717e+08 | S34: 2.0592952e+08 | T34: 8.1909676e+09 | U34: 2.7319615e+08 | V34: 2.3236351e+08 | W34: 7.4626711e+08 | X34: 89635105 | Y34: 1.8382518e+09 | Z34: 5.0338845e+08 | AA34: 3.7778109e+08 | AB34: 98192093 | AC34: 1.0588661e+09 | AD34: 1.3167679e+09 | AE34: 4.7836862e+08 | AF34: 2.3545746e+08 | AG34: 1.6666466e+08 | AH34: 3.8199059e+08 | AI34: 2.0345276e+08 | AJ34: 1.9032425e+08 | AK34: 4.9951445e+08 | AL34: 21674727 | AM34: 18903534 | AN34: 49726102 | AO34: 9405367 | AP34: 1.2001821e+08 | AQ34: 19553625 | AR34: 25793300 | AS34: 5282120.3 | AT34: 39602383 | AU34: 49145230 | AV34: 61758523 | AW34: 13374553 | AX34: 15150359 | AY34: 21176747 | AZ34: 13344405 | BA34: 15605270 | BB34: -6.819453e+09 | BC34: -6.826841e+09 | BD34: 43660744 | BE34: 4291225.6 | BF34: 1.8268155e+08 | BG34: 3336072.9 | BH34: 1583197 | BI34: 3571401.9 | BJ34: 12883463 | BK34: 1747031.2 | BL34: 2063401.5 | BM34: 1560385.3 | BN34: 1403429.2 | BO34: 613791.76 | BP34: -7.0788487e+09
A35: Einnahmen | B35: 0100F3EINN | C35: -7.6932795e+09 | D35: -1578771.6 | E35: -2332704.6 | F35: -3262193.7 | G35: -414397.87 | H35: -6679656.6 | I35: -86206583 | J35: -1389311.4 | K35: -481555.63 | L35: -4103931.8 | M35: -6354776.6 | N35: -2238360 | O35: -890296.07 | P35: -581657.01 | Q35: -3323432.5 | R35: -2502649.6 | S35: -1122923.8 | T35: -1.2346314e+08 | U35: -1578771.6 | V35: -2332704.6 | W35: -3262186.5 | X35: -414397.87 | Y35: -6679656.6 | Z35: -86206583 | AA35: -1389311.4 | AB35: -481555.63 | AC35: -4103881.8 | AD35: -6354776.6 | AE35: -2238360 | AF35: -890296.07 | AG35: -581657.01 | AH35: -3323432.5 | AI35: -2502649.6 | AJ35: -1122923.8 | AK35: -57.22 | AL35: 0 | AN35: -7.22 | AR35: 0 | AT35: -50 | AV35: 0 | AW35: 0 | BA35: 0 | BB35: -7.5698163e+09 | BC35: -7.5689368e+09 | BD35: -5836995.5 | BE35: -1975191.6 | BF35: -3289821.8 | BG35: 0 | BH35: -459349.88 | BI35: -226201.25 | BJ35: -751209.23 | BK35: 14339.67 | BL35: -2909.58 | BM35: -8726.19 | BN35: -23655.74 | BO35: -858612.32 | BP35: -7.556398e+09
A36: Beiträge | B36: 0100F3K101 | C36: -6.4709754e+09 | D36: -274342.51 | E36: -450329.95 | F36: -912126.95 | G36: -86287.49 | H36: -2068484.9 | I36: -639235.54 | J36: -371001.64 | K36: -101081.28 | L36: -1052885 | M36: -1814200.5 | N36: -742497.42 | O36: -402282.6 | P36: -284172.97 | Q36: -783504.33 | R36: -274831.24 | S36: -315318.15 | T36: -10572582 | U36: -274342.51 | V36: -450329.95 | W36: -912126.95 | X36: -86287.49 | Y36: -2068484.9 | Z36: -639235.54 | AA36: -371001.64 | AB36: -101081.28 | AC36: -1052885 | AD36: -1814200.5 | AE36: -742497.42 | AF36: -402282.6 | AG36: -284172.97 | AH36: -783504.33 | AI36: -274831.24 | AJ36: -315318.15 | BB36: -6.4604029e+09 | BC36: -6.4604029e+09 | BD36: 0 | BP36: -6.4604029e+09
A37: BUT Beiträge | B37: 109901000000 | C37: 0 | D37: 0 | E37: 0 | F37: 0 | G37: 0 | H37: 0 | I37: 0 | J37: 0 | K37: 0 | L37: 0 | M37: 0 | N37: 0 | O37: 0 | P37: 0 | Q37: 0 | R37: 0 | S37: 0 | BB37: 0 | BC37: 0 | BD37: 0
A38: Krankenkassen | B38: 109901000011 | C38: -6.3107375e+09 | D38: 0 | E38: 0 | F38: 0 | G38: 0 | H38: 0 | I38: 0 | J38: 0 | K38: 0 | L38: 0 | M38: 0 | N38: 0 | O38: 0 | P38: 0 | Q38: 0 | R38: 0 | S38: 0 | T38: 0 | Y38: 0 | AD38: 0 | AH38: 0 | BB38: -6.3107375e+09 | BC38: -6.3107375e+09 | BP38: -6.3107375e+09
A39: Beitragserstattungen | B39: 109901000018 | C39: 33624.71 | D39: 0 | E39: 15790.06 | F39: 0 | G39: 0 | H39: 759.96 | I39: 0 | J39: 77.99 | K39: 119.42 | L39: 13086.48 | M39: 1567.22 | N39: 0 | O39: 0 | P39: 0 | Q39: -21.6 | R39: 1268.22 | S39: 976.96 | T39: 33624.71 | V39: 15790.06 | Y39: 759.96 | AA39: 77.99 | AB39: 119.42 | AC39: 13086.48 | AD39: 1567.22 | AE39: 0 | AF39: 0 | AG39: 0 | AH39: -21.6 | AI39: 1268.22 | AJ39: 976.96 | BC39: 0
A40: Arbeitnehmer BA | B40: 109901000019 | C40: -25214501 | D40: 0 | E40: 0 | F40: 0 | G40: 0 | H40: 0 | I40: 0 | J40: 0 | K40: 0 | L40: 0 | M40: 0 | N40: 0 | O40: 0 | P40: 0 | Q40: 0 | R40: 0 | S40: 0 | BB40: -25214501 | BC40: -25214501 | BP40: -25214501
A41: Pflegepers. Pflegek. | B41: 109901000021 | C41: -4716870.7 | D41: 0 | E41: 0 | F41: 0 | G41: 0 | H41: 0 | I41: 0 | J41: 0 | K41: 0 | L41: 0 | M41: 0 | N41: 0 | O41: 0 | P41: 0 | Q41: 0 | R41: 0 | S41: 0 | BB41: -4716870.7 | BC41: -4716870.7 | BP41: -4716870.7
A42: Gefangene | B42: 109901000024 | C42: -555756.5 | D42: 0 | E42: 0 | F42: 0 | G42: 0 | H42: 0 | I42: 0 | J42: 0 | K42: 0 | L42: 0 | M42: 0 | N42: 0 | O42: 0 | P42: 0 | Q42: 0 | R42: 0 | S42: 0 | BB42: -555756.5 | BC42: -555756.5 | BP42: -555756.5
A43: Wehr/Zivildienstl. | B43: 109901000025 | C43: -960000 | D43: 0 | E43: 0 | F43: 0 | G43: 0 | H43: 0 | I43: 0 | J43: 0 | K43: 0 | L43: 0 | M43: 0 | N43: 0 | O43: 0 | P43: 0 | Q43: 0 | R43: 0 | S43: 0 | BB43: -960000 | BC43: -960000 | BP43: -960000
A44: Entgelters. EM-Rente | B44: 109901000026 | C44: -1.1821821e+08 | D44: 0 | E44: 0 | F44: 0 | G44: 0 | H44: 0 | I44: 0 | J44: 0 | K44: 0 | L44: 0 | M44: 0 | N44: 0 | O44: 0 | P44: 0 | Q44: 0 | R44: 0 | S44: 0 | BB44: -1.1821821e+08 | BC44: -1.1821821e+08 | BP44: -1.1821821e+08
A45: Selbstst. APV | B45: 109901000042 | C45: -9778657.5 | D45: -261464.46 | E45: -445042.29 | F45: -813253.16 | G45: -80529.01 | H45: -1950834.9 | I45: -563278.59 | J45: -351676.88 | K45: -98255.97 | L45: -944199.75 | M45: -1550573.7 | N45: -701909.51 | O45: -398272.23 | P45: -280811.6 | Q45: -758871.71 | R45: -272096.96 | S45: -307586.77 | T45: -9778657.5 | U45: -261464.46 | V45: -445042.29 | W45: -813253.16 | X45: -80529.01 | Y45: -1950834.9 | Z45: -563278.59 | AA45: -351676.88 | AB45: -98255.97 | AC45: -944199.75 | AD45: -1550573.7 | AE45: -701909.51 | AF45: -398272.23 | AG45: -280811.6 | AH45: -758871.71 | AI45: -272096.96 | AJ45: -307586.77 | BC45: 0
A46: Auslandsb. APV | B46: 109901000043 | C46: -832161.75 | D46: -12878.05 | E46: -22742.6 | F46: -100290.36 | G46: -5758.48 | H46: -117209.06 | I46: -77385.46 | J46: -19096.96 | K46: -4282.04 | L46: -121160.19 | M46: -264849.23 | N46: -40382.23 | O46: -4010.37 | P46: -3258.53 | Q46: -24251.08 | R46: -5898.77 | S46: -8708.34 | T46: -832161.75 | U46: -12878.05 | V46: -22742.6 | W46: -100290.36 | X46: -5758.48 | Y46: -117209.06 | Z46: -77385.46 | AA46: -19096.96 | AB46: -4282.04 | AC46: -121160.19 | AD46: -264849.23 | AE46: -40382.23 | AF46: -4010.37 | AG46: -3258.53 | AH46: -24251.08 | AI46: -5898.77 | AJ46: -8708.34 | BC46: 0
A47: Erst. APV Vers. | B47: 109901000044 | C47: 8543.43 | D47: 0 | E47: 1664.88 | F47: 1622.25 | G47: 0 | H47: 0 | I47: 2022.72 | J47: 0 | K47: 1337.31 | L47: 0 | M47: 0 | N47: 0 | O47: 0 | P47: 0 | Q47: 0 | R47: 1896.27 | S47: 0 | T47: 8543.43 | V47: 1664.88 | W47: 1622.25 | Z47: 2022.72 | AB47: 1337.31 | AI47: 1896.27 | BC47: 0
A48: Elternzeit APV | B48: 109901000045 | C48: -1783.33 | D48: 0 | E48: 0 | F48: -102.84 | G48: 0 | H48: -865.96 | I48: 0 | J48: -100.11 | K48: 0 | L48: -405.9 | M48: -308.52 | N48: 0 | O48: 0 | P48: 0 | Q48: 0 | R48: 0 | S48: 0 | T48: -1783.33 | W48: -102.84 | Y48: -865.96 | AA48: -100.11 | AC48: -405.9 | AD48: -308.52 | AE48: 0 | BC48: 0
A49: Weiterbildung APV | B49: 109901000046 | C49: -2148 | D49: 0 | E49: 0 | F49: -102.84 | G49: 0 | H49: -334.93 | I49: -594.21 | J49: -205.68 | K49: 0 | L49: -205.68 | M49: -36.2 | N49: -205.68 | O49: 0 | P49: -102.84 | Q49: -359.94 | R49: 0 | S49: 0 | T49: -2148 | W49: -102.84 | Y49: -334.93 | Z49: -594.21 | AA49: -205.68 | AC49: -205.68 | AD49: -36.2 | AE49: -205.68 | AG49: -102.84 | AH49: -359.94 | AJ49: 0 | BC49: 0
A50: Ertr Prüf RV §28q | B50: 109901000051 | D50: 0 | E50: 0 | F50: 0 | G50: 0 | H50: 0 | I50: 0 | J50: 0 | K50: 0 | L50: 0 | M50: 0 | N50: 0 | O50: 0 | P50: 0 | Q50: 0 | R50: 0 | S50: 0 | BC50: 0
A51: Verwaltungskostenerstattungen SGB II | B51: 0100F3K103 | C51: -6.3617718e+08 | D51: -54498.34 | E51: -320.85 | F51: -295436.27 | G51: -13720.14 | H51: -173117.6 | I51: -418063.08 | J51: -49747.54 | K51: -16191.2 | L51: -129345.01 | M51: -286981.97 | N51: -198829.41 | O51: -15461.78 | P51: -10586.04 | Q51: -109261.3 | R51: -8417.46 | S51: -194418.78 | T51: -1974396.8 | U51: -54498.34 | V51: -320.85 | W51: -295436.27 | X51: -13720.14 | Y51: -173117.6 | Z51: -418063.08 | AA51: -49747.54 | AB51: -16191.2 | AC51: -129345.01 | AD51: -286981.97 | AE51: -198829.41 | AF51: -15461.78 | AG51: -10586.04 | AH51: -109261.3 | AI51: -8417.46 | AJ51: -194418.78 | AK51: 0 | AV51: 0 | BA51: 0 | BB51: -6.3420278e+08 | BC51: -6.3420278e+08 | BD51: 0 | BE51: -1776159.7 | BF51: 0 | BH51: -458904.38 | BK51: 0 | BL51: 0 | BM51: 0 | BN51: 0 | BO51: 0 | BP51: -6.3196772e+08
A52: Erst. Vw.-kosten Kap. 6 vom Bund/Amtsh. | B52: 0100F3K1031 | C52: -5.1900903e+08 | D52: 0 | E52: 0 | F52: 0 | G52: 0 | H52: 0 | I52: 0 | J52: 0 | K52: 0 | L52: 0 | M52: 0 | N52: 0 | O52: 0 | P52: 0 | Q52: 0 | R52: 0 | S52: 0 | BB52: -5.1900903e+08 | BC52: -5.1900903e+08 | BD52: 0 | BP52: -5.1900903e+08
A53: BUT VkE Grusi Kap. 6 | B53: 123104000000 | C53: 0 | D53: 0 | E53: 0 | F53: 0 | G53: 0 | H53: 0 | I53: 0 | J53: 0 | K53: 0 | L53: 0 | M53: 0 | N53: 0 | O53: 0 | P53: 0 | Q53: 0 | R53: 0 | S53: 0 | BB53: 0 | BC53: 0 | BD53: 0
A54: VkE GruSi Kap 6 | B54: 123104000001 | C54: -5.1900903e+08 | D54: 0 | E54: 0 | F54: 0 | G54: 0 | H54: 0 | I54: 0 | J54: 0 | K54: 0 | L54: 0 | M54: 0 | N54: 0 | O54: 0 | P54: 0 | Q54: 0 | R54: 0 | S54: 0 | BB54: -5.1900903e+08 | BC54: -5.1900903e+08 | BP54: -5.1900903e+08
A55: Erst. Verw.-k. Kap. 5 vom Bund und zkT | B55: 0100F3K1032 | C55: -1.1716815e+08 | D55: -54498.34 | E55: -320.85 | F55: -295436.27 | G55: -13720.14 | H55: -173117.6 | I55: -418063.08 | J55: -49747.54 | K55: -16191.2 | L55: -129345.01 | M55: -286981.97 | N55: -198829.41 | O55: -15461.78 | P55: -10586.04 | Q55: -109261.3 | R55: -8417.46 | S55: -194418.78 | T55: -1974396.8 | U55: -54498.34 | V55: -320.85 | W55: -295436.27 | X55: -13720.14 | Y55: -173117.6 | Z55: -418063.08 | AA55: -49747.54 | AB55: -16191.2 | AC55: -129345.01 | AD55: -286981.97 | AE55: -198829.41 | AF55: -15461.78 | AG55: -10586.04 | AH55: -109261.3 | AI55: -8417.46 | AJ55: -194418.78 | AK55: 0 | AV55: 0 | BA55: 0 | BB55: -1.1519375e+08 | BC55: -1.1519375e+08 | BD55: 0 | BE55: -1776159.7 | BF55: 0 | BH55: -458904.38 | BK55: 0 | BL55: 0 | BM55: 0 | BN55: 0 | BO55: 0 | BP55: -1.1295869e+08
A56: Erst. Verw.-k. Kap. 5 vom Bund | B56: 0100F3K1032A | C56: -1.1702632e+08 | D56: -54498.34 | E56: -320.85 | F56: -295436.27 | G56: -13720.14 | H56: -173117.6 | I56: -418063.08 | J56: -49747.54 | K56: -16191.2 | L56: -129345.01 | M56: -286981.97 | N56: -198829.41 | O56: -15461.78 | P56: -10586.04 | Q56: -109261.3 | R56: -8417.46 | S56: -194418.78 | T56: -1974396.8 | U56: -54498.34 | V56: -320.85 | W56: -295436.27 | X56: -13720.14 | Y56: -173117.6 | Z56: -418063.08 | AA56: -49747.54 | AB56: -16191.2 | AC56: -129345.01 | AD56: -286981.97 | AE56: -198829.41 | AF56: -15461.78 | AG56: -10586.04 | AH56: -109261.3 | AI56: -8417.46 | AJ56: -194418.78 | AK56: 0 | AV56: 0 | BA56: 0 | BB56: -1.1505192e+08 | BC56: -1.1505192e+08 | BD56: 0 | BE56: -1776159.7 | BF56: 0 | BH56: -458904.38 | BK56: 0 | BL56: 0 | BM56: 0 | BN56: 0 | BO56: 0 | BP56: -1.1281686e+08
A57: BUT VkE Grusi Kap. 5 | B57: 123105000000 | C57: 0 | D57: 0 | E57: 0 | F57: 0 | G57: 0 | H57: 0 | I57: 0 | J57: 0 | K57: 0 | L57: 0 | M57: 0 | N57: 0 | O57: 0 | P57: 0 | Q57: 0 | R57: 0 | S57: 0 | BB57: 0 | BC57: 0 | BD57: 0
A58: VkE i.R.d. VKN | B58: 123105000001 | C58: -1.0828152e+08 | D58: 652 | E58: 0 | F58: -4173.82 | G58: 0 | H58: 0 | I58: 0 | J58: 0 | K58: 0 | L58: -4944.37 | M58: -66.94 | N58: 0 | O58: 1553.88 | P58: -2681.56 | Q58: 0 | R58: 0 | S58: 0 | T58: -9660.81 | U58: 652 | V58: 0 | W58: -4173.82 | Y58: 0 | Z58: 0 | AA58: 0 | AC58: -4944.37 | AD58: -66.94 | AE58: 0 | AF58: 1553.88 | AG58: -2681.56 | AH58: 0 | AJ58: 0 | AK58: 0 | AV58: 0 | BA58: 0 | BB58: -1.0827186e+08 | BC58: -1.0827186e+08 | BF58: 0 | BP58: -1.0827186e+08
A59: VkE IAB | B59: 123105000002 | C59: -1776159.7 | D59: 0 | E59: 0 | F59: 0 | G59: 0 | H59: 0 | I59: 0 | J59: 0 | K59: 0 | L59: 0 | M59: 0 | N59: 0 | O59: 0 | P59: 0 | Q59: 0 | R59: 0 | S59: 0 | BB59: -1776159.7 | BC59: -1776159.7 | BE59: -1776159.7
A60: VkE Statistik | B60: 123105000003 | C60: -4545000 | D60: 0 | E60: 0 | F60: 0 | G60: 0 | H60: 0 | I60: 0 | J60: 0 | K60: 0 | L60: 0 | M60: 0 | N60: 0 | O60: 0 | P60: 0 | Q60: 0 | R60: 0 | S60: 0 | BB60: -4545000 | BC60: -4545000 | BP60: -4545000
A61: VkE Bildungsmaßn.-SK | B61: 123105000004 | C61: -1475743 | D61: -33966.7 | E61: 0 | F61: -210983.95 | G61: 0 | H61: -56753.95 | I61: -11723.5 | J61: -36039.4 | K61: -11462.5 | L61: -88397.4 | M61: -172954.2 | N61: -151561.9 | O61: 0 | P61: -1581.6 | Q61: -55007 | R61: 0 | S61: -186406.5 | T61: -1016838.6 | U61: -33966.7 | V61: 0 | W61: -210983.95 | Y61: -56753.95 | Z61: -11723.5 | AA61: -36039.4 | AB61: -11462.5 | AC61: -88397.4 | AD61: -172954.2 | AE61: -151561.9 | AG61: -1581.6 | AH61: -55007 | AJ61: -186406.5 | BB61: -458904.38 | BC61: -458904.38 | BH61: -458904.38 | BK61: 0 | BL61: 0 | BM61: 0 | BN61: 0 | BO61: 0
A62: VkE PNK BGM | B62: 123105000081 | C62: -9328.5 | D62: 0 | E62: 0 | F62: -189.54 | G62: 0 | H62: -6259.11 | I62: 0 | J62: -2788.38 | K62: 0 | L62: -91.47 | M62: 0 | N62: 0 | O62: 0 | P62: 0 | Q62: 0 | R62: 0 | S62: 0 | T62: -9328.5 | W62: -189.54 | Y62: -6259.11 | AA62: -2788.38 | AC62: -91.47 | BC62: 0
A63: VkE PNK Fürsorge | B63: 123105000082 | D63: 0 | E63: 0 | F63: 0 | G63: 0 | H63: 0 | I63: 0 | J63: 0 | K63: 0 | L63: 0 | M63: 0 | N63: 0 | O63: 0 | P63: 0 | Q63: 0 | R63: 0 | S63: 0 | BC63: 0
A64: Einn. Einzelvereinbg | B64: 123105000101 | C64: -938568.86 | D64: -21183.64 | E64: -320.85 | F64: -80088.96 | G64: -13720.14 | H64: -110104.54 | I64: -406339.58 | J64: -10919.76 | K64: -4728.7 | L64: -35911.77 | M64: -113960.83 | N64: -47267.51 | O64: -17015.66 | P64: -6322.88 | Q64: -54254.3 | R64: -8417.46 | S64: -8012.28 | T64: -938568.86 | U64: -21183.64 | V64: -320.85 | W64: -80088.96 | X64: -13720.14 | Y64: -110104.54 | Z64: -406339.58 | AA64: -10919.76 | AB64: -4728.7 | AC64: -35911.77 | AD64: -113960.83 | AE64: -47267.51 | AF64: -17015.66 | AG64: -6322.88 | AH64: -54254.3 | AI64: -8417.46 | AJ64: -8012.28 | BC64: 0
A65: Erst. Verw.-k. Kap. 5 von zkT | B65: 0100F3K1032B | C65: -141834.62 | D65: 0 | E65: 0 | F65: 0 | G65: 0 | H65: 0 | I65: 0 | J65: 0 | K65: 0 | L65: 0 | M65: 0 | N65: 0 | O65: 0 | P65: 0 | Q65: 0 | R65: 0 | S65: 0 | BB65: -141834.62 | BC65: -141834.62 | BD65: 0 | BP65: -141834.62
A66: BUT VkE Auftrag zkT | B66: 123301000000 | C66: 0 | D66: 0 | E66: 0 | F66: 0 | G66: 0 | H66: 0 | I66: 0 | J66: 0 | K66: 0 | L66: 0 | M66: 0 | N66: 0 | O66: 0 | P66: 0 | Q66: 0 | R66: 0 | S66: 0 | BB66: 0 | BC66: 0 | BD66: 0
A67: VkE zkT Ausb.vermit. | B67: 123301000001 | C67: -72320.24 | D67: 0 | E67: 0 | F67: 0 | G67: 0 | H67: 0 | I67: 0 | J67: 0 | K67: 0 | L67: 0 | M67: 0 | N67: 0 | O67: 0 | P67: 0 | Q67: 0 | R67: 0 | S67: 0 | BB67: -72320.24 | BC67: -72320.24 | BP67: -72320.24
A68: VkE zkT Einkauf AMDL | B68: 123301000002 | C68: -8999.69 | D68: 0 | E68: 0 | F68: 0 | G68: 0 | H68: 0 | I68: 0 | J68: 0 | K68: 0 | L68: 0 | M68: 0 | N68: 0 | O68: 0 | P68: 0 | Q68: 0 | R68: 0 | S68: 0 | BB68: -8999.69 | BC68: -8999.69 | BP68: -8999.69
A69: VkE zkT Ärztl.Dienst | B69: 123301000003 | C69: -31473.77 | D69: 0 | E69: 0 | F69: 0 | G69: 0 | H69: 0 | I69: 0 | J69: 0 | K69: 0 | L69: 0 | M69: 0 | N69: 0 | O69: 0 | P69: 0 | Q69: 0 | R69: 0 | S69: 0 | BB69: -31473.77 | BC69: -31473.77 | BP69: -31473.77
A70: VkE zkT BerufspsychS | B70: 123301000004 | C70: -27253.64 | D70: 0 | E70: 0 | F70: 0 | G70: 0 | H70: 0 | I70: 0 | J70: 0 | K70: 0 | L70: 0 | M70: 0 | N70: 0 | O70: 0 | P70: 0 | Q70: 0 | R70: 0 | S70: 0 | BB70: -27253.64 | BC70: -27253.64 | BP70: -27253.64
A71: VkE zkT YouConnect | B71: 123301000006 | C71: -1787.28 | D71: 0 | E71: 0 | F71: 0 | G71: 0 | H71: 0 | I71: 0 | J71: 0 | K71: 0 | L71: 0 | M71: 0 | N71: 0 | O71: 0 | P71: 0 | Q71: 0 | R71: 0 | S71: 0 | BB71: -1787.28 | BC71: -1787.28 | BP71: -1787.28
A72: Winterbeschäftigungs-Umlage | B72: 0100F3K105 | C72: -90298647 | D72: -202348.28 | E72: -66408.41 | F72: -561987.24 | G72: -47892.04 | H72: -1232043.8 | I72: -84681091 | J72: -345674.06 | K72: -73758.63 | L72: -653124.06 | M72: -1057129.3 | N72: -181822.68 | O72: -305715.28 | P72: -177635 | Q72: -223214.68 | R72: -90995.7 | S72: -147618.96 | T72: -90048459 | U72: -202348.28 | V72: -66408.41 | W72: -561987.24 | X72: -47892.04 | Y72: -1232043.8 | Z72: -84681091 | AA72: -345674.06 | AB72: -73758.63 | AC72: -653124.06 | AD72: -1057129.3 | AE72: -181822.68 | AF72: -305715.28 | AG72: -177635 | AH72: -223214.68 | AI72: -90995.7 | AJ72: -147618.96 | BB72: -250188.75 | BC72: -249662.32 | BD72: 0 | BG72: 0 | BK72: -113.83 | BL72: 0 | BM72: -412.6 | BN72: 0 | BO72: 0 | BP72: -249662.32
A73: BUT WB-Umlage | B73: 109902000000 | C73: 0 | D73: 0 | E73: 0 | F73: 0 | G73: 0 | H73: 0 | I73: 0 | J73: 0 | K73: 0 | L73: 0 | M73: 0 | N73: 0 | O73: 0 | P73: 0 | Q73: 0 | R73: 0 | S73: 0 | BB73: 0 | BC73: 0 | BD73: 0
A74: Gerüstbau | B74: 109902000001 | C74: -2722330.9 | D74: 0 | E74: -380.51 | F74: 0 | G74: 0 | H74: -569 | I74: -2717572.5 | J74: 0 | K74: 0 | L74: 0 | M74: 0 | N74: 0 | O74: 0 | P74: 0 | Q74: 0 | R74: 0 | S74: 0 | T74: -2718522 | V74: -380.51 | Y74: -569 | Z74: -2717572.5 | AC74: 0 | AD74: 0 | AH74: 0 | BB74: -3808.97 | BC74: -3808.97 | BK74: 0 | BL74: 0 | BM74: 0 | BN74: 0 | BO74: 0 | BP74: -3808.97
A75: Bauhauptgewerbe | B75: 109902000002 | C75: -69190861 | D75: -161004.97 | E75: -60331 | F75: -479408.71 | G75: -41559 | H75: -1086569 | I75: -64139190 | J75: -321712.79 | K75: -63435.39 | L75: -620542.31 | M75: -1012273.3 | N75: -170133.17 | O75: -269011.53 | P75: -149221.26 | Q75: -176622.31 | R75: -69758.08 | S75: -138170.29 | T75: -68958943 | U75: -161004.97 | V75: -60331 | W75: -479408.71 | X75: -41559 | Y75: -1086569 | Z75: -64139190 | AA75: -321712.79 | AB75: -63435.39 | AC75: -620542.31 | AD75: -1012273.3 | AE75: -170133.17 | AF75: -269011.53 | AG75: -149221.26 | AH75: -176622.31 | AI75: -69758.08 | AJ75: -138170.29 | BB75: -231917.83 | BC75: -231391.4 | BK75: -113.83 | BL75: 0 | BM75: -412.6 | BN75: 0 | BO75: 0 | BP75: -231391.4
A76: Dachdeckerhandwerk | B76: 109902000003 | C76: -7798397.8 | D76: -25155.12 | E76: -3132.69 | F76: -45154.94 | G76: -5767.85 | H76: -96060.55 | I76: -7446739.4 | J76: -16243.57 | K76: -10083.7 | L76: -14555.06 | M76: -26930.02 | N76: -10427.16 | O76: -20944.12 | P76: -21644.21 | Q76: -24383.88 | R76: -19126.89 | S76: -3345.1 | T76: -7789694.3 | U76: -25155.12 | V76: -3132.69 | W76: -45154.94 | X76: -5767.85 | Y76: -96060.55 | Z76: -7446739.4 | AA76: -16243.57 | AB76: -10083.7 | AC76: -14555.06 | AD76: -26930.02 | AE76: -10427.16 | AF76: -20944.12 | AG76: -21644.21 | AH76: -24383.88 | AI76: -19126.89 | AJ76: -3345.1 | BB76: -8703.46 | BC76: -8703.46 | BG76: 0 | BK76: 0 | BL76: 0 | BM76: 0 | BN76: 0 | BO76: 0 | BP76: -8703.46
A77: GaLa-Bau | B77: 109902000004 | C77: -10587058 | D77: -16188.19 | E77: -2564.21 | F77: -37423.59 | G77: -565.19 | H77: -48845.19 | I77: -10377589 | J77: -7717.7 | K77: -239.54 | L77: -18026.69 | M77: -17925.93 | N77: -1262.35 | O77: -15759.63 | P77: -6769.53 | Q77: -22208.49 | R77: -2110.73 | S77: -6103.57 | T77: -10581300 | U77: -16188.19 | V77: -2564.21 | W77: -37423.59 | X77: -565.19 | Y77: -48845.19 | Z77: -10377589 | AA77: -7717.7 | AB77: -239.54 | AC77: -18026.69 | AD77: -17925.93 | AE77: -1262.35 | AF77: -15759.63 | AG77: -6769.53 | AH77: -22208.49 | AI77: -2110.73 | AJ77: -6103.57 | BB77: -5758.49 | BC77: -5758.49 | BK77: 0 | BL77: 0 | BN77: 0 | BO77: 0 | BP77: -5758.49
A78: Insolvenzgeld-Umlage | B78: 0100F3K106 | C78: -3.3150524e+08 | D78: 0 | E78: 0 | F78: 0 | G78: 0 | H78: 0 | I78: 0 | J78: 0 | K78: 0 | L78: 0 | M78: 0 | N78: 0 | O78: 0 | P78: 0 | Q78: 0 | R78: 0 | S78: 0 | BB78: -3.3150524e+08 | BC78: -3.3150524e+08 | BD78: 0 | BP78: -3.3150524e+08
A79: BUT InsG-Umlage | B79: 109903000000 | C79: 0 | D79: 0 | E79: 0 | F79: 0 | G79: 0 | H79: 0 | I79: 0 | J79: 0 | K79: 0 | L79: 0 | M79: 0 | N79: 0 | O79: 0 | P79: 0 | Q79: 0 | R79: 0 | S79: 0 | BB79: 0 | BC79: 0 | BD79: 0
A80: Insolvenzgeldumlage | B80: 109903000001 | C80: -3.3150524e+08 | D80: 0 | E80: 0 | F80: 0 | G80: 0 | H80: 0 | I80: 0 | J80: 0 | K80: 0 | L80: 0 | M80: 0 | N80: 0 | O80: 0 | P80: 0 | Q80: 0 | R80: 0 | S80: 0 | BB80: -3.3150524e+08 | BC80: -3.3150524e+08 | BP80: -3.3150524e+08
A81: Erstattungen und Verwaltungseinnahmen | B81: 0100F3K104 | C81: -1.6432303e+08 | D81: -1047582.4 | E81: -1815645.4 | F81: -1492643.3 | G81: -266498.2 | H81: -3206010.4 | I81: -468193.47 | J81: -622888.13 | K81: -290524.52 | L81: -2268577.7 | M81: -3196464.9 | N81: -1115210.4 | O81: -166836.41 | P81: -109263 | Q81: -2207452.2 | R81: -2128405.2 | S81: -465567.89 | T81: -20867706 | U81: -1047582.4 | V81: -1815645.4 | W81: -1492636.1 | X81: -266498.2 | Y81: -3206010.4 | Z81: -468193.47 | AA81: -622888.13 | AB81: -290524.52 | AC81: -2268527.7 | AD81: -3196464.9 | AE81: -1115210.4 | AF81: -166836.41 | AG81: -109263 | AH81: -2207452.2 | AI81: -2128405.2 | AJ81: -465567.89 | AK81: -57.22 | AL81: 0 | AN81: -7.22 | AR81: 0 | AT81: -50 | AW81: 0 | BB81: -1.4345527e+08 | BC81: -1.4257623e+08 | BD81: -5836995.5 | BE81: -199031.84 | BF81: -3289821.8 | BG81: 0 | BH81: -445.5 | BI81: -226201.25 | BJ81: -751209.23 | BK81: 14453.5 | BL81: -2909.58 | BM81: -8313.59 | BN81: -23655.74 | BO81: -858612.32 | BP81: -1.3227252e+08
A82: Verwaltungskostenerstattungen | B82: 0100F3K1044 | C82: -1.3175912e+08 | D82: -47172.88 | E82: -1558435.1 | F82: 0 | G82: 0 | H82: -0.08 | I82: -195588.68 | J82: 0 | K82: 0 | L82: 0 | M82: -1180344.9 | N82: 0 | O82: 0 | P82: 0 | Q82: -1692281.9 | R82: 0 | S82: 0 | T82: -4673823.6 | U82: -47172.88 | V82: -1558435.1 | Y82: -0.08 | Z82: -195588.68 | AC82: 0 | AD82: -1180344.9 | AH82: -1692281.9 | BB82: -1.270853e+08 | BC82: -1.2623529e+08 | BD82: 0 | BF82: 3792.38 | BK82: -10.72 | BL82: 0 | BM82: 0 | BN82: 0 | BO82: -850000 | BP82: -1.2623908e+08
A83: Verwaltungskostenerstattungen Bund | B83: 0100F3K10441 | C83: -1.2621606e+08 | D83: 0 | E83: 0 | F83: 0 | G83: 0 | H83: 0 | I83: 0 | J83: 0 | K83: 0 | L83: 0 | M83: 0 | N83: 0 | O83: 0 | P83: 0 | Q83: 0 | R83: 0 | S83: 0 | BB83: -1.2621606e+08 | BC83: -1.2621606e+08 | BD83: 0 | BF83: 3792.38 | BP83: -1.2621985e+08
A84: BUT VkE Bund | B84: 123101000000 | C84: 0 | D84: 0 | E84: 0 | F84: 0 | G84: 0 | H84: 0 | I84: 0 | J84: 0 | K84: 0 | L84: 0 | M84: 0 | N84: 0 | O84: 0 | P84: 0 | Q84: 0 | R84: 0 | S84: 0 | BB84: 0 | BC84: 0 | BD84: 0
A85: FVG und BKGG | B85: 123101000001 | C85: -126200000 | D85: 0 | E85: 0 | F85: 0 | G85: 0 | H85: 0 | I85: 0 | J85: 0 | K85: 0 | L85: 0 | M85: 0 | N85: 0 | O85: 0 | P85: 0 | Q85: 0 | R85: 0 | S85: 0 | BB85: -126200000 | BC85: -126200000 | BP85: -126200000
A86: ASG | B86: 123101000002 | D86: 0 | E86: 0 | F86: 0 | G86: 0 | H86: 0 | I86: 0 | J86: 0 | K86: 0 | L86: 0 | M86: 0 | N86: 0 | O86: 0 | P86: 0 | Q86: 0 | R86: 0 | S86: 0 | BC86: 0
A87: Sonstige VkE Bund | B87: 123101000003 | C87: 3792.38 | D87: 0 | E87: 0 | F87: 0 | G87: 0 | H87: 0 | I87: 0 | J87: 0 | K87: 0 | L87: 0 | M87: 0 | N87: 0 | O87: 0 | P87: 0 | Q87: 0 | R87: 0 | S87: 0 | BB87: 3792.38 | BC87: 3792.38 | BF87: 3792.38
A88: Epl. 06 (BAMF) | B88: 123101000004 | C88: -19847.54 | D88: 0 | E88: 0 | F88: 0 | G88: 0 | H88: 0 | I88: 0 | J88: 0 | K88: 0 | L88: 0 | M88: 0 | N88: 0 | O88: 0 | P88: 0 | Q88: 0 | R88: 0 | S88: 0 | BB88: -19847.54 | BC88: -19847.54 | BP88: -19847.54
A89: Weggefallene Finanzposition | B89: 0100F3K10441W | D89: 0 | E89: 0 | F89: 0 | G89: 0 | H89: 0 | I89: 0 | J89: 0 | K89: 0 | L89: 0 | M89: 0 | N89: 0 | O89: 0 | P89: 0 | Q89: 0 | R89: 0 | S89: 0 | BC89: 0
A90: Kindergrundsicherung | B90: 123101000006 | D90: 0 | E90: 0 | F90: 0 | G90: 0 | H90: 0 | I90: 0 | J90: 0 | K90: 0 | L90: 0 | M90: 0 | N90: 0 | O90: 0 | P90: 0 | Q90: 0 | R90: 0 | S90: 0 | BC90: 0
A91: Sonstige Verwaltungskostenerstattungen | B91: 0100F3K10443 | C91: -5543067.9 | D91: -47172.88 | E91: -1558435.1 | F91: 0 | G91: 0 | H91: -0.08 | I91: -195588.68 | J91: 0 | K91: 0 | L91: 0 | M91: -1180344.9 | N91: 0 | O91: 0 | P91: 0 | Q91: -1692281.9 | R91: 0 | S91: 0 | T91: -4673823.6 | U91: -47172.88 | V91: -1558435.1 | Y91: -0.08 | Z91: -195588.68 | AC91: 0 | AD91: -1180344.9 | AH91: -1692281.9 | BB91: -869244.26 | BC91: -19233.54 | BD91: 0 | BK91: -10.72 | BL91: 0 | BM91: 0 | BN91: 0 | BO91: -850000 | BP91: -19233.54
A92: BUT Sonstige VkE | B92: 126101000000 | C92: 0 | D92: 0 | E92: 0 | F92: 0 | G92: 0 | H92: 0 | I92: 0 | J92: 0 | K92: 0 | L92: 0 | M92: 0 | N92: 0 | O92: 0 | P92: 0 | Q92: 0 | R92: 0 | S92: 0 | BB92: 0 | BC92: 0 | BD92: 0
A93: Mehraufwend. WBU | B93: 126101000001 | C93: -19273.02 | D93: 0 | E93: 0 | F93: 0 | G93: 0 | H93: -0.08 | I93: -28.68 | J93: 0 | K93: 0 | L93: 0 | M93: 0 | N93: 0 | O93: 0 | P93: 0 | Q93: 0 | R93: 0 | S93: 0 | T93: -28.76 | Y93: -0.08 | Z93: -28.68 | AC93: 0 | AD93: 0 | AH93: 0 | BB93: -19244.26 | BC93: -19233.54 | BK93: -10.72 | BL93: 0 | BM93: 0 | BN93: 0 | BO93: 0 | BP93: -19233.54
A94: So. VkE, ohne Bund | B94: 126101000002 | D94: 0 | E94: 0 | F94: 0 | G94: 0 | H94: 0 | I94: 0 | J94: 0 | K94: 0 | L94: 0 | M94: 0 | N94: 0 | O94: 0 | P94: 0 | Q94: 0 | R94: 0 | S94: 0 | BC94: 0
A95: VkE Länder/Sonstige | B95: 126101000003 | C95: -67172.88 | D95: -47172.88 | E95: 0 | F95: 0 | G95: 0 | H95: 0 | I95: -20000 | J95: 0 | K95: 0 | L95: 0 | M95: 0 | N95: 0 | O95: 0 | P95: 0 | Q95: 0 | R95: 0 | S95: 0 | T95: -67172.88 | U95: -47172.88 | Z95: -20000 | BC95: 0
A96: Kofi Länder BerEb | B96: 126101000005 | C96: -5456622 | D96: 0 | E96: -1558435.1 | F96: 0 | G96: 0 | H96: 0 | I96: -175560 | J96: 0 | K96: 0 | L96: 0 | M96: -1180344.9 | N96: 0 | O96: 0 | P96: 0 | Q96: -1692281.9 | R96: 0 | S96: 0 | T96: -4606622 | V96: -1558435.1 | Z96: -175560 | AD96: -1180344.9 | AH96: -1692281.9 | BB96: -850000 | BC96: 0 | BO96: -850000
A97: Mittel aus der Ausgleichsabgabe | B97: 0100F3K1045 | C97: 0 | D97: 0 | E97: 0 | F97: 0 | G97: 0 | H97: 0 | I97: 0 | J97: 0 | K97: 0 | L97: 0 | M97: 0 | N97: 0 | O97: 0 | P97: 0 | Q97: 0 | R97: 0 | S97: 0 | BB97: 0 | BC97: 0 | BD97: 0
A98: BUT Ausgleichsfonds | B98: 123103000000 | C98: 0 | D98: 0 | E98: 0 | F98: 0 | G98: 0 | H98: 0 | I98: 0 | J98: 0 | K98: 0 | L98: 0 | M98: 0 | N98: 0 | O98: 0 | P98: 0 | Q98: 0 | R98: 0 | S98: 0 | BB98: 0 | BC98: 0 | BD98: 0
A99: Mittel SB-Förderung | B99: 123103000001 | D99: 0 | E99: 0 | F99: 0 | G99: 0 | H99: 0 | I99: 0 | J99: 0 | K99: 0 | L99: 0 | M99: 0 | N99: 0 | O99: 0 | P99: 0 | Q99: 0 | R99: 0 | S99: 0 | BC99: 0
A100: Zinsen / Erträge | B100: 0100F3K104611 | C100: -7621044 | D100: 0 | E100: 0 | F100: 0 | G100: 0 | H100: -10.33 | I100: 0 | J100: 0 | K100: 0 | L100: -163.97 | M100: 0 | N100: 0 | O100: 0 | P100: 0 | Q100: 0 | R100: 0 | S100: 0 | T100: -174.3 | Y100: -10.33 | AC100: -163.97 | BB100: -7620869.7 | BC100: -7619388.8 | BD100: -2296098.9 | BK100: -0.81 | BL100: -1334.44 | BM100: -114.97 | BO100: -30.66 | BP100: -5323290
A101: BUT Zinsen, Erträge | B101: 116201000000 | C101: 0 | D101: 0 | E101: 0 | F101: 0 | G101: 0 | H101: 0 | I101: 0 | J101: 0 | K101: 0 | L101: 0 | M101: 0 | N101: 0 | O101: 0 | P101: 0 | Q101: 0 | R101: 0 | S101: 0 | BB101: 0 | BC101: 0 | BD101: 0
A102: Zins.Darl.Inst.Förd. | B102: 116201000011 | C102: -480.19 | D102: 0 | E102: 0 | F102: 0 | G102: 0 | H102: -10.33 | I102: 0 | J102: 0 | K102: 0 | L102: -163.97 | M102: 0 | N102: 0 | O102: 0 | P102: 0 | Q102: 0 | R102: 0 | S102: 0 | T102: -174.3 | Y102: -10.33 | AC102: -163.97 | BB102: -305.89 | BC102: 0 | BL102: -160.26 | BM102: -114.97 | BO102: -30.66
A103: Darl. ABM | B103: 116201000013 | C103: -1174.18 | D103: 0 | E103: 0 | F103: 0 | G103: 0 | H103: 0 | I103: 0 | J103: 0 | K103: 0 | L103: 0 | M103: 0 | N103: 0 | O103: 0 | P103: 0 | Q103: 0 | R103: 0 | S103: 0 | BB103: -1174.18 | BC103: 0 | BL103: -1174.18
A104: Zins.Darl. Dienstr. | B104: 116201000014 | C104: -0.81 | D104: 0 | E104: 0 | F104: 0 | G104: 0 | H104: 0 | I104: 0 | J104: 0 | K104: 0 | L104: 0 | M104: 0 | N104: 0 | O104: 0 | P104: 0 | Q104: 0 | R104: 0 | S104: 0 | BB104: -0.81 | BC104: 0 | BK104: -0.81
A105: Zins.Darl. Whgsfürs. | B105: 116201000015 | C105: -0.39 | D105: 0 | E105: 0 | F105: 0 | G105: 0 | H105: 0 | I105: 0 | J105: 0 | K105: 0 | L105: 0 | M105: 0 | N105: 0 | O105: 0 | P105: 0 | Q105: 0 | R105: 0 | S105: 0 | BB105: -0.39 | BC105: -0.39 | BP105: -0.39
A106: Zinsen allg.Rücklage | B106: 116201000021 | C106: -106190.68 | D106: 0 | E106: 0 | F106: 0 | G106: 0 | H106: 0 | I106: 0 | J106: 0 | K106: 0 | L106: 0 | M106: 0 | N106: 0 | O106: 0 | P106: 0 | Q106: 0 | R106: 0 | S106: 0 | BB106: -106190.68 | BC106: -106190.68 | BP106: -106190.68
A107: Kursgewinne | B107: 116201000022 | D107: 0 | E107: 0 | F107: 0 | G107: 0 | H107: 0 | I107: 0 | J107: 0 | K107: 0 | L107: 0 | M107: 0 | N107: 0 | O107: 0 | P107: 0 | Q107: 0 | R107: 0 | S107: 0 | BC107: 0
A108: Zinsen InsG-Rücklage | B108: 116201000031 | C108: -3815457.2 | D108: 0 | E108: 0 | F108: 0 | G108: 0 | H108: 0 | I108: 0 | J108: 0 | K108: 0 | L108: 0 | M108: 0 | N108: 0 | O108: 0 | P108: 0 | Q108: 0 | R108: 0 | S108: 0 | BB108: -3815457.2 | BC108: -3815457.2 | BD108: -867223.33 | BP108: -2948233.9
A109: Zinsen Winterbau | B109: 116201000032 | C109: -3697740.5 | D109: 0 | E109: 0 | F109: 0 | G109: 0 | H109: 0 | I109: 0 | J109: 0 | K109: 0 | L109: 0 | M109: 0 | N109: 0 | O109: 0 | P109: 0 | Q109: 0 | R109: 0 | S109: 0 | BB109: -3697740.5 | BC109: -3697740.5 | BD109: -1428875.6 | BP109: -2268865
...

Sheet VMBL
A1: Finanzposition | B1: Finanzstelle | C1: FiStl Bundesländer (BL) | D1: Schleswig-Holstein | E1: Hamburg | F1: Niedersachsen | G1: Bremen | H1: Nordrhein-Westfalen | I1: Hessen | J1: Rheinland-Pfalz | K1: Saarland | L1: Baden-Württemberg | M1: Bayern | N1: Berlin | O1: Brandenburg | P1: Mecklenburg-Vorpommern | Q1: Sachsen | R1: Sachsen-Anhalt | S1: Thüringen | T1: Bundesländer (SGB III) | U1: Land Schleswig-Holstein (SGB III) | V1: Land Hamburg (SGB III) | W1: Land Niedersachsen (SGB III) | X1: Land Bremen (SGB III) | Y1: Land Nordrhein-Westfalen (SGB III) | Z1: Land Hessen (SGB III) | AA1: Land Rheinland-Pfalz (SGB III) | AB1: Land Saarland (SGB III) | AC1: Land Baden-Württemberg (SGB III) | AD1: Land Bayern (SGB III) | AE1: Land Berlin (SGB III) | AF1: Land Brandenburg (SGB III) | AG1: Land Mecklenburg-Vorpommern (SGB III) | AH1: Land Sachsen (SGB III) | AI1: Land Sachsen-Anhalt (SGB III) | AJ1: Land Thüringen (SGB III) | AK1: Bundesländer (SGB II) | AL1: Land Schleswig-Holstein (SGB II) | AM1: Land Hamburg (SGB II) | AN1: Land Niedersachsen (SGB II) | AO1: Land Bremen (SGB II) | AP1: Land Nordrhein-Westfalen (SGB II) | AQ1: Land Hessen (SGB II) | AR1: Land Rheinland-Pfalz (SGB II) | AS1: Land Saarland (SGB II) | AT1: Land Baden-Württemberg (SGB II) | AU1: Land Bayern (SGB II) | AV1: Land Berlin (SGB II) | AW1: Land Brandenburg (SGB II) | AX1: Land Mecklenburg-Vorpommern (SGB II) | AY1: Land Sachsen (SGB II) | AZ1: Land Sachsen-Anhalt (SGB II) | BA1: Land Thüringen (SGB II) | BB1: Bundesland-übergreifende DSt | BC1: besondere Dienststellen und Zentrale | BD1: Zentrale | BE1: besDSt - IAB | BF1: besDSt - ITSYS | BG1: besDSt - FamKa | BH1: besDSt - FBA | BI1: besDSt - HdBA | BJ1: besDSt - ZAV | BK1: RD Nord | BL1: RD Niedersachsen-Bremen | BM1: RD Rheinland-Pfalz-Saarland | BN1: RD Berlin-Brandenburg | BO1: RD Sachsen-Anhalt-Thüringen | BP1: BA-SH
A2: Haushalt der BA | B2: 0100F3GESAMT | C2: 8.8758039e+08 | D2: 1.3723806e+08 | E2: 1.2433643e+08 | F2: 3.6924085e+08 | G2: 47503825 | H2: 9.4243545e+08 | I2: 2.5562406e+08 | J2: 1.9054859e+08 | K2: 47317050 | L2: 5.296796e+08 | M2: 6.3471725e+08 | N2: 2.6083912e+08 | O2: 1.1819121e+08 | P2: 86107959 | Q2: 1.9000896e+08 | R2: 1.0253207e+08 | S2: 95048334 | T2: 3.8812882e+09 | U2: 1.2635538e+08 | V2: 1.1486464e+08 | W2: 3.4437324e+08 | X2: 42786282 | Y2: 8.8232935e+08 | Z2: 2.4592864e+08 | AA2: 1.7761934e+08 | AB2: 44675811 | AC2: 5.0980978e+08 | AD2: 6.1014986e+08 | AE2: 2.2997132e+08 | AF2: 1.1147677e+08 | AG2: 78475997 | AH2: 1.7941086e+08 | AI2: 95845191 | AJ2: 87215745 | AK2: 2.500806e+08 | AL2: 10882685 | AM2: 9471790.6 | AN2: 24867618 | AO2: 4717543.7 | AP2: 60106098 | AQ2: 9695420.4 | AR2: 12929246 | AS2: 2641238.8 | AT2: 19869817 | AU2: 24567385 | AV2: 30867793 | AW2: 6714431 | AX2: 7631962.5 | AY2: 10598108 | AZ2: 6686878.8 | BA2: 7832588.9 | BB2: -3.2437884e+09 | BC2: -3.2469607e+09 | BD2: 25879934 | BE2: 1854943 | BF2: 98789679 | BG2: 1629205.6 | BH2: 676750.59 | BI2: 1689423.9 | BJ2: 6364087.8 | BK2: 854638.49 | BL2: 1018873 | BM2: 733287.43 | BN2: 692054.28 | BO2: -126597.53 | BP2: -3.3838447e+09
A3: Bes. Finanzierungseinn. und -ausgaben | B3: 0100F3BESOND | C3: 0 | D3: 0 | E3: 0 | F3: 0 | G3: 0 | H3: 0 | I3: 0 | J3: 0 | K3: 0 | L3: 0 | M3: 0 | N3: 0 | O3: 0 | P3: 0 | Q3: 0 | R3: 0 | S3: 0 | BB3: 0 | BC3: 0 | BD3: 0
A4: Bundesdarlehen | B4: 0100F3BES02 | C4: 0 | D4: 0 | E4: 0 | F4: 0 | G4: 0 | H4: 0 | I4: 0 | J4: 0 | K4: 0 | L4: 0 | M4: 0 | N4: 0 | O4: 0 | P4: 0 | Q4: 0 | R4: 0 | S4: 0 | BB4: 0 | BC4: 0 | BD4: 0
A5: BUT Bundesdarlehen | B5: 131199000000 | C5: 0 | D5: 0 | E5: 0 | F5: 0 | G5: 0 | H5: 0 | I5: 0 | J5: 0 | K5: 0 | L5: 0 | M5: 0 | N5: 0 | O5: 0 | P5: 0 | Q5: 0 | R5: 0 | S5: 0 | BB5: 0 | BC5: 0 | BD5: 0
A6: Bundesdarlehen | B6: 131199000001 | D6: 0 | E6: 0 | F6: 0 | G6: 0 | H6: 0 | I6: 0 | J6: 0 | K6: 0 | L6: 0 | M6: 0 | N6: 0 | O6: 0 | P6: 0 | Q6: 0 | R6: 0 | S6: 0 | BC6: 0
A7: Entnahme aus Rücklage | B7: 0100F3BES03 | D7: 0 | E7: 0 | F7: 0 | G7: 0 | H7: 0 | I7: 0 | J7: 0 | K7: 0 | L7: 0 | M7: 0 | N7: 0 | O7: 0 | P7: 0 | Q7: 0 | R7: 0 | S7: 0 | BC7: 0
A8: BUT Entn. Rücklage | B8: 135901000000 | D8: 0 | E8: 0 | F8: 0 | G8: 0 | H8: 0 | I8: 0 | J8: 0 | K8: 0 | L8: 0 | M8: 0 | N8: 0 | O8: 0 | P8: 0 | Q8: 0 | R8: 0 | S8: 0 | BC8: 0
A9: Entnahme Rücklage | B9: 135901000001 | D9: 0 | E9: 0 | F9: 0 | G9: 0 | H9: 0 | I9: 0 | J9: 0 | K9: 0 | L9: 0 | M9: 0 | N9: 0 | O9: 0 | P9: 0 | Q9: 0 | R9: 0 | S9: 0 | BC9: 0
A10: Entnahme aus Eingl.-Rücklage | B10: 0100F3BES04 | D10: 0 | E10: 0 | F10: 0 | G10: 0 | H10: 0 | I10: 0 | J10: 0 | K10: 0 | L10: 0 | M10: 0 | N10: 0 | O10: 0 | P10: 0 | Q10: 0 | R10: 0 | S10: 0 | BC10: 0
A11: BUT Entn. Eingl.RL | B11: 135902000000 | D11: 0 | E11: 0 | F11: 0 | G11: 0 | H11: 0 | I11: 0 | J11: 0 | K11: 0 | L11: 0 | M11: 0 | N11: 0 | O11: 0 | P11: 0 | Q11: 0 | R11: 0 | S11: 0 | BC11: 0
A12: Entn Eingl.-RL | B12: 135902000001 | D12: 0 | E12: 0 | F12: 0 | G12: 0 | H12: 0 | I12: 0 | J12: 0 | K12: 0 | L12: 0 | M12: 0 | N12: 0 | O12: 0 | P12: 0 | Q12: 0 | R12: 0 | S12: 0 | BC12: 0
A13: Entnahme aus Insolvenzgeldrücklage | B13: 0100F3BES10 | D13: 0 | E13: 0 | F13: 0 | G13: 0 | H13: 0 | I13: 0 | J13: 0 | K13: 0 | L13: 0 | M13: 0 | N13: 0 | O13: 0 | P13: 0 | Q13: 0 | R13: 0 | S13: 0 | BC13: 0
A14: BUT Entn. InsG-RL | B14: 135903000000 | D14: 0 | E14: 0 | F14: 0 | G14: 0 | H14: 0 | I14: 0 | J14: 0 | K14: 0 | L14: 0 | M14: 0 | N14: 0 | O14: 0 | P14: 0 | Q14: 0 | R14: 0 | S14: 0 | BC14: 0
A15: Entnahme InsG-RL | B15: 135903000001 | D15: 0 | E15: 0 | F15: 0 | G15: 0 | H15: 0 | I15: 0 | J15: 0 | K15: 0 | L15: 0 | M15: 0 | N15: 0 | O15: 0 | P15: 0 | Q15: 0 | R15: 0 | S15: 0 | BC15: 0
A16: Entnahme aus Winterbesch.-Rücklage | B16: 0100F3BES11 | D16: 0 | E16: 0 | F16: 0 | G16: 0 | H16: 0 | I16: 0 | J16: 0 | K16: 0 | L16: 0 | M16: 0 | N16: 0 | O16: 0 | P16: 0 | Q16: 0 | R16: 0 | S16: 0 | BC16: 0
A17: BUT Entn. Winter-RL | B17: 135904000000 | D17: 0 | E17: 0 | F17: 0 | G17: 0 | H17: 0 | I17: 0 | J17: 0 | K17: 0 | L17: 0 | M17: 0 | N17: 0 | O17: 0 | P17: 0 | Q17: 0 | R17: 0 | S17: 0 | BC17: 0
... A27: Zuführung Eingl.-RL | B27: 191902000001 | D27: 0 | E27: 0 | F27: 0 | G27: 0 | H27: 0 | I27: 0 | J27: 0 | K27: 0 | L27: 0 | M27: 0 | N27: 0 | O27: 0 | P27: 0 | Q27: 0 | R27: 0 | S27: 0 | BC27: 0
A28: Zuführung an InsG-Rücklage | B28: 0100F3BES08 | C28: 0 | D28: 0 | E28: 0 | F28: 0 | G28: 0 | H28: 0 | I28: 0 | J28: 0 | K28: 0 | L28: 0 | M28: 0 | N28: 0 | O28: 0 | P28: 0 | Q28: 0 | R28: 0 | S28: 0 | BB28: 0 | BC28: 0 | BD28: 0
A29: BUT Zuf. InsG-RL | B29: 191903000000 | C29: 0 | D29: 0 | E29: 0 | F29: 0 | G29: 0 | H29: 0 | I29: 0 | J29: 0 | K29: 0 | L29: 0 | M29: 0 | N29: 0 | O29: 0 | P29: 0 | Q29: 0 | R29: 0 | S29: 0 | BB29: 0 | BC29: 0 | BD29: 0
A30: Zuführung InsG-RL | B30: 191903000001 | D30: 0 | E30: 0 | F30: 0 | G30: 0 | H30: 0 | I30: 0 | J30: 0 | K30: 0 | L30: 0 | M30: 0 | N30: 0 | O30: 0 | P30: 0 | Q30: 0 | R30: 0 | S30: 0 | BC30: 0
A31: Zuführung an WB-Rücklage | B31: 0100F3BES09 | C31: 0 | D31: 0 | E31: 0 | F31: 0 | G31: 0 | H31: 0 | I31: 0 | J31: 0 | K31: 0 | L31: 0 | M31: 0 | N31: 0 | O31: 0 | P31: 0 | Q31: 0 | R31: 0 | S31: 0 | BB31: 0 | BC31: 0 | BD31: 0
A32: BUT Zuf. WB-RL | B32: 191904000000 | C32: 0 | D32: 0 | E32: 0 | F32: 0 | G32: 0 | H32: 0 | I32: 0 | J32: 0 | K32: 0 | L32: 0 | M32: 0 | N32: 0 | O32: 0 | P32: 0 | Q32: 0 | R32: 0 | S32: 0 | BB32: 0 | BC32: 0 | BD32: 0
A33: Zuführung WB-RL | B33: 191904000001 | D33: 0 | E33: 0 | F33: 0 | G33: 0 | H33: 0 | I33: 0 | J33: 0 | K33: 0 | L33: 0 | M33: 0 | N33: 0 | O33: 0 | P33: 0 | Q33: 0 | R33: 0 | S33: 0 | BC33: 0
A34: Saldo BA-Haushalt | B34: 0100F3SALDO | C34: 8.8758039e+08 | D34: 1.3723806e+08 | E34: 1.2433643e+08 | F34: 3.6924085e+08 | G34: 47503825 | H34: 9.4243545e+08 | I34: 2.5562406e+08 | J34: 1.9054859e+08 | K34: 47317050 | L34: 5.296796e+08 | M34: 6.3471725e+08 | N34: 2.6083912e+08 | O34: 1.1819121e+08 | P34: 86107959 | Q34: 1.9000896e+08 | R34: 1.0253207e+08 | S34: 95048334 | T34: 3.8812882e+09 | U34: 1.2635538e+08 | V34: 1.1486464e+08 | W34: 3.4437324e+08 | X34: 42786282 | Y34: 8.8232935e+08 | Z34: 2.4592864e+08 | AA34: 1.7761934e+08 | AB34: 44675811 | AC34: 5.0980978e+08 | AD34: 6.1014986e+08 | AE34: 2.2997132e+08 | AF34: 1.1147677e+08 | AG34: 78475997 | AH34: 1.7941086e+08 | AI34: 95845191 | AJ34: 87215745 | AK34: 2.500806e+08 | AL34: 10882685 | AM34: 9471790.6 | AN34: 24867618 | AO34: 4717543.7 | AP34: 60106098 | AQ34: 9695420.4 | AR34: 12929246 | AS34: 2641238.8 | AT34: 19869817 | AU34: 24567385 | AV34: 30867793 | AW34: 6714431 | AX34: 7631962.5 | AY34: 10598108 | AZ34: 6686878.8 | BA34: 7832588.9 | BB34: -3.2437884e+09 | BC34: -3.2469607e+09 | BD34: 25879934 | BE34: 1854943 | BF34: 98789679 | BG34: 1629205.6 | BH34: 676750.59 | BI34: 1689423.9 | BJ34: 6364087.8 | BK34: 854638.49 | BL34: 1018873 | BM34: 733287.43 | BN34: 692054.28 | BO34: -126597.53 | BP34: -3.3838447e+09
A35: Einnahmen | B35: 0100F3EINN | C35: -3.8309524e+09 | D35: -715039.21 | E35: -367544.86 | F35: -1478960.5 | G35: -250441.48 | H35: -3138871.5 | I35: -35004230 | J35: -654441.26 | K35: -210841.11 | L35: -1574386.5 | M35: -2374340.1 | N35: -1078333.8 | O35: -337336.5 | P35: -244915.29 | Q35: -737516.08 | R35: -1190762.2 | S35: -535340.38 | T35: -49893272 | U35: -715039.21 | V35: -367544.86 | W35: -1478956.9 | X35: -250441.48 | Y35: -3138871.5 | Z35: -35004230 | AA35: -654441.26 | AB35: -210841.11 | AC35: -1574361.5 | AD35: -2374340.1 | AE35: -1078333.8 | AF35: -337336.5 | AG35: -244915.29 | AH35: -737516.08 | AI35: -1190762.2 | AJ35: -535340.38 | AK35: -28.61 | AL35: 0 | AN35: -3.61 | AR35: 0 | AT35: -25 | AV35: 0 | AW35: 0 | BA35: 0 | BB35: -3.7810591e+09 | BC35: -3.780184e+09 | BD35: -2986098.9 | BE35: -1066225.6 | BF35: -2820528.1 | BG35: 0 | BH35: -243906.39 | BI35: -235490.92 | BJ35: -366371.99 | BK35: 15283.11 | BL35: -2517.26 | BM35: -7940 | BN35: -22744.07 | BO35: -857191.07 | BP35: -3.7724654e+09
A36: Beiträge | B36: 0100F3K101 | C36: -3.247823e+09 | D36: -147476.73 | E36: -228650.44 | F36: -518687.93 | G36: -46593.64 | H36: -1154060.1 | I36: -368431.53 | J36: -211831.55 | K36: -46327.07 | L36: -606882.25 | M36: -1002046.4 | N36: -427789.57 | O36: -227232.56 | P36: -154182.05 | Q36: -431455.47 | R36: -161929.28 | S36: -169642.44 | T36: -5903219 | U36: -147476.73 | V36: -228650.44 | W36: -518687.93 | X36: -46593.64 | Y36: -1154060.1 | Z36: -368431.53 | AA36: -211831.55 | AB36: -46327.07 | AC36: -606882.25 | AD36: -1002046.4 | AE36: -427789.57 | AF36: -227232.56 | AG36: -154182.05 | AH36: -431455.47 | AI36: -161929.28 | AJ36: -169642.44 | BB36: -3.2419198e+09 | BC36: -3.2419198e+09 | BD36: 0 | BP36: -3.2419198e+09
A37: BUT Beiträge | B37: 109901000000 | C37: 0 | D37: 0 | E37: 0 | F37: 0 | G37: 0 | H37: 0 | I37: 0 | J37: 0 | K37: 0 | L37: 0 | M37: 0 | N37: 0 | O37: 0 | P37: 0 | Q37: 0 | R37: 0 | S37: 0 | BB37: 0 | BC37: 0 | BD37: 0
A38: Krankenkassen | B38: 109901000011 | C38: -3.1686618e+09 | D38: 0 | E38: 0 | F38: 0 | G38: 0 | H38: 0 | I38: 0 | J38: 0 | K38: 0 | L38: 0 | M38: 0 | N38: 0 | O38: 0 | P38: 0 | Q38: 0 | R38: 0 | S38: 0 | T38: 0 | Y38: 0 | AD38: 0 | AH38: 0 | BB38: -3.1686618e+09 | BC38: -3.1686618e+09 | BP38: -3.1686618e+09
A39: Beitragserstattungen | B39: 109901000018 | C39: 33299.86 | D39: 0 | E39: 15728.96 | F39: 0 | G39: 0 | H39: 759.96 | I39: 0 | J39: 0 | K39: 0 | L39: 13086.48 | M39: 1535.64 | N39: 0 | O39: 0 | P39: 0 | Q39: 0 | R39: 1211.86 | S39: 976.96 | T39: 33299.86 | V39: 15728.96 | Y39: 759.96 | AC39: 13086.48 | AD39: 1535.64 | AE39: 0 | AF39: 0 | AG39: 0 | AH39: 0 | AI39: 1211.86 | AJ39: 976.96 | BC39: 0
A40: Arbeitnehmer BA | B40: 109901000019 | C40: -12610784 | D40: 0 | E40: 0 | F40: 0 | G40: 0 | H40: 0 | I40: 0 | J40: 0 | K40: 0 | L40: 0 | M40: 0 | N40: 0 | O40: 0 | P40: 0 | Q40: 0 | R40: 0 | S40: 0 | BB40: -12610784 | BC40: -12610784 | BP40: -12610784
A41: Pflegepers. Pflegek. | B41: 109901000021 | C41: -2321573.3 | D41: 0 | E41: 0 | F41: 0 | G41: 0 | H41: 0 | I41: 0 | J41: 0 | K41: 0 | L41: 0 | M41: 0 | N41: 0 | O41: 0 | P41: 0 | Q41: 0 | R41: 0 | S41: 0 | BB41: -2321573.3 | BC41: -2321573.3 | BP41: -2321573.3
A42: Gefangene | B42: 109901000024 | C42: -59659.66 | D42: 0 | E42: 0 | F42: 0 | G42: 0 | H42: 0 | I42: 0 | J42: 0 | K42: 0 | L42: 0 | M42: 0 | N42: 0 | O42: 0 | P42: 0 | Q42: 0 | R42: 0 | S42: 0 | BB42: -59659.66 | BC42: -59659.66 | BP42: -59659.66
A43: Wehr/Zivildienstl. | B43: 109901000025 | D43: 0 | E43: 0 | F43: 0 | G43: 0 | H43: 0 | I43: 0 | J43: 0 | K43: 0 | L43: 0 | M43: 0 | N43: 0 | O43: 0 | P43: 0 | Q43: 0 | R43: 0 | S43: 0 | BC43: 0
A44: Entgelters. EM-Rente | B44: 109901000026 | C44: -58265976 | D44: 0 | E44: 0 | F44: 0 | G44: 0 | H44: 0 | I44: 0 | J44: 0 | K44: 0 | L44: 0 | M44: 0 | N44: 0 | O44: 0 | P44: 0 | Q44: 0 | R44: 0 | S44: 0 | BB44: -58265976 | BC44: -58265976 | BP44: -58265976
A45: Selbstst. APV | B45: 109901000042 | C45: -5397497 | D45: -137879.23 | E45: -233624.32 | F45: -438318.62 | G45: -42480.44 | H45: -1080255.2 | I45: -319789.17 | J45: -196404.78 | K45: -44600.62 | L45: -541980.37 | M45: -843816.33 | N45: -400503.14 | O45: -225078.59 | P45: -151894.94 | Q45: -416197.21 | R45: -157442.57 | S45: -167231.47 | T45: -5397497 | U45: -137879.23 | V45: -233624.32 | W45: -438318.62 | X45: -42480.44 | Y45: -1080255.2 | Z45: -319789.17 | AA45: -196404.78 | AB45: -44600.62 | AC45: -541980.37 | AD45: -843816.33 | AE45: -400503.14 | AF45: -225078.59 | AG45: -151894.94 | AH45: -416197.21 | AI45: -157442.57 | AJ45: -167231.47 | BC45: 0
A46: Auslandsb. APV | B46: 109901000043 | C46: -540617.74 | D46: -9597.5 | E46: -11800.88 | F46: -81888.72 | G46: -4113.2 | H46: -73823.94 | I46: -48251.1 | J46: -15275.24 | K46: -3063.76 | L46: -77682.57 | M46: -159408.5 | N46: -27183.59 | O46: -2153.97 | P46: -2235.69 | Q46: -15052.58 | R46: -5698.57 | S46: -3387.93 | T46: -540617.74 | U46: -9597.5 | V46: -11800.88 | W46: -81888.72 | X46: -4113.2 | Y46: -73823.94 | Z46: -48251.1 | AA46: -15275.24 | AB46: -3063.76 | AC46: -77682.57 | AD46: -159408.5 | AE46: -27183.59 | AF46: -2153.97 | AG46: -2235.69 | AH46: -15052.58 | AI46: -5698.57 | AJ46: -3387.93 | BC46: 0
A47: Erst. APV Vers. | B47: 109901000044 | C47: 4005.36 | D47: 0 | E47: 1045.8 | F47: 1622.25 | G47: 0 | H47: 0 | I47: 0 | J47: 0 | K47: 1337.31 | L47: 0 | M47: 0 | N47: 0 | O47: 0 | P47: 0 | Q47: 0 | R47: 0 | S47: 0 | T47: 4005.36 | V47: 1045.8 | W47: 1622.25 | AB47: 1337.31 | BC47: 0
A48: Elternzeit APV | B48: 109901000045 | C48: -1066.18 | D48: 0 | E48: 0 | F48: -51.42 | G48: 0 | H48: -608.86 | I48: 0 | J48: -48.69 | K48: 0 | L48: -202.95 | M48: -154.26 | N48: 0 | O48: 0 | P48: 0 | Q48: 0 | R48: 0 | S48: 0 | T48: -1066.18 | W48: -51.42 | Y48: -608.86 | AA48: -48.69 | AC48: -202.95 | AD48: -154.26 | AE48: 0 | BC48: 0
A49: Weiterbildung APV | B49: 109901000046 | C49: -1343.23 | D49: 0 | E49: 0 | F49: -51.42 | G49: 0 | H49: -131.98 | I49: -391.26 | J49: -102.84 | K49: 0 | L49: -102.84 | M49: -202.95 | N49: -102.84 | O49: 0 | P49: -51.42 | Q49: -205.68 | R49: 0 | S49: 0 | T49: -1343.23 | W49: -51.42 | Y49: -131.98 | Z49: -391.26 | AA49: -102.84 | AC49: -102.84 | AD49: -202.95 | AE49: -102.84 | AG49: -51.42 | AH49: -205.68 | BC49: 0
A50: Ertr Prüf RV §28q | B50: 109901000051 | D50: 0 | E50: 0 | F50: 0 | G50: 0 | H50: 0 | I50: 0 | J50: 0 | K50: 0 | L50: 0 | M50: 0 | N50: 0 | O50: 0 | P50: 0 | Q50: 0 | R50: 0 | S50: 0 | BC50: 0
